Workbook

Sheet Смета по ФЕР 421пр (12 гр.
A1: =Source!B1 -> Smeta.RU (495) 974-1589
B3: "СОГЛАСОВАНО" | H3: "УТВЕРЖДАЮ"
B6: =CONCATENATE("______________________ ", IF(Source!AL12<>"", Source!AL12, "")) -> ______________________ | H6: =CONCATENATE("______________________ ", IF(Source!AH12<>"", Source!AH12, "")) -> ______________________
B7: "_____"________________ 2021 г. | H7: "_____"________________ 2021 г.
A10: Наименование редакции сметных нормативов: ГОСУДАРСТВЕННЫЕ СМЕТНЫЕ НОРМАТИВЫ (ГЭСН, ФЕР) 2020, утвержденные приказами Минстроя России от 26 декабря 2019 г. № 871/пр., № 872/пр., № 873/пр., № 874/пр., № 875/пр., № 876/пр. с изменениями, утвержденными приказами Минстроя России от 30 марта 2020 г. № 171/пр., № 172/пр., от 01 июня 2020 г. № 294/пр., № 295/пр., от 30 июня 2020 г. № 352/пр., № 353/пр., от 20 октября 2020 г. № 635/пр., № 636/пр. ") | CE10: Наименование редакции сметных нормативов: ГОСУДАРСТВЕННЫЕ СМЕТНЫЕ НОРМАТИВЫ (ГЭСН, ФЕР) 2020, утвержденные приказами Минстроя России от 26 декабря 2019 г. № 871/пр., № 872/пр., № 873/пр., № 874/пр., № 875/пр., № 876/пр. с изменениями, утвержденными приказами Минстроя России от 30 марта 2020 г. № 171/пр., № 172/пр., от 01 июня 2020 г. № 294/пр., № 295/пр., от 30 июня 2020 г. № 352/пр., № 353/пр., от 20 октября 2020 г. № 635/пр., № 636/пр. ")
A12: Наименование программного продукта: Программа для ЭВМ «Программа: «SmetaRu» версия 11»
B16: (наименование стройки)
B18: =IF(Source!G12<>"Новый объект", Source!G12, "") -> И 3 Выявленный объект культурного наследия "Здание рабочей казармы Берговской мануфактуры, 1908г", по адресу: г.Тверь, ул.Спартака, д.45, корп.1_(Копия) | CC18: =IF(Source!G12<>"Новый объект", Source!G12, "") -> И 3 Выявленный объект культурного наследия "Здание рабочей казармы Берговской мануфактуры, 1908г", по адресу: г.Тверь, ул.Спартака, д.45, корп.1_(Копия)
B19: (наименование объекта капитального строительства)
B21: =CONCATENATE( "ЛОКАЛЬНАЯ СМЕТА № ", Source!F20, " ",Source!CM20) -> ЛОКАЛЬНАЯ СМЕТА № Новая локальная смета
B23: =IF(Source!G20<>"Новая локальная смета", Source!G20, "") -> Выявленный объект культурного наследия "Здание рабочей казармы Берговской мануфактуры, 1908г", по адресу: г.Тверь, ул.Спартака, д.45, корп.1 | CC23: =IF(Source!G20<>"Новая локальная смета", Source!G20, "") -> Выявленный объект культурного наследия "Здание рабочей казармы Берговской мануфактуры, 1908г", по адресу: г.Тверь, ул.Спартака, д.45, корп.1
B24: (наименование конструктивного решения)
A27: Составлен | C27: Базисно-индексный | D27: метод
A29: Основание
C30: (проектная и (или) иная техническая документация)
A32: Составлена в ценах II квартал 2021 года (1.01.2000)
A34: Сметная стоимость | C34: =C37+C38+C39+C40 -> 12434.61 | D34: =ROUND((SUM(O47:O1682))/1000, 2) -> 1441.99 | F34: тыс. руб.
G35: Средства на оплату труда
B36: в том числе: | G36: рабочих | I36: =(SUM(U47:U1682))/1000 -> 1792.859 | J36: =ROUND((SUM(Q47:Q1682))/1000, 2) -> 74.02 | K36: тыс. руб.
B37: строительных работ | C37: =(ROUND(SUM(AO47:AO1682)*Source!D414, 0)+ROUND(SUM(AP47:AP1682)*Source!E414, 0)+ROUND(SUM(AQ47:AQ1682)*Source!G414, 0)+ROUND(SUM(AR47:AR1682)*Source!L414, 0)+SUM(AS47:AS1682)+SUM(AT47:AT1682))/1000 -> 12222.588 | D37: =ROUND((SUM(AN47:AN1682)+SUM(AR47:AR1682))/1000, 2) -> 1423.96 | F37: тыс. руб. | G37: Нормативные затраты труда рабочих | J37: =Source!F346 -> 8541.0683 | K37: чел.-ч.
B38: монтажных работ | C38: =(ROUND(SUM(AY47:AY1682)*Source!D414, 0)+ROUND(SUM(AZ47:AZ1682)*Source!E414, 0)+ROUND(SUM(BA47:BA1682)*Source!G414, 0)+ROUND(SUM(BB47:BB1682)*Source!L414, 0)+SUM(BC47:BC1682)+SUM(BD47:BD1682))/1000 -> 212.022 | D38: =ROUND((SUM(AX47:AX1682)+SUM(BB47:BB1682))/1000, 2) -> 18.03 | F38: тыс. руб. | G38: Нормативные затраты труда машинистов | J38: =Source!F347 -> 286.20145 | K38: чел.-ч.
B39: оборудования | C39: =(ROUND(SUM(BH47:BH1682)*Source!H414, 0)+ROUND(SUM(BI47:BI1682)*Source!L414, 0))/1000 -> 0 | D39: =ROUND((SUM(BH47:BH1682)+SUM(BI47:BI1682))/1000, 2) -> 0 | F39: тыс. руб. | G39: Расчетный измеритель
B40: прочих затрат | C40: =(ROUND(SUM(BM47:BM1682)*Source!I414, 0)+SUM(BU47:BU1682)+ROUND(SUM(BO47:BO1682)*Source!H414, 0)+ROUND(SUM(BP47:BP1682)*Source!L414, 0))/1000 -> 0 | D40: =ROUND((SUM(BM47:BM1682)+SUM(BN47:BN1682)+SUM(BO47:BO1682)+SUM(BP47:BP1682))/1000, 2) -> 0 | F40: тыс. руб. | G40: конструктивного решения | I40: =Source!I20 -> 0 | J40: =Source!H20
A42: № п/п | B42: Обоснование | C42: Наименование работ и затрат | D42: Единица измерения | E42: Количество | H42: Сметная стоимость в базисном уровне цен (в текущем уровне цен (гр.8) для ресурсов, отсутствующих в СНБ), руб. | K42: Индексы | L42: Сметная стоимость в текущем уровне цен, руб.
E45: на единицу | F45: коэффициенты | G45: всего с учетом коэффициентов | H45: на единицу | I45: коэффициенты | J45: всего
A46: 1 | B46: 2 | C46: 3 | D46: 4 | E46: 5 | F46: 6 | G46: 7 | H46: 8 | I46: 9 | J46: 10 | K46: 11 | L46: 12
A48: Раздел: Демонтажные работы. Ремонт фасада
A49: =Source!E28 -> 1 | B49: =Source!F28 -> 10-01-027-4 | C49: Демонтаж в жилых и общественных зданиях блоков оконных с переплетами раздельными (раздельно-спаренными) в стенах каменных площадью проема более 2 м2 Поправки к: М *0; ЭМ *0,8*1,15; ОТм *0,8*1,15; ОТ *0,8*1,15; ЗТ *0,8*1,15; ЗТм *0,8*1,15; НР *0,9; СП *0,85 | D49: =Source!H28 -> 100 м2 проемов | E49: =Source!K28 -> 0.3833 | G49: =Source!I28 -> 0.3833 | AC49: =Source!X28 -> 561.48 | AD49: =Source!HK28 -> 13599 | AE49: =Source!Y28 -> 270.05 | AF49: =Source!HL28 -> 6541 | AS49: =IF(Source!BI28<=1,AD49, 0) -> 13599 | AT49: =IF(Source!BI28<=1,AF49, 0) -> 6541 | BC49: =IF(Source!BI28=2,AD49, 0) -> 0 | BD49: =IF(Source!BI28=2,AF49, 0) -> 0
C51: ="Объем: "&Source!K28&"=(38,33)/"&"100" -> Объем: 0,3833=(38,33)/100
B52: 1 | C52: ОТ | H52: =Source!AO28 -> 1559.52 | I52: =ROUND(0.8*1.15,7) -> 0.92 | J52: =ROUND(Source!AF28*Source!I28, 2) -> 549.94 | K52: =IF(Source!BA28<> 0, Source!BA28, 1) -> 24.22 | L52: =Source!HJ28 -> 13320
B53: 3 | C53: ЭМ | H53: =Source!AM28 -> 886.75 | I53: =ROUND(0.8*1.15,7) -> 0.92 | J53: =ROUND(Source!AD28*Source!I28, 2) -> 312.7
B54: 2 | C54: в т.ч. ОТм | H54: =Source!AN28 -> 78.57 | I54: =ROUND(0.8*1.15,7) -> 0.92 | J54: =ROUND(Source!AE28*Source!I28, 2) -> 27.71 | K54: =IF(Source!BS28<> 0, Source!BS28, 1) -> 24.22 | L54: =Source!HI28 -> 671
C55: ЗТ | D55: чел-ч | E55: =Source!AQ28 -> 182.4 | F55: =ROUND(0.8*1.15,7) -> 0.92 | G55: =ROUND(Source!U28, 7) -> 64.320806
C56: ЗТм | D56: чел-ч | E56: =Source!AR28 -> 6.03 | F56: =ROUND(0.8*1.15,7) -> 0.92 | G56: =ROUND(Source!V28, 7) -> 2.1263951
C57: Итого по расценке | H57: =H52+H53 -> 2446.27 | J57: =J52+J53 -> 862.64
C58: ФОТ | J58: =SUM(Q49:Q61)+SUM(V49:V61) -> 577.65 | L58: =SUM(U49:U61)+SUM(W49:W61) -> 13991
B59: Пр812-1-010-3 | C59: НР Деревянные конструкции | D59: % | E59: =Source!BZ28 -> 108 | F59: =ROUND(0.9,7) -> 0.9 | G59: =Source!AT28 -> 97.2 | J59: =SUM(AC49:AC61) -> 561.48 | L59: =SUM(AD49:AD61) -> 13599
B60: Пр774-1-010-3 | C60: СП Деревянные конструкции | D60: % | E60: =Source!CA28 -> 55 | F60: =ROUND(0.85,7) -> 0.85 | G60: =Source!AU28 -> 46.75 | J60: =SUM(AE49:AE61) -> 270.05 | L60: =SUM(AF49:AF61) -> 6541
C61: Всего по позиции | I61: =J52+J53+J59+J60 -> 1694.17 | O61: =I61 -> 1694.17 | P61: =K61 -> 0 | Q61: =J52 -> 549.94 | R61: =J52 -> 549.94 | U61: =L52 -> 13320 | V61: =J54 -> 27.71 | W61: =L54 -> 671 | X61: =J53 -> 312.7 | Z61: =L53 -> 0 | AB61: =0 -> 0 | AN61: =IF(Source!BI28<=1,J52+J53+J59+J60, 0) -> 1694.17 | AO61: =IF(Source!BI28<=1,0, 0) -> 0 | AP61: =IF(Source!BI28<=1,J53, 0) -> 312.7 | AQ61: =IF(Source!BI28<=1,J52, 0) -> 549.94 | AX61: =IF(Source!BI28=2,J52+J53+J59+J60, 0) -> 0 | AY61: =IF(Source!BI28=2,0, 0) -> 0 | AZ61: =IF(Source!BI28=2,J53, 0) -> 0 | BA61: =IF(Source!BI28=2,J52, 0) -> 0
A62: =Source!E29 -> 2 | B62: =Source!F29 -> 58-3-1 | C62: Разборка мелких покрытий и обделок из листовой стали поясков, сандриков, желобов, отливов, свесов и т.п. Поправки к: ЭМ *1,15; ОТм *1,15; ОТ *1,15; ЗТ *1,15; ЗТм *1,15 | D62: =Source!H29 -> 100 м труб и покрытий | E62: =Source!K29 -> 0.048 | G62: =Source!I29 -> 0.048 | AC62: =Source!X29 -> 3.4 | AD62: =Source!HK29 -> 83 | AE62: =Source!Y29 -> 1.74 | AF62: =Source!HL29 -> 42 | AS62: =IF(Source!BI29<=1,AD62, 0) -> 83 | AT62: =IF(Source!BI29<=1,AF62, 0) -> 42 | BC62: =IF(Source!BI29=2,AD62, 0) -> 0 | BD62: =IF(Source!BI29=2,AF62, 0) -> 0
C64: ="Объем: "&Source!K29&"=4,8/"&"100" -> Объем: 0,048=4,8/100
B65: 1 | C65: ОТ | H65: =Source!AO29 -> 68.52 | I65: =ROUND(1.15,7) -> 1.15 | J65: =ROUND(Source!AF29*Source!I29, 2) -> 3.78 | K65: =IF(Source!BA29<> 0, Source!BA29, 1) -> 24.22 | L65: =Source!HJ29 -> 92
B66: 3 | C66: ЭМ | H66: =Source!AM29 -> 0.2 | I66: =ROUND(1.15,7) -> 1.15 | J66: =ROUND(Source!AD29*Source!I29, 2) -> 0.01
C67: ЗТ | D67: чел-ч | E67: =Source!AQ29 -> 9.1 | F67: =ROUND(1.15,7) -> 1.15 | G67: =ROUND(Source!U29, 7) -> 0.50232
C68: Итого по расценке | H68: =H65+H66 -> 68.72 | J68: =J65+J66 -> 3.79
C69: ФОТ | J69: =SUM(Q62:Q72)+SUM(V62:V72) -> 3.78 | L69: =SUM(U62:U72)+SUM(W62:W72) -> 92
B70: Пр812-4-092-3 | C70: НР Крыши, кровля | D70: % | E70: =Source!BZ29 -> 90 | G70: =Source!AT29 -> 90 | J70: =SUM(AC62:AC72) -> 3.4 | L70: =SUM(AD62:AD72) -> 83
B71: Пр774-4-092-3 | C71: СП Крыши, кровля | D71: % | E71: =Source!CA29 -> 46 | G71: =Source!AU29 -> 46 | J71: =SUM(AE62:AE72) -> 1.74 | L71: =SUM(AF62:AF72) -> 42
C72: Всего по позиции | I72: =J65+J66+J70+J71 -> 8.93 | O72: =I72 -> 8.93 | P72: =K72 -> 0 | Q72: =J65 -> 3.78 | R72: =J65 -> 3.78 | U72: =L65 -> 92 | V72: =0 -> 0 | W72: =0 -> 0 | X72: =J66 -> 0.01 | Z72: =L66 -> 0 | AB72: =0 -> 0 | AN72: =IF(Source!BI29<=1,J65+J66+J70+J71, 0) -> 8.93 | AO72: =IF(Source!BI29<=1,0, 0) -> 0 | AP72: =IF(Source!BI29<=1,J66, 0) -> 0.01 | AQ72: =IF(Source!BI29<=1,J65, 0) -> 3.78 | AX72: =IF(Source!BI29=2,J65+J66+J70+J71, 0) -> 0 | AY72: =IF(Source!BI29=2,0, 0) -> 0 | AZ72: =IF(Source!BI29=2,J66, 0) -> 0 | BA72: =IF(Source!BI29=2,J65, 0) -> 0
C74: Итого прямые затраты по разделу (в базисном уровне цен) | J74: =J76+J77+J78+J79 -> 866.43 | CF74: Итого прямые затраты по разделу (в базисном уровне цен)
C75: в том числе
C76: оплата труда | J76: =SUM(Q48:Q72) -> 553.72
C77: эксплуатация машин и механизмов | J77: =Source!F43 -> 312.71
C78: материальные ресурсы | J78: =Source!F34-J83 -> 0
C79: перевозка | J79: =Source!F56 -> 0
C80: Итого ФОТ (в базисном уровне цен) (справочно) | J80: =SUM(Q48:Q72)+SUM(V48:V72) -> 581.43
C81: Итого накладные расходы (в базисном уровне цен) | J81: =Source!F57 -> 564.88
C82: Итого сметная прибыль (в базисном уровне цен) | J82: =Source!F58 -> 271.79
C83: Итого оборудование (в базисном уровне цен) | J83: =Source!F40 -> 0
C84: Итого прочие затраты (в базисном уровне цен) | J84: =Source!F50 -> 0
C85: Итого по разделу (в базисном уровне цен) | J85: =Source!F59 -> 1703.1
C86: в том числе
C87: материальные ресурсы, отсутствующие в СНБ (в текущем уровне цен) | L87: =SUM(BS48:BS72) -> 0
C88: оборудование, отсутствующие в СНБ (в текущем уровне цен) | L88: =SUM(BT48:BT72) -> 0
A90: Раздел: Архитектурные решения. (Наружные работы)
C91: =Source!G68 -> Цоколь
A92: =Source!E69 -> 3 | B92: =Source!F69 -> 61-10-3 | C92: Ремонт штукатурки гладких фасадов по камню и бетону с земли и лесов цементно-известковым раствором площадью отдельных мест более 5 м2 толщиной слоя до 20 мм Поправки к: ЭМ *1,15; ОТм *1,15; ОТ *1,15; ЗТ *1,15; ЗТм *1,15 | D92: =Source!H69 -> 100 м2 отремонтированной поверхности | E92: =Source!K69 -> 0.117 | G92: =Source!I69 -> 0.117 | AC92: =Source!X69 -> 190.26 | AD92: =Source!HK69 -> 4608 | AE92: =Source!Y69 -> 94.06 | AF92: =Source!HL69 -> 2278 | AS92: =IF(Source!BI69<=1,AD92, 0) -> 4608 | AT92: =IF(Source!BI69<=1,AF92, 0) -> 2278 | BC92: =IF(Source!BI69=2,AD92, 0) -> 0 | BD92: =IF(Source!BI69=2,AF92, 0) -> 0
C94: ="Объем: "&Source!K69&"=11,7/"&"100" -> Объем: 0,117=11,7/100
B95: 1 | C95: ОТ | H95: =Source!AO69 -> 1588.83 | I95: =ROUND(1.15,7) -> 1.15 | J95: =ROUND(Source!AF69*Source!I69, 2) -> 213.78 | K95: =IF(Source!BA69<> 0, Source!BA69, 1) -> 24.22 | L95: =Source!HJ69 -> 5178
B96: 3 | C96: ЭМ | H96: =Source!AM69 -> 1.21 | I96: =ROUND(1.15,7) -> 1.15 | J96: =ROUND(Source!AD69*Source!I69, 2) -> 0.16
B97: 4 | C97: М | H97: =Source!AL69 -> 1254.92 | J97: =ROUND(Source!AC69*Source!I69, 2) -> 146.83
C98: ЗТ | D98: чел-ч | E98: =Source!AQ69 -> 188.25 | F98: =ROUND(1.15,7) -> 1.15 | G98: =ROUND(Source!U69, 7) -> 25.329037
C99: Итого по расценке | H99: =H95+H96+H97 -> 2844.96 | J99: =J95+J96+J97 -> 360.77
C100: ФОТ | J100: =SUM(Q92:Q103)+SUM(V92:V103) -> 213.78 | L100: =SUM(U92:U103)+SUM(W92:W103) -> 5178
B101: Пр812-4-095-3 | C101: НР Штукатурные работы | D101: % | E101: =Source!BZ69 -> 89 | G101: =Source!AT69 -> 89 | J101: =SUM(AC92:AC103) -> 190.26 | L101: =SUM(AD92:AD103) -> 4608
B102: Пр774-4-095-3 | C102: СП Штукатурные работы | D102: % | E102: =Source!CA69 -> 44 | G102: =Source!AU69 -> 44 | J102: =SUM(AE92:AE103) -> 94.06 | L102: =SUM(AF92:AF103) -> 2278
C103: Всего по позиции | I103: =J95+J96+J97+J101+J102 -> 645.09 | O103: =I103 -> 645.09 | P103: =K103 -> 0 | Q103: =J95 -> 213.78 | R103: =J95 -> 213.78 | U103: =L95 -> 5178 | V103: =0 -> 0 | W103: =0 -> 0 | X103: =J96 -> 0.16 | Z103: =L96 -> 0 | AB103: =J97 -> 146.83 | AN103: =IF(Source!BI69<=1,J95+J96+J97+J101+J102, 0) -> 645.09 | AO103: =IF(Source!BI69<=1,J97, 0) -> 146.83 | AP103: =IF(Source!BI69<=1,J96, 0) -> 0.16 | AQ103: =IF(Source!BI69<=1,J95, 0) -> 213.78 | AX103: =IF(Source!BI69=2,J95+J96+J97+J101+J102, 0) -> 0 | AY103: =IF(Source!BI69=2,J97, 0) -> 0 | AZ103: =IF(Source!BI69=2,J96, 0) -> 0 | BA103: =IF(Source!BI69=2,J95, 0) -> 0
A104: =Source!E70 -> 4 | B104: =Source!F70 -> 402-0083 | C104: =Source!G70 -> Раствор готовый отделочный тяжелый, цементно-известковый 1:1:6 | D104: =Source!H70 -> м3 | E104: =Source!K70 -> -0.2574 | G104: =Source!I70 -> -0.2574 | H104: =Source!AL70 -> 570.03 | J104: =ROUND(Source!AC70*Source!I70, 2) -> -146.73 | AC104: =Source!X70 -> 0 | AD104: =Source!HK70 -> 0 | AE104: =Source!Y70 -> 0 | AF104: =Source!HL70 -> 0 | AS104: =IF(Source!BI70<=1,AD104, 0) -> 0 | AT104: =IF(Source!BI70<=1,AF104, 0) -> 0 | BC104: =IF(Source!BI70=2,AD104, 0) -> 0 | BD104: =IF(Source!BI70=2,AF104, 0) -> 0
C106: ="Объем: "&Source!K70&"="&Source!I69&"*"&"-"&"2,2" -> Объем: -0,2574=0,117*-2,2
C107: Всего по позиции | I107: =J104 -> -146.73 | O107: =I107 -> -146.73 | P107: =K107 -> 0 | Q107: =0 -> 0 | R107: =0 -> 0 | U107: =0 -> 0 | V107: =0 -> 0 | W107: =0 -> 0 | X107: =0 -> 0 | Z107: =0 -> 0 | AB107: =I107 -> -146.73 | AN107: =IF(Source!BI70<=1,J104, 0) -> -146.73 | AO107: =IF(Source!BI70<=1,I107, 0) -> -146.73 | AP107: =IF(Source!BI70<=1,0, 0) -> 0 | AQ107: =IF(Source!BI70<=1,0, 0) -> 0 | AX107: =IF(Source!BI70=2,J104, 0) -> 0 | AY107: =IF(Source!BI70=2,I107, 0) -> 0 | AZ107: =IF(Source!BI70=2,0, 0) -> 0 | BA107: =IF(Source!BI70=2,0, 0) -> 0
A108: =Source!E71 -> 5 | B108: =Source!F71 -> ТЦ_01.7.10.14_69_ | C108: =Source!G71 -> Смеси штукатурные, марка Capatect Leichtgrundputz 170 / Расход 36 кг/м2/30мм ( 30,83/6,17) | D108: =Source!H71 -> кг | E108: =Source!K71 -> 421.2 | G108: =Source!I71 -> 421.2 | H108: =Source!AL71 -> 30.83 | J108: =Source!P71 -> 2104.7 | K108: =IF(Source!BC71<> 0, Source!BC71, 1) -> 6.17 | L108: =Source!HG71 -> 12986 | AC108: =Source!X71 -> 0 | AD108: =Source!HK71 -> 0 | AE108: =Source!Y71 -> 0 | AF108: =Source!HL71 -> 0 | AS108: =IF(Source!BI71<=1,AD108, 0) -> 0 | AT108: =IF(Source!BI71<=1,AF108, 0) -> 0 | BC108: =IF(Source!BI71=2,AD108, 0) -> 0 | BD108: =IF(Source!BI71=2,AF108, 0) -> 0
C110: ="Объем: "&Source!K71&"=36*"&"11,7" -> Объем: 421,2=36*11,7
C111: Всего по позиции | I111: =J108 -> 2104.7 | K111: =L108 -> 12986 | O111: =I111 -> 2104.7 | P111: =K111 -> 12986 | Q111: =0 -> 0 | R111: =0 -> 0 | U111: =0 -> 0 | V111: =0 -> 0 | W111: =0 -> 0 | X111: =0 -> 0 | Z111: =0 -> 0 | AB111: =I111 -> 2104.7 | AN111: =IF(Source!BI71<=1,J108, 0) -> 2104.7 | AO111: =IF(Source!BI71<=1,I111, 0) -> 2104.7 | AP111: =IF(Source!BI71<=1,0, 0) -> 0 | AQ111: =IF(Source!BI71<=1,0, 0) -> 0 | AX111: =IF(Source!BI71=2,J108, 0) -> 0 | AY111: =IF(Source!BI71=2,I111, 0) -> 0 | AZ111: =IF(Source!BI71=2,0, 0) -> 0 | BA111: =IF(Source!BI71=2,0, 0) -> 0 | BQ111: =I111 -> 2104.7 | BS111: =K111 -> 12986
A112: =Source!E72 -> 6 | B112: =Source!F72 -> 15-04-019-5 | C112: Окраска фасадов акриловыми составами с лесов вручную с подготовкой поверхности Поправки к: ЭМ *1,25*1,15; ОТм *1,25*1,15; ОТ *1,15*1,15; ЗТ *1,15*1,15; ЗТм *1,25*1,15; НР *0,9; СП *0,85 | D112: =Source!H72 -> 100 м2 окрашиваемой поверхности | E112: =Source!K72 -> 0.117 | G112: =Source!I72 -> 0.117 | AC112: =Source!X72 -> 17.24 | AD112: =Source!HK72 -> 418 | AE112: =Source!Y72 -> 7.98 | AF112: =Source!HL72 -> 193 | AS112: =IF(Source!BI72<=1,AD112, 0) -> 418 | AT112: =IF(Source!BI72<=1,AF112, 0) -> 193 | BC112: =IF(Source!BI72=2,AD112, 0) -> 0 | BD112: =IF(Source!BI72=2,AF112, 0) -> 0
C114: ="Объем: "&Source!K72&"=11,7/"&"100" -> Объем: 0,117=11,7/100
B115: 1 | C115: ОТ | H115: =Source!AO72 -> 123.79 | I115: =ROUND(1.15*1.15,7) -> 1.3225 | J115: =ROUND(Source!AF72*Source!I72, 2) -> 19.15 | K115: =IF(Source!BA72<> 0, Source!BA72, 1) -> 24.22 | L115: =Source!HJ72 -> 464
B116: 3 | C116: ЭМ | H116: =Source!AM72 -> 7.48 | I116: =ROUND(1.25*1.15,7) -> 1.4375 | J116: =ROUND(Source!AD72*Source!I72, 2) -> 1.26
B117: 4 | C117: М | H117: =Source!AL72 -> 611.53 | J117: =ROUND(Source!AC72*Source!I72, 2) -> 71.55
C118: ЗТ | D118: чел-ч | E118: =Source!AQ72 -> 13.8 | F118: =ROUND(1.15*1.15,7) -> 1.3225 | G118: =ROUND(Source!U72, 7) -> 2.1353085
C119: Итого по расценке | H119: =H115+H116+H117 -> 742.8 | J119: =J115+J116+J117 -> 91.96
C120: ФОТ | J120: =SUM(Q112:Q123)+SUM(V112:V123) -> 19.15 | L120: =SUM(U112:U123)+SUM(W112:W123) -> 464
B121: Пр812-1-015-3 | C121: НР Отделочные работы | D121: % | E121: =Source!BZ72 -> 100 | F121: =ROUND(0.9,7) -> 0.9 | G121: =Source!AT72 -> 90 | J121: =SUM(AC112:AC123) -> 17.24 | L121: =SUM(AD112:AD123) -> 418
B122: Пр774-1-015-3 | C122: СП Отделочные работы | D122: % | E122: =Source!CA72 -> 49 | F122: =ROUND(0.85,7) -> 0.85 | G122: =Source!AU72 -> 41.65 | J122: =SUM(AE112:AE123) -> 7.98 | L122: =SUM(AF112:AF123) -> 193
C123: Всего по позиции | I123: =J115+J116+J117+J121+J122 -> 117.18 | O123: =I123 -> 117.18 | P123: =K123 -> 0 | Q123: =J115 -> 19.15 | R123: =J115 -> 19.15 | U123: =L115 -> 464 | V123: =0 -> 0 | W123: =0 -> 0 | X123: =J116 -> 1.26 | Z123: =L116 -> 0 | AB123: =J117 -> 71.55 | AN123: =IF(Source!BI72<=1,J115+J116+J117+J121+J122, 0) -> 117.18 | AO123: =IF(Source!BI72<=1,J117, 0) -> 71.55 | AP123: =IF(Source!BI72<=1,J116, 0) -> 1.26 | AQ123: =IF(Source!BI72<=1,J115, 0) -> 19.15 | AX123: =IF(Source!BI72=2,J115+J116+J117+J121+J122, 0) -> 0 | AY123: =IF(Source!BI72=2,J117, 0) -> 0 | AZ123: =IF(Source!BI72=2,J116, 0) -> 0 | BA123: =IF(Source!BI72=2,J115, 0) -> 0
A124: =Source!E73 -> 7 | B124: =Source!F73 -> 101-4163 | C124: =Source!G73 -> Грунтовка акриловая НОРТЕКС-ГРУНТ | D124: =Source!H73 -> кг | E124: =Source!K73 -> -1.521 | G124: =Source!I73 -> -1.521 | H124: =Source!AL73 -> 16.58 | J124: =ROUND(Source!AC73*Source!I73, 2) -> -25.22 | AC124: =Source!X73 -> 0 | AD124: =Source!HK73 -> 0 | AE124: =Source!Y73 -> 0 | AF124: =Source!HL73 -> 0 | AS124: =IF(Source!BI73<=1,AD124, 0) -> 0 | AT124: =IF(Source!BI73<=1,AF124, 0) -> 0 | BC124: =IF(Source!BI73=2,AD124, 0) -> 0 | BD124: =IF(Source!BI73=2,AF124, 0) -> 0
C126: ="Объем: "&Source!K73&"="&Source!I72&"*"&"-"&"13" -> Объем: -1,521=0,117*-13
C127: Всего по позиции | I127: =J124 -> -25.22 | O127: =I127 -> -25.22 | P127: =K127 -> 0 | Q127: =0 -> 0 | R127: =0 -> 0 | U127: =0 -> 0 | V127: =0 -> 0 | W127: =0 -> 0 | X127: =0 -> 0 | Z127: =0 -> 0 | AB127: =I127 -> -25.22 | AN127: =IF(Source!BI73<=1,J124, 0) -> -25.22 | AO127: =IF(Source!BI73<=1,I127, 0) -> -25.22 | AP127: =IF(Source!BI73<=1,0, 0) -> 0 | AQ127: =IF(Source!BI73<=1,0, 0) -> 0 | AX127: =IF(Source!BI73=2,J124, 0) -> 0 | AY127: =IF(Source!BI73=2,I127, 0) -> 0 | AZ127: =IF(Source!BI73=2,0, 0) -> 0 | BA127: =IF(Source!BI73=2,0, 0) -> 0
A128: =Source!E74 -> 8 | B128: =Source!F74 -> 101-3469 | C128: =Source!G74 -> Краска фактурная ВД-АК-1180, фасадная ВГТ | D128: =Source!H74 -> т | E128: =Source!K74 -> -0.004446 | G128: =Source!I74 -> -0.004446 | H128: =Source!AL74 -> 7439.37 | J128: =ROUND(Source!AC74*Source!I74, 2) -> -33.08 | AC128: =Source!X74 -> 0 | AD128: =Source!HK74 -> 0 | AE128: =Source!Y74 -> 0 | AF128: =Source!HL74 -> 0 | AS128: =IF(Source!BI74<=1,AD128, 0) -> 0 | AT128: =IF(Source!BI74<=1,AF128, 0) -> 0 | BC128: =IF(Source!BI74=2,AD128, 0) -> 0 | BD128: =IF(Source!BI74=2,AF128, 0) -> 0
C130: ="Объем: "&Source!K74&"="&Source!I72&"*"&"-"&"0,038" -> Объем: -0,004446=0,117*-0,038
C131: Всего по позиции | I131: =J128 -> -33.08 | O131: =I131 -> -33.08 | P131: =K131 -> 0 | Q131: =0 -> 0 | R131: =0 -> 0 | U131: =0 -> 0 | V131: =0 -> 0 | W131: =0 -> 0 | X131: =0 -> 0 | Z131: =0 -> 0 | AB131: =I131 -> -33.08 | AN131: =IF(Source!BI74<=1,J128, 0) -> -33.08 | AO131: =IF(Source!BI74<=1,I131, 0) -> -33.08 | AP131: =IF(Source!BI74<=1,0, 0) -> 0 | AQ131: =IF(Source!BI74<=1,0, 0) -> 0 | AX131: =IF(Source!BI74=2,J128, 0) -> 0 | AY131: =IF(Source!BI74=2,I131, 0) -> 0 | AZ131: =IF(Source!BI74=2,0, 0) -> 0 | BA131: =IF(Source!BI74=2,0, 0) -> 0
...

Sheet Source
A1: 0 | B1: Smeta.RU (495) 974-1589 | D1: _PS_ | F1: 0 | G1: 0 | H1: 0 | I1: Smeta.RU | J1: ООО "МЭС" Доп. раб. место FStS-0035086 | K1: 1 | L1: 35086 | M1: 10 | N1: 11 | O1: 3 | P1: 2 | Q1: 5
A12: 1 | B12: 413 | C12: 0 | D12: =ROW(A357) -> 357 | E12: 0 | F12: И 2 Выявленный объект культурного наследия "Здание рабочей казармы Берговской мануфактуры, 1908г", по адресу: г.Тверь, ул.Спартака, д.45, корп.1_(Копия) | G12: И 3 Выявленный объект культурного наследия "Здание рабочей казармы Берговской мануфактуры, 1908г", по адресу: г.Тверь, ул.Спартака, д.45, корп.1_(Копия) | I12: 0 | J12: дефектная ведомость | K12: 0 | L12: 0 | M12: 6 | O12: 2021 | P12: 6 | Q12: 0 | R12: 0 | T12: 3 | U12: дефектная ведомость | V12: 0 | W12: г.Тверь, ул.Спартака, д.45, корп.1 | BB12: 0 | BH12: Сметные нормы списания | BI12: Коды ценников | BJ12: 0 | BK12: 1 | BL12: 0 | BM12: 1 | BN12: 1 | BO12: 0 | BP12: 6 | BQ12: 2 | BR12: 1 | BS12: 1 | BT12: 0 | BU12: 0 | BV12: 1 | BW12: 0 | BX12: 0 | BY12: ТЕР Тверской области (ред. 2015) | BZ12: ГСН (ГЭСН, ФЕР) 2020 и ТЕР (Методики НР (821/пр) и СП (774/пр) от 16.04.2021 г. | CA12: ТЕР-2015 | CB12: ТЕР-2015 | CC12: ТЕР-2015 | CD12: ТЕР-2015 | CE12: Поправки для ГСН (ФЕР) 2020 от 20.10.2020 г И4 | CF12: 0 | CG12: 0 | CH12: 403177480 | CK12: 0 | EC12: 0
A15: 15 | B15: 1
A18: 52 | B18: =B357 -> 413 | C18: =C357 -> 1 | D18: =D357 -> 12 | E18: =E357 -> 0 | F18: =F357 -> И 2 Выявленный объект культурного наследия "Здание рабочей казармы Берговской мануфактуры, 1908г", по адресу: г.Тверь, ул.Спартака, д.45, корп.1_(Копия) | G18: =G357 -> И 3 Выявленный объект культурного наследия "Здание рабочей казармы Берговской мануфактуры, 1908г", по адресу: г.Тверь, ул.Спартака, д.45, корп.1_(Копия) | O18: =O357 -> 1323732.7 | P18: =P357 -> 1221152.8 | Q18: =Q357 -> 27885.51 | R18: =R357 -> 3438.11 | S18: =S357 -> 74694.4 | T18: =T357 -> 0 | U18: =U357 -> 8541.0683 | V18: =V357 -> 286.20145 | ... GX18: =GX357 -> 0
A20: 3 | B20: 1 | D20: =ROW(A324) -> 324 | F20: Новая локальная смета | G20: Выявленный объект культурного наследия "Здание рабочей казармы Берговской мануфактуры, 1908г", по адресу: г.Тверь, ул.Спартака, д.45, корп.1 | I20: 0 | K20: 0 | S20: 31028413 | V20: 0 | BX20: 0 | CF20: 0 | CG20: 0
A22: 52 | B22: =B324 -> 1 | C22: =C324 -> 3 | D22: =D324 -> 20 | E22: =E324 -> 0 | F22: =F324 -> Новая локальная смета | G22: =G324 -> Выявленный объект культурного наследия "Здание рабочей казармы Берговской мануфактуры, 1908г", по адресу: г.Тверь, ул.Спартака, д.45, корп.1 | O22: =O324 -> 1323732.7 | P22: =P324 -> 1221152.8 | Q22: =Q324 -> 27885.51 | R22: =R324 -> 3438.11 | S22: =S324 -> 74694.4 | T22: =T324 -> 0 | U22: =U324 -> 8541.0683 | V22: =V324 -> 286.20145 | ... GX22: =GX324 -> 0
A24: 4 | B24: 1 | D24: =ROW(A31) -> 31 | F24: Новый раздел | G24: Демонтажные работы. Ремонт фасада | I24: 0 | K24: -1 | S24: 31028413 | V24: 0 | BX24: 0 | CJ24: 0
A26: 52 | B26: =B31 -> 1 | C26: =C31 -> 4 | D26: =D31 -> 24 | E26: =E31 -> 0 | F26: =F31 -> Новый раздел | G26: =G31 -> Демонтажные работы. Ремонт фасада | O26: =O31 -> 866.43 | P26: =P31 -> 0 | Q26: =Q31 -> 312.71 | R26: =R31 -> 27.71 | S26: =S31 -> 553.72 | T26: =T31 -> 0 | U26: =U31 -> 64.823126 | V26: =V31 -> 2.1263951 | ... GX26: =GX31 -> 0
A28: 17 | B28: 1 | C28: =ROW(SmtRes!A17) -> 17 | D28: =ROW(EtalonRes!A17) -> 17 | E28: 1 | F28: 10-01-027-4 | G28: Демонтаж в жилых и общественных зданиях блоков оконных с переплетами раздельными (раздельно-спаренными) в стенах каменных площадью проема более 2 м2 | H28: 100 м2 проемов | I28: =ROUND((38.33)/100,7) -> 0.3833 | J28: 0 | K28: =ROUND((38.33)/100,7) -> 0.3833 | O28: =ROUND(CP28,2) -> 862.64 | P28: =ROUND(CQ28*I28,2) -> 0 | Q28: =ROUND(CR28*I28,2) -> 312.7 | R28: =ROUND(CS28*I28,2) -> 27.71 | S28: =ROUND(CT28*I28,2) -> 549.94 | T28: =ROUND(CU28*I28,2) -> 0 | U28: =CV28*I28 -> 64.320806 | V28: =CW28*I28 -> 2.1263951 | W28: =ROUND(CX28*I28,2) -> 0 | X28: =ROUND(CY28,2) -> 561.48 | Y28: =ROUND(CZ28,2) -> 270.05 | AA28: 31028412 | AB28: =ROUND((AC28+AD28+AF28),6) -> 2250.5684 | AC28: =ROUND(((ES28*ROUND(0,7))),6) -> 0 | AD28: =ROUND(((((ET28*ROUND((0.8*1.15),7)))-((EU28*ROUND((0.8*1.15),7))))+AE28),6) -> 815.81 | AE28: =ROUND(((EU28*ROUND((0.8*1.15),7))),6) -> 72.2844 | AF28: =ROUND(((EV28*ROUND((0.8*1.15),7))),6) -> 1434.7584 | AG28: =ROUND((AP28),6) -> 0 | AH28: =((EW28*ROUND((0.8*1.15),7))) -> 167.808 | AI28: =((EX28*ROUND((0.8*1.15),7))) -> 5.5476 | AJ28: =(AS28) -> 0 | AK28: 47696.73 | AL28: 45250.46 | AM28: 886.75 | AN28: 78.57 | AO28: 1559.52 | AP28: 0 | AQ28: 182.4 | AR28: 6.03 | AS28: 0 | AT28: 97.2 | AU28: 46.75 | AV28: 1 | AW28: 1 | AZ28: 1 | BA28: 24.22 | BB28: 1 | BC28: 1 | BH28: 0 | BI28: 1 | BJ28: ТЕР (ред.2014)Тверской обл.изм.2,пр. № 337/пр,сб.10,гл.01,табл.027,поз.4 | BM28: 10001 | BN28: 0 | BO28: Приложение №2 к письму Минстроя России от03.06.2021 №23038-ИФ/09; Приложение №2 к письму Минстроя России от03.06.2021 №23038-ИФ/09; Приложение №2 к письму Минстроя России от03.06.2021 №23038-ИФ/09.; Приложение №2 к письму Минстроя России от03.06.2021 №23038-ИФ/09.; | BP28: 1 | BQ28: 2 | BR28: 0 | BS28: 24.22 | BT28: 1 | BU28: 1 | BV28: 1 | BW28: 1 | BX28: 1 | BZ28: 108 | CA28: 55 | CE28: 0 | CF28: 0 | CG28: 0 | CM28: 0 | CO28: 0 | CP28: =(P28+Q28+S28) -> 862.64 | CQ28: =AC28*BC28 -> 0 | CR28: =AD28*BB28 -> 815.81 | CS28: =AE28 -> 72.2844 | CT28: =AF28 -> 1434.7584 | CU28: =AG28 -> 0 | CV28: =AH28 -> 167.808 | CW28: =AI28 -> 5.5476 | CX28: =AJ28 -> 0 | CY28: =(((S28+R28)*AT28)/100) -> 561.4758 | CZ28: =(((S28+R28)*AU28)/100) -> 270.05138 | DD28: *0 | DE28: *0,8*1,15 | DF28: *0,8*1,15 | DG28: *0,8*1,15 | DI28: *0,8*1,15 | DJ28: *0,8*1,15 | DN28: 0 | DO28: 0 | DP28: 1 | DQ28: 1 | DU28: 1013 | DV28: 100 м2 проемов | DW28: 100 м2 проемов | DX28: 1 | EE28: 30852905 | EF28: 2 | EG28: Общестроительные работы | EH28: 0 | EJ28: 1 | EK28: 10001 | EL28: Деревянные конструкции | EM28: ФЕР-10 | EQ28: 131072 | ER28: 47696.73 | ES28: 45250.46 | ET28: 886.75 | EU28: 78.57 | EV28: 1559.52 | EW28: 182.4 | EX28: 6.03 | EY28: 0 | FQ28: 0 | FR28: =ROUND(IF(AND(BH28=3,BI28=3),P28,0),2) -> 0 | FS28: 0 | FT28: *0,9 | FU28: *0,85 | FX28: 97.2 | FY28: 46.75 | GD28: 1 | GF28: -497767182 | GG28: 2 | GH28: 1 | GI28: 4 | GJ28: 0 | GK28: 0 | GL28: =ROUND(IF(AND(BH28=3,BI28=3,FS28<>0),P28,0),2) -> 0 | GM28: =ROUND(O28+X28+Y28,2)+GX28 -> 1694.17 | GN28: =IF(OR(BI28=0,BI28=1),ROUND(O28+X28+Y28,2),0) -> 1694.17 | GO28: =IF(BI28=2,ROUND(O28+X28+Y28,2),0) -> 0 | GP28: =IF(BI28=4,ROUND(O28+X28+Y28,2)+GX28,0) -> 0 | GR28: 0 | GS28: 0 | GT28: 0 | GV28: =ROUND((GT28),6) -> 0 | GW28: 1 | GX28: =ROUND(HC28*I28,2) -> 0 | HA28: 0 | HB28: 0 | HC28: =GV28*GW28 -> 0 | HI28: =ROUND(R28*BS28,0) -> 671 | HJ28: =ROUND(S28*BA28,0) -> 13320 | HK28: =ROUND((((HJ28+HI28)*AT28)/100),0) -> 13599 | HL28: =ROUND((((HJ28+HI28)*AU28)/100),0) -> 6541 | IK28: 0
A29: 17 | B29: 1 | C29: =ROW(SmtRes!A20) -> 20 | D29: =ROW(EtalonRes!A20) -> 20 | E29: 2 | F29: 58-3-1 | G29: Разборка мелких покрытий и обделок из листовой стали поясков, сандриков, желобов, отливов, свесов и т.п. | H29: 100 м труб и покрытий | I29: =ROUND(4.8/100,7) -> 0.048 | J29: 0 | K29: =ROUND(4.8/100,7) -> 0.048 | O29: =ROUND(CP29,2) -> 3.79 | P29: =ROUND(CQ29*I29,2) -> 0 | Q29: =ROUND(CR29*I29,2) -> 0.01 | R29: =ROUND(CS29*I29,2) -> 0 | S29: =ROUND(CT29*I29,2) -> 3.78 | T29: =ROUND(CU29*I29,2) -> 0 | U29: =CV29*I29 -> 0.50232 | V29: =CW29*I29 -> 0 | W29: =ROUND(CX29*I29,2) -> 0 | X29: =ROUND(CY29,2) -> 3.4 | Y29: =ROUND(CZ29,2) -> 1.74 | AA29: 31028412 | AB29: =ROUND((AC29+AD29+AF29),6) -> 79.028 | AC29: =ROUND((ES29),6) -> 0 | AD29: =ROUND(((((ET29*ROUND(1.15,7)))-((EU29*ROUND(1.15,7))))+AE29),6) -> 0.23 | AE29: =ROUND(((EU29*ROUND(1.15,7))),6) -> 0 | AF29: =ROUND(((EV29*ROUND(1.15,7))),6) -> 78.798 | AG29: =ROUND((AP29),6) -> 0 | AH29: =((EW29*ROUND(1.15,7))) -> 10.465 | AI29: =((EX29*ROUND(1.15,7))) -> 0 | AJ29: =(AS29) -> 0 | AK29: 68.72 | AL29: 0 | AM29: 0.2 | AN29: 0 | AO29: 68.52 | AP29: 0 | AQ29: 9.1 | AR29: 0 | AS29: 0 | AT29: 90 | AU29: 46 | AV29: 1 | AW29: 1 | AZ29: 1 | BA29: 24.22 | BB29: 1 | BC29: 1 | BH29: 0 | BI29: 1 | BJ29: ТЕР (ред.2014)Тверской обл.изм.2,пр. № 337/пр,сб.58,гл.,табл.3,поз.1 | BM29: 58001 | BN29: 0 | BO29: Приложение №2 к письму Минстроя России от03.06.2021 №23038-ИФ/09; Приложение №2 к письму Минстроя России от03.06.2021 №23038-ИФ/09; Приложение №2 к письму Минстроя России от03.06.2021 №23038-ИФ/09.; Приложение №2 к письму Минстроя России от03.06.2021 №23038-ИФ/09.; | BP29: 1 | BQ29: 6 | BR29: 0 | BS29: 24.22 | BT29: 1 | BU29: 1 | BV29: 1 | BW29: 1 | BX29: 1 | BZ29: 90 | CA29: 46 | CE29: 0 | CF29: 0 | CG29: 0 | CM29: 0 | CO29: 0 | CP29: =(P29+Q29+S29) -> 3.79 | CQ29: =AC29*BC29 -> 0 | CR29: =AD29*BB29 -> 0.23 | CS29: =AE29 -> 0 | CT29: =AF29 -> 78.798 | CU29: =AG29 -> 0 | CV29: =AH29 -> 10.465 | CW29: =AI29 -> 0 | CX29: =AJ29 -> 0 | CY29: =(((S29+R29)*AT29)/100) -> 3.402 | CZ29: =(((S29+R29)*AU29)/100) -> 1.7388 | DE29: *1,15 | DF29: *1,15 | DG29: *1,15 | DI29: *1,15 | DJ29: *1,15 | DN29: 0 | DO29: 0 | DP29: 1 | DQ29: 1 | DU29: 1013 | DV29: 100 м труб и покрытий | DW29: 100 м труб и покрытий | DX29: 1 | EE29: 30853010 | EF29: 6 | EG29: Ремонтно-строительные работы | EH29: 0 | EJ29: 1 | EK29: 58001 | EL29: Крыши, кровли | EM29: рФЕР-58 | EQ29: 131072 | ER29: 68.72 | ES29: 0 | ET29: 0.2 | EU29: 0 | EV29: 68.52 | EW29: 9.1 | EX29: 0 | EY29: 0 | FQ29: 0 | FR29: =ROUND(IF(AND(BH29=3,BI29=3),P29,0),2) -> 0 | FS29: 0 | FX29: 90 | FY29: 46 | GD29: 1 | GF29: 374719418 | GG29: 2 | GH29: 1 | GI29: 4 | GJ29: 0 | GK29: 0 | GL29: =ROUND(IF(AND(BH29=3,BI29=3,FS29<>0),P29,0),2) -> 0 | GM29: =ROUND(O29+X29+Y29,2)+GX29 -> 8.93 | GN29: =IF(OR(BI29=0,BI29=1),ROUND(O29+X29+Y29,2),0) -> 8.93 | GO29: =IF(BI29=2,ROUND(O29+X29+Y29,2),0) -> 0 | GP29: =IF(BI29=4,ROUND(O29+X29+Y29,2)+GX29,0) -> 0 | GR29: 0 | GS29: 0 | GT29: 0 | GV29: =ROUND((GT29),6) -> 0 | GW29: 1 | GX29: =ROUND(HC29*I29,2) -> 0 | HA29: 0 | HB29: 0 | HC29: =GV29*GW29 -> 0 | HI29: =ROUND(R29*BS29,0) -> 0 | HJ29: =ROUND(S29*BA29,0) -> 92 | HK29: =ROUND((((HJ29+HI29)*AT29)/100),0) -> 83 | HL29: =ROUND((((HJ29+HI29)*AU29)/100),0) -> 42 | IK29: 0
A31: 51 | B31: =B24 -> 1 | C31: =A24 -> 4 | D31: =ROW(A24) -> 24 | F31: =IF(F24<>"",F24,"") -> Новый раздел | G31: =IF(G24<>"",G24,"") -> Демонтажные работы. Ремонт фасада | H31: 0 | O31: =ROUND(AB31,2) -> 866.43 | P31: =ROUND(AC31,2) -> 0 | Q31: =ROUND(AD31,2) -> 312.71 | R31: =ROUND(AE31,2) -> 27.71 | S31: =ROUND(AF31,2) -> 553.72 | T31: =ROUND(AG31,2) -> 0 | U31: =AH31 -> 64.823126 | V31: =AI31 -> 2.1263951 | W31: =ROUND(AJ31,2) -> 0 | X31: =ROUND(AK31,2) -> 564.88 | Y31: =ROUND(AL31,2) -> 271.79 | AB31: =ROUND(SUMIF(AA28:AA29,"=31028412",O28:O29),2) -> 866.43 | AC31: =ROUND(SUMIF(AA28:AA29,"=31028412",P28:P29),2) -> 0 | AD31: =ROUND(SUMIF(AA28:AA29,"=31028412",Q28:Q29),2) -> 312.71 | AE31: =ROUND(SUMIF(AA28:AA29,"=31028412",R28:R29),2) -> 27.71 | AF31: =ROUND(SUMIF(AA28:AA29,"=31028412",S28:S29),2) -> 553.72 | AG31: =ROUND(SUMIF(AA28:AA29,"=31028412",T28:T29),2) -> 0 | AH31: =SUMIF(AA28:AA29,"=31028412",U28:U29) -> 64.823126 | AI31: =SUMIF(AA28:AA29,"=31028412",V28:V29) -> 2.1263951 | AJ31: =ROUND(SUMIF(AA28:AA29,"=31028412",W28:W29),2) -> 0 | AK31: =ROUND(SUMIF(AA28:AA29,"=31028412",X28:X29),2) -> 564.88 | AL31: =ROUND(SUMIF(AA28:AA29,"=31028412",Y28:Y29),2) -> 271.79 | AO31: =ROUND(BX31,2) -> 0 | AP31: =ROUND(BY31,2) -> 0 | AQ31: =ROUND(BZ31,2) -> 0 | AR31: =ROUND(CA31,2) -> 1703.1 | AS31: =ROUND(CB31,2) -> 1703.1 | AT31: =ROUND(CC31,2) -> 0 | AU31: =ROUND(CD31,2) -> 0 | AV31: =ROUND(CE31,2) -> 0 | ... BD31: =ROUND(CM31,2) -> 0 | BX31: =ROUND(SUMIF(AA28:AA29,"=31028412",FQ28:FQ29),2) -> 0 | BY31: =ROUND(SUMIF(AA28:AA29,"=31028412",FR28:FR29),2) -> 0 | BZ31: =ROUND(SUMIF(AA28:AA29,"=31028412",GL28:GL29),2) -> 0 | CA31: =ROUND(SUMIF(AA28:AA29,"=31028412",GM28:GM29),2) -> 1703.1 | CB31: =ROUND(SUMIF(AA28:AA29,"=31028412",GN28:GN29),2) -> 1703.1 | CC31: =ROUND(SUMIF(AA28:AA29,"=31028412",GO28:GO29),2) -> 0 | CD31: =ROUND(SUMIF(AA28:AA29,"=31028412",GP28:GP29),2) -> 0 | CE31: =AC31-BX31 -> 0 | CF31: =AC31-BY31 -> 0 | CG31: =BX31-BZ31 -> 0 | CH31: =AC31-BX31-BY31+BZ31 -> 0 | CI31: =BY31-BZ31 -> 0 | CJ31: =ROUND(SUMIF(AA28:AA29,"=31028412",GX28:GX29),2) -> 0 | CK31: =ROUND(SUMIF(AA28:AA29,"=31028412",GY28:GY29),2) -> 0 | CL31: =ROUND(SUMIF(AA28:AA29,"=31028412",GZ28:GZ29),2) -> 0 | CM31: =ROUND(SUMIF(AA28:AA29,"=31028412",HD28:HD29),2) -> 0 | GX31: 0
A33: 50 | B33: 0 | C33: 0 | D33: 1 | E33: 201 | F33: =ROUND(Source!O31,O33) -> 866.43 | G33: ПЗ | H33: Прямые затраты | K33: 201 | L33: 1 | M33: 3 | O33: 2 | W33: 866.43 | X33: 1 | Y33: 15801
A34: 50 | B34: 0 | C34: 0 | D34: 1 | E34: 202 | F34: =ROUND(Source!P31,O34) -> 0 | G34: СтМатОб | H34: Стоимость материальных ресурсов (всего) | K34: 202 | L34: 2 | M34: 3 | O34: 2 | W34: 0 | X34: 1 | Y34: 0
A35: 50 | B35: 0 | C35: 0 | D35: 1 | E35: 30835619 | F35: =ROUND(Source!AO31,O35) -> 0 | G35: СтМатОбЗак | H35: Стоимость материалов и оборудования заказчика | K35: 222 | L35: 3 | M35: 3 | O35: 2 | W35: 0 | X35: 1 | Y35: 0
A36: 50 | B36: 0 | C36: 0 | D36: 1 | E36: 225 | F36: =ROUND(Source!AV31,O36) -> 0 | G36: СтМатОбПод | H36: Стоимость материалов и оборудования подрядчика | K36: 225 | L36: 4 | M36: 3 | O36: 2 | W36: 0 | X36: 1 | Y36: 0
A37: 50 | B37: 0 | C37: 0 | D37: 1 | E37: 226 | F37: =ROUND(Source!AW31,O37) -> 0 | G37: СтМат | H37: Стоимость материалов (всего) | K37: 226 | L37: 5 | M37: 3 | O37: 2 | W37: 0 | X37: 1 | Y37: 0
A38: 50 | B38: 0 | C38: 0 | D38: 1 | E38: 227 | F38: =ROUND(Source!AX31,O38) -> 0 | G38: СтМатЗак | H38: Стоимость материалов заказчика | K38: 227 | L38: 6 | M38: 3 | O38: 2 | W38: 0 | X38: 1 | Y38: 0
A39: 50 | B39: 0 | C39: 0 | D39: 1 | E39: 228 | F39: =ROUND(Source!AY31,O39) -> 0 | G39: СтМатПод | H39: Стоимость материалов подрядчика | K39: 228 | L39: 7 | M39: 3 | O39: 2 | W39: 0 | X39: 1 | Y39: 0
A40: 50 | B40: 0 | C40: 0 | D40: 1 | E40: 216 | F40: =ROUND(Source!AP31,O40) -> 0 | G40: Оборуд | H40: Стоимость оборудования (всего) | K40: 216 | L40: 8 | M40: 3 | O40: 2 | W40: 0 | X40: 1 | Y40: 0
A41: 50 | B41: 0 | C41: 0 | D41: 1 | E41: 223 | F41: =ROUND(Source!AQ31,O41) -> 0 | G41: ОборудЗак | H41: Стоимость оборудования заказчика | K41: 223 | L41: 9 | M41: 3 | O41: 2 | W41: 0 | X41: 1 | Y41: 0
A42: 50 | B42: 0 | C42: 0 | D42: 1 | E42: 229 | F42: =ROUND(Source!AZ31,O42) -> 0 | G42: ОборудПод | H42: Стоимость оборудования подрядчика | K42: 229 | L42: 10 | M42: 3 | O42: 2 | W42: 0 | X42: 1 | Y42: 0
A43: 50 | B43: 0 | C43: 0 | D43: 1 | E43: 203 | F43: =ROUND(Source!Q31,O43) -> 312.71 | G43: ЭММ | H43: Эксплуатация машин | K43: 203 | L43: 11 | M43: 3 | O43: 2 | W43: 312.71 | X43: 1 | Y43: 2389
A44: 50 | B44: 0 | C44: 0 | D44: 1 | E44: 231 | F44: =ROUND(Source!BB31,O44) -> 0 | G44: ЭММсНРиСП | H44: Эксплуатация машин по ТСН-2001.16 | K44: 231 | L44: 12 | M44: 3 | O44: 2 | W44: 0 | X44: 1 | Y44: 0
A45: 50 | B45: 0 | C45: 0 | D45: 1 | E45: 204 | F45: =ROUND(Source!R31,O45) -> 27.71 | G45: ЗПМ | H45: ЗП машинистов | K45: 204 | L45: 13 | M45: 3 | O45: 2 | W45: 27.71 | X45: 1 | Y45: 671
A46: 50 | B46: 0 | C46: 0 | D46: 1 | E46: 205 | F46: =ROUND(Source!S31,O46) -> 553.72 | G46: ОЗП | H46: Основная ЗП рабочих | K46: 205 | L46: 14 | M46: 3 | O46: 2 | W46: 553.72 | X46: 1 | Y46: 13412
A47: 50 | B47: 0 | C47: 0 | D47: 1 | E47: 232 | F47: =ROUND(Source!BC31,O47) -> 0 | G47: ОЗПсНРиСП | H47: Основная ЗП рабочих по ТСН-2001.16 | K47: 232 | L47: 15 | M47: 3 | O47: 2 | W47: 0 | X47: 1 | Y47: 0
A48: 50 | B48: 0 | C48: 0 | D48: 1 | E48: 214 | F48: =ROUND(Source!AS31,O48) -> 1703.1 | G48: Строит | H48: Строительные работы с НР и СП | K48: 214 | L48: 16 | M48: 3 | O48: 2 | W48: 1703.1 | X48: 1 | Y48: 36066
A49: 50 | B49: 0 | C49: 0 | D49: 1 | E49: 215 | F49: =ROUND(Source!AT31,O49) -> 0 | G49: Монтаж | H49: Монтажные работы с НР и СП | K49: 215 | L49: 17 | M49: 3 | O49: 2 | W49: 0 | X49: 1 | Y49: 0
A50: 50 | B50: 0 | C50: 0 | D50: 1 | E50: 217 | F50: =ROUND(Source!AU31,O50) -> 0 | G50: Прочие | H50: Прочие работы с НР и СП | K50: 217 | L50: 18 | M50: 3 | O50: 2 | W50: 0 | X50: 1 | Y50: 0
A51: 50 | B51: 0 | C51: 0 | D51: 1 | E51: 230 | F51: =ROUND(Source!BA31,O51) -> 0 | G51: ПрочиеЗатр | H51: Прочие затраты по ТСН-2001.16 | K51: 230 | L51: 19 | M51: 3 | O51: 2 | W51: 0 | X51: 1 | Y51: 0
A52: 50 | B52: 0 | C52: 0 | D52: 1 | E52: 206 | F52: =ROUND(Source!T31,O52) -> 0 | G52: ВозврМат | H52: Возврат материалов | K52: 206 | L52: 20 | M52: 3 | O52: 2 | W52: 0 | X52: 1 | Y52: 0
A53: 50 | B53: 0 | C53: 0 | D53: 1 | E53: 207 | F53: =Source!U31 -> 64.823126 | G53: ТрудСтр | H53: Трудозатраты строителей | K53: 207 | L53: 21 | M53: 3 | O53: -1 | W53: 64.823126 | X53: 1 | Y53: 64.823126
A54: 50 | B54: 0 | C54: 0 | D54: 1 | E54: 208 | F54: =Source!V31 -> 2.1263951 | G54: ТрудМаш | H54: Трудозатраты машинистов | K54: 208 | L54: 22 | M54: 3 | O54: -1 | W54: 2.1263951 | X54: 1 | Y54: 2.1263951
A55: 50 | B55: 0 | C55: 0 | D55: 1 | E55: 209 | F55: =ROUND(Source!W31,O55) -> 0 | G55: ТранспМат | H55: Транспорт материалов | K55: 209 | L55: 23 | M55: 3 | O55: 2 | W55: 0 | X55: 1 | Y55: 0
A56: 50 | B56: 0 | C56: 0 | D56: 1 | E56: 233 | F56: =ROUND(Source!BD31,O56) -> 0 | G56: Перевозка | H56: Перевозка грузов | K56: 233 | L56: 24 | M56: 3 | O56: 2 | W56: 0 | X56: 1 | Y56: 0
A57: 50 | B57: 0 | C57: 0 | D57: 1 | E57: 210 | F57: =ROUND(Source!X31,O57) -> 564.88 | G57: НР | H57: Накладные расходы | K57: 210 | L57: 25 | M57: 3 | O57: 2 | W57: 564.88 | X57: 1 | Y57: 13682
A58: 50 | B58: 0 | C58: 0 | D58: 1 | E58: 211 | F58: =ROUND(Source!Y31,O58) -> 271.79 | G58: СмПриб | H58: Сметная прибыль | K58: 211 | L58: 26 | M58: 3 | O58: 2 | W58: 271.79 | X58: 1 | Y58: 6583
A59: 50 | B59: 0 | C59: 0 | D59: 1 | E59: 224 | F59: =ROUND(Source!AR31,O59) -> 1703.1 | G59: Всего | H59: Всего с НР и СП | K59: 224 | L59: 27 | M59: 3 | O59: 2 | W59: 1703.1 | X59: 1 | Y59: 36066
A60: 50 | B60: 1 | C60: 0 | D60: 2 | E60: 0 | F60: =ROUND(F59,O60) -> 1703.1 | G60: 1 | H60: Итого | K60: 212 | L60: 28 | M60: 0 | O60: 2 | W60: 1703.1 | X60: 1 | Y60: 36066
A61: 50 | B61: 1 | C61: 0 | D61: 2 | E61: 0 | F61: =ROUND(F60*0.2,O61) -> 340.62 | G61: 2 | H61: НДС 20% | K61: 212 | L61: 29 | M61: 0 | O61: 2 | W61: 340.62 | X61: 1 | Y61: 7213
A62: 50 | B62: 1 | C62: 0 | D62: 2 | E62: 213 | F62: =ROUND(F60+F61,O62) -> 2043.72 | G62: 3 | H62: Всего с НДС 20% | K62: 212 | L62: 30 | M62: 0 | O62: 2 | W62: 2043.72 | X62: 1 | Y62: 43279
A64: 4 | B64: 1 | D64: =ROW(A186) -> 186 | F64: Новый раздел | G64: Архитектурные решения. (Наружные работы) | I64: 0 | K64: -1 | S64: 31028413 | V64: 0 | BX64: 0 | CJ64: 0
A66: 52 | B66: =B186 -> 1 | C66: =C186 -> 4 | D66: =D186 -> 64 | E66: =E186 -> 0 | F66: =F186 -> Новый раздел | G66: =G186 -> Архитектурные решения. (Наружные работы) | O66: =O186 -> 725697.36 | P66: =P186 -> 676319.07 | Q66: =Q186 -> 14095.91 | R66: =R186 -> 1820.89 | S66: =S186 -> 35282.38 | T66: =T186 -> 0 | U66: =U186 -> 4001.9299 | V66: =V186 -> 155.90989 | ... GX66: =GX186 -> 0
A68: 19 | B68: 1 | G68: Цоколь | AA68: 1 | IK68: 0
A69: 17 | B69: 1 | C69: =ROW(SmtRes!A24) -> 24 | D69: =ROW(EtalonRes!A25) -> 25 | E69: 3 | F69: 61-10-3 | G69: Ремонт штукатурки гладких фасадов по камню и бетону с земли и лесов цементно-известковым раствором площадью отдельных мест более 5 м2 толщиной слоя до 20 мм | H69: 100 м2 отремонтированной поверхности | I69: =ROUND(11.7/100,7) -> 0.117 | J69: 0 | K69: =ROUND(11.7/100,7) -> 0.117 | O69: =ROUND(CP69,2) -> 360.77 | P69: =ROUND(CQ69*I69,2) -> 146.83 | Q69: =ROUND(CR69*I69,2) -> 0.16 | R69: =ROUND(CS69*I69,2) -> 0 | S69: =ROUND(CT69*I69,2) -> 213.78 | T69: =ROUND(CU69*I69,2) -> 0 | U69: =CV69*I69 -> 25.329037 | V69: =CW69*I69 -> 0 | W69: =ROUND(CX69*I69,2) -> 0 | X69: =ROUND(CY69,2) -> 190.26 | Y69: =ROUND(CZ69,2) -> 94.06 | AA69: 31028412 | AB69: =ROUND((AC69+AD69+AF69),6) -> 3083.466 | AC69: =ROUND((ES69),6) -> 1254.92 | AD69: =ROUND(((((ET69*ROUND(1.15,7)))-((EU69*ROUND(1.15,7))))+AE69),6) -> 1.3915 | AE69: =ROUND(((EU69*ROUND(1.15,7))),6) -> 0 | AF69: =ROUND(((EV69*ROUND(1.15,7))),6) -> 1827.1545 | AG69: =ROUND((AP69),6) -> 0 | AH69: =((EW69*ROUND(1.15,7))) -> 216.4875 | AI69: =((EX69*ROUND(1.15,7))) -> 0 | AJ69: =(AS69) -> 0 | AK69: 2844.96 | AL69: 1254.92 | AM69: 1.21 | AN69: 0 | AO69: 1588.83 | AP69: 0 | AQ69: 188.25 | AR69: 0 | AS69: 0 | AT69: 89 | AU69: 44 | AV69: 1 | AW69: 1 | AZ69: 1 | BA69: 24.22 | BB69: 1 | BC69: 1 | BH69: 0 | BI69: 1 | BJ69: ТЕР (ред.2014)Тверской обл.изм.2,пр. № 337/пр,сб.61,гл.,табл.10,поз.3 | BM69: 61001 | BN69: 0 | BO69: Приложение №2 к письму Минстроя России от03.06.2021 №23038-ИФ/09; Приложение №2 к письму Минстроя России от03.06.2021 №23038-ИФ/09; Приложение №2 к письму Минстроя России от03.06.2021 №23038-ИФ/09.; Приложение №2 к письму Минстроя России от03.06.2021 №23038-ИФ/09.; | BP69: 1 | BQ69: 6 | BR69: 0 | BS69: 24.22 | BT69: 1 | BU69: 1 | BV69: 1 | BW69: 1 | BX69: 1 | BZ69: 89 | CA69: 44 | CE69: 0 | CF69: 0 | CG69: 0 | CM69: 0 | CO69: 0 | CP69: =(P69+Q69+S69) -> 360.77 | CQ69: =AC69*BC69 -> 1254.92 | CR69: =AD69*BB69 -> 1.3915 | CS69: =AE69 -> 0 | CT69: =AF69 -> 1827.1545 | CU69: =AG69 -> 0 | CV69: =AH69 -> 216.4875 | CW69: =AI69 -> 0 | CX69: =AJ69 -> 0 | CY69: =(((S69+R69)*AT69)/100) -> 190.2642 | CZ69: =(((S69+R69)*AU69)/100) -> 94.0632 | DE69: *1,15 | DF69: *1,15 | DG69: *1,15 | DI69: *1,15 | DJ69: *1,15 | DN69: 0 | DO69: 0 | DP69: 1 | DQ69: 1 | DU69: 1013 | DV69: 100 м2 отремонтированной поверхности | DW69: 100 м2 отремонтированной поверхности | DX69: 1 | EE69: 30853013 | EF69: 6 | EG69: Ремонтно-строительные работы | EH69: 0 | EJ69: 1 | EK69: 61001 | EL69: Штукатурные работы | EM69: рФЕР-61 | EQ69: 131072 | ER69: 2844.96 | ES69: 1254.92 | ET69: 1.21 | EU69: 0 | EV69: 1588.83 | EW69: 188.25 | EX69: 0 | EY69: 0 | FQ69: 0 | FR69: =ROUND(IF(AND(BH69=3,BI69=3),P69,0),2) -> 0 | FS69: 0 | FX69: 89 | FY69: 44 | GD69: 1 | GF69: 1806682339 | GG69: 2 | GH69: 1 | GI69: 4 | GJ69: 0 | GK69: 0 | GL69: =ROUND(IF(AND(BH69=3,BI69=3,FS69<>0),P69,0),2) -> 0 | GM69: =ROUND(O69+X69+Y69,2)+GX69 -> 645.09 | GN69: =IF(OR(BI69=0,BI69=1),ROUND(O69+X69+Y69,2),0) -> 645.09 | GO69: =IF(BI69=2,ROUND(O69+X69+Y69,2),0) -> 0 | GP69: =IF(BI69=4,ROUND(O69+X69+Y69,2)+GX69,0) -> 0 | GR69: 0 | GS69: 3 | GT69: 0 | GV69: =ROUND((GT69),6) -> 0 | GW69: 1 | GX69: =ROUND(HC69*I69,2) -> 0 | HA69: 0 | HB69: 0 | HC69: =GV69*GW69 -> 0 | HI69: =ROUND(R69*BS69,0) -> 0 | HJ69: =ROUND(S69*BA69,0) -> 5178 | HK69: =ROUND((((HJ69+HI69)*AT69)/100),0) -> 4608 | HL69: =ROUND((((HJ69+HI69)*AU69)/100),0) -> 2278 | IK69: 0
A70: 17 | B70: 1 | E70: 4 | F70: 402-0083 | G70: Раствор готовый отделочный тяжелый, цементно-известковый 1:1:6 | H70: м3 | I70: =ROUND(I69*-2.2,7) -> -0.2574 | J70: 0 | K70: =ROUND(I69*-2.2,7) -> -0.2574 | O70: =ROUND(CP70,2) -> -146.73 | P70: =ROUND(CQ70*I70,2) -> -146.73 | Q70: =ROUND(CR70*I70,2) -> 0 | R70: =ROUND(CS70*I70,2) -> 0 | S70: =ROUND(CT70*I70,2) -> 0 | T70: =ROUND(CU70*I70,2) -> 0 | U70: =CV70*I70 -> 0 | V70: =CW70*I70 -> 0 | W70: =ROUND(CX70*I70,2) -> 0 | X70: =ROUND(CY70,2) -> 0 | Y70: =ROUND(CZ70,2) -> 0 | AA70: 31028412 | AB70: =ROUND((AC70+AD70+AF70),6) -> 570.03 | AC70: =ROUND((ES70),6) -> 570.03 | AD70: =ROUND((((ET70)-(EU70))+AE70),6) -> 0 | AE70: =ROUND((EU70),6) -> 0 | AF70: =ROUND((EV70),6) -> 0 | AG70: =ROUND((AP70),6) -> 0 | AH70: =(EW70) -> 0 | AI70: =(EX70) -> 0 | AJ70: =(AS70) -> 0 | AK70: 570.03 | AL70: 570.03 | AM70: 0 | AN70: 0 | AO70: 0 | AP70: 0 | AQ70: 0 | AR70: 0 | AS70: 0 | AT70: 0 | AU70: 0 | AV70: 1 | AW70: 1 | AZ70: 1 | BA70: 1 | BB70: 1 | BC70: 1 | BH70: 3 | BI70: 1 | BJ70: ССЦ Тверской обл. (редакции 2014), пр. № 337/пр, сб.402, поз.0083 | BM70: 500001 | BN70: 0 | BO70: Приложение №2 к письму Минстроя России от03.06.2021 №23038-ИФ/09 | BP70: 1 | BQ70: 8 | BR70: 1 | BS70: 1 | BT70: 1 | BU70: 1 | BV70: 1 | BW70: 1 | BX70: 1 | BZ70: 0 | CA70: 0 | CE70: 0 | CF70: 0 | CG70: 0 | CM70: 0 | CO70: 0 | CP70: =(P70+Q70+S70) -> -146.73 | CQ70: =AC70*BC70 -> 570.03 | CR70: =AD70*BB70 -> 0 | CS70: =AE70 -> 0 | CT70: =AF70 -> 0 | CU70: =AG70 -> 0 | CV70: =AH70 -> 0 | CW70: =AI70 -> 0 | CX70: =AJ70 -> 0 | CY70: =(((S70+R70)*AT70)/100) -> 0 | CZ70: =(((S70+R70)*AU70)/100) -> 0 | DN70: 0 | DO70: 0 | DP70: 1 | DQ70: 1 | DU70: 1007 | DV70: м3 | DW70: м3 | DX70: 1 | EE70: 30852824 | EF70: 8 | EG70: Материалы строительные | EH70: 0 | EJ70: 1 | EK70: 500001 | EL70: Материалы и конструкции ( строительные ) по ценникам и каталогом | EM70: ФССЦст | EQ70: 32768 | ER70: 570.03 | ES70: 570.03 | ET70: 0 | EU70: 0 | EV70: 0 | EW70: 0 | EX70: 0 | EY70: 0 | FQ70: 0 | FR70: =ROUND(IF(AND(BH70=3,BI70=3),P70,0),2) -> 0 | FS70: 0 | FX70: 0 | FY70: 0 | GD70: 1 | GF70: -1738869177 | GG70: 2 | GH70: 1 | GI70: 4 | GJ70: 0 | GK70: 0 | GL70: =ROUND(IF(AND(BH70=3,BI70=3,FS70<>0),P70,0),2) -> 0 | GM70: =ROUND(O70+X70+Y70,2)+GX70 -> -146.73 | GN70: =IF(OR(BI70=0,BI70=1),ROUND(O70+X70+Y70,2),0) -> -146.73 | GO70: =IF(BI70=2,ROUND(O70+X70+Y70,2),0) -> 0 | GP70: =IF(BI70=4,ROUND(O70+X70+Y70,2)+GX70,0) -> 0 | GR70: 0 | GS70: 3 | GT70: 0 | GV70: =ROUND((GT70),6) -> 0 | GW70: 1 | GX70: =ROUND(HC70*I70,2) -> 0 | HA70: 0 | HB70: 0 | HC70: =GV70*GW70 -> 0 | HI70: =ROUND(R70*BS70,0) -> 0 | HJ70: =ROUND(S70*BA70,0) -> 0 | HK70: =ROUND((((HJ70+HI70)*AT70)/100),0) -> 0 | HL70: =ROUND((((HJ70+HI70)*AU70)/100),0) -> 0 | IK70: 0
A71: 17 | B71: 1 | E71: 5 | F71: ТЦ_01.7.10.14_69_ | G71: Смеси штукатурные, марка Capatect Leichtgrundputz 170 / Расход 36 кг/м2/30мм ( 30,83/6,17) | H71: кг | I71: =ROUND(36*11.7,7) -> 421.2 | J71: 0 | K71: =ROUND(36*11.7,7) -> 421.2 | O71: =ROUND(CP71,2) -> 2104.7 | P71: =ROUND(ROUND(CQ71*I71,0)/BC71,2) -> 2104.7 | Q71: =ROUND(CR71*I71,2) -> 0 | R71: =ROUND(CS71*I71,2) -> 0 | S71: =ROUND(CT71*I71,2) -> 0 | T71: =ROUND(CU71*I71,2) -> 0 | U71: =CV71*I71 -> 0 | V71: =CW71*I71 -> 0 | W71: =ROUND(CX71*I71,2) -> 0 | X71: =ROUND(CY71,2) -> 0 | Y71: =ROUND(CZ71,2) -> 0 | AA71: 31028412 | AB71: =ROUND((AC71+AD71+AF71),6) -> 30.83 | AC71: =ROUND((ES71),6) -> 30.83 | AD71: =ROUND((((ET71)-(EU71))+AE71),6) -> 0 | AE71: =ROUND((EU71),6) -> 0 | AF71: =ROUND((EV71),6) -> 0 | AG71: =ROUND((AP71),6) -> 0 | AH71: =(EW71) -> 0 | AI71: =(EX71) -> 0 | AJ71: =(AS71) -> 0 | AK71: 30.83 | AL71: 30.83 | AM71: 0 | AN71: 0 | AO71: 0 | AP71: 0 | AQ71: 0 | AR71: 0 | AS71: 0 | AT71: 0 | AU71: 0 | AV71: 1 | AW71: 1 | AZ71: 1 | BA71: 1 | BB71: 1 | BC71: 6.17 | BH71: 3 | BI71: 1 | BM71: 1100 | BN71: 0 | BO71: Приложение №2 к письму Минстроя России от03.06.2021 №23038-ИФ/09 | BP71: 1 | BQ71: 8 | BR71: 0 | BS71: 1 | BT71: 1 | BU71: 1 | BV71: 1 | BW71: 1 | BX71: 1 | BZ71: 0 | CA71: 0 | CE71: 0 | CF71: 0 | CG71: 0 | CM71: 0 | CO71: 0 | CP71: =(P71+Q71+S71) -> 2104.7 | CQ71: =AC71 -> 30.83 | CR71: =AD71*BB71 -> 0 | CS71: =AE71 -> 0 | CT71: =AF71 -> 0 | CU71: =AG71 -> 0 | CV71: =AH71 -> 0 | CW71: =AI71 -> 0 | CX71: =AJ71 -> 0 | CY71: =(((S71+R71)*AT71)/100) -> 0 | CZ71: =(((S71+R71)*AU71)/100) -> 0 | DN71: 0 | DO71: 0 | DP71: 1 | DQ71: 1 | DU71: 1009 | DV71: кг | DW71: кг | DX71: 1 | EE71: 30853118 | EF71: 8 | EG71: Материалы строительные | EH71: 0 | EJ71: 1 | EK71: 1100 | EL71: Материалы, изделия и конструкции | EM71: материалы (03) | EQ71: 0 | ER71: 30.83 | ES71: 30.83 | ET71: 0 | EU71: 0 | EV71: 0 | EW71: 0 | EX71: 0 | EY71: 0 | EZ71: 5 | FC71: 0 | FD71: 18 | FF71: 30.83 | FQ71: 0 | FR71: =ROUND(IF(AND(BH71=3,BI71=3),P71,0),2) -> 0 | FS71: 0 | FX71: 0 | FY71: 0 | GD71: 1 | GF71: -1779708610 | GG71: 2 | GH71: 3 | GI71: 4 | GJ71: 0 | GK71: 0 | GL71: =ROUND(IF(AND(BH71=3,BI71=3,FS71<>0),P71,0),2) -> 0 | GM71: =ROUND(O71+X71+Y71,2)+GX71 -> 2104.7 | GN71: =IF(OR(BI71=0,BI71=1),ROUND(O71+X71+Y71,2),0) -> 2104.7 | GO71: =IF(BI71=2,ROUND(O71+X71+Y71,2),0) -> 0 | GP71: =IF(BI71=4,ROUND(O71+X71+Y71,2)+GX71,0) -> 0 | GR71: 1 | GS71: 1 | GT71: 0 | GV71: =ROUND((GT71),6) -> 0 | GW71: 1 | GX71: =ROUND(HC71*I71,2) -> 0 | HA71: 0 | HB71: 0 | HC71: =GV71*GW71 -> 0 | HG71: =ROUND(AC71*I71,0) -> 12986 | HI71: =ROUND(R71*BS71,0) -> 0 | HJ71: =ROUND(S71*BA71,0) -> 0 | HK71: =ROUND((((HJ71+HI71)*AT71)/100),0) -> 0 | HL71: =ROUND((((HJ71+HI71)*AU71)/100),0) -> 0 | IK71: 0
A72: 17 | B72: 1 | C72: =ROW(SmtRes!A30) -> 30 | D72: =ROW(EtalonRes!A33) -> 33 | E72: 6 | F72: 15-04-019-5 | G72: Окраска фасадов акриловыми составами с лесов вручную с подготовкой поверхности | H72: 100 м2 окрашиваемой поверхности | I72: =ROUND(11.7/100,7) -> 0.117 | J72: 0 | K72: =ROUND(11.7/100,7) -> 0.117 | O72: =ROUND(CP72,2) -> 91.96 | P72: =ROUND(CQ72*I72,2) -> 71.55 | Q72: =ROUND(CR72*I72,2) -> 1.26 | R72: =ROUND(CS72*I72,2) -> 0 | S72: =ROUND(CT72*I72,2) -> 19.15 | T72: =ROUND(CU72*I72,2) -> 0 | U72: =CV72*I72 -> 2.1353085 | V72: =CW72*I72 -> 0 | W72: =ROUND(CX72*I72,2) -> 0 | X72: =ROUND(CY72,2) -> 17.24 | Y72: =ROUND(CZ72,2) -> 7.98 | AA72: 31028412 | AB72: =ROUND((AC72+AD72+AF72),6) -> 785.99478 | AC72: =ROUND((ES72),6) -> 611.53 | AD72: =ROUND(((((ET72*ROUND((1.25*1.15),7)))-((EU72*ROUND((1.25*1.15),7))))+AE72),6) -> 10.7525 | AE72: =ROUND(((EU72*ROUND((1.25*1.15),7))),6) -> 0 | AF72: =ROUND(((EV72*ROUND((1.15*1.15),7))),6) -> 163.71228 | AG72: =ROUND((AP72),6) -> 0 | AH72: =((EW72*ROUND((1.15*1.15),7))) -> 18.2505 | AI72: =((EX72*ROUND((1.25*1.15),7))) -> 0 | AJ72: =(AS72) -> 0 | AK72: 742.8 | AL72: 611.53 | AM72: 7.48 | AN72: 0 | AO72: 123.79 | AP72: 0 | AQ72: 13.8 | AR72: 0 | AS72: 0 | AT72: 90 | AU72: 41.65 | AV72: 1 | AW72: 1 | AZ72: 1 | BA72: 24.22 | BB72: 1 | BC72: 1 | BH72: 0 | BI72: 1 | BJ72: ТЕР (ред.2014)Тверской обл.изм.2,пр. № 337/пр,сб.15,гл.04,табл.019,поз.5 | BM72: 15001 | BN72: 0 | BO72: Приложение №2 к письму Минстроя России от03.06.2021 №23038-ИФ/09; Приложение №2 к письму Минстроя России от03.06.2021 №23038-ИФ/09; Приложение №2 к письму Минстроя России от03.06.2021 №23038-ИФ/09.; Приложение №2 к письму Минстроя России от03.06.2021 №23038-ИФ/09.; | BP72: 1 | BQ72: 2 | BR72: 0 | BS72: 24.22 | BT72: 1 | BU72: 1 | BV72: 1 | BW72: 1 | BX72: 1 | BZ72: 100 | CA72: 49 | CE72: 0 | CF72: 0 | CG72: 0 | CM72: 0 | CO72: 0 | CP72: =(P72+Q72+S72) -> 91.96 | CQ72: =AC72*BC72 -> 611.53 | CR72: =AD72*BB72 -> 10.7525 | CS72: =AE72 -> 0 | CT72: =AF72 -> 163.71228 | CU72: =AG72 -> 0 | CV72: =AH72 -> 18.2505 | CW72: =AI72 -> 0 | CX72: =AJ72 -> 0 | CY72: =(((S72+R72)*AT72)/100) -> 17.235 | CZ72: =(((S72+R72)*AU72)/100) -> 7.975975 | DE72: *1,25*1,15 | DF72: *1,25*1,15 | DG72: *1,15*1,15 | DI72: *1,15*1,15 | DJ72: *1,25*1,15 | DN72: 0 | DO72: 0 | DP72: 1 | DQ72: 1 | DU72: 1005 | DV72: 100 м2 окрашиваемой поверхности | DW72: 100 м2 окрашиваемой поверхности | DX72: 100 | EE72: 30852936 | EF72: 2 | EG72: Общестроительные работы | EH72: 0 | EJ72: 1 | EK72: 15001 | EL72: Отделочные работы | EM72: ФЕР-15 | EQ72: 131072 | ER72: 742.8 | ES72: 611.53 | ET72: 7.48 | EU72: 0 | EV72: 123.79 | EW72: 13.8 | EX72: 0 | EY72: 0 | FQ72: 0 | FR72: =ROUND(IF(AND(BH72=3,BI72=3),P72,0),2) -> 0 | FS72: 0 | FT72: *0,9 | FU72: *0,85 | FX72: 90 | FY72: 41.65 | GD72: 1 | GF72: -1294516075 | GG72: 2 | GH72: 1 | GI72: 4 | GJ72: 0 | GK72: 0 | GL72: =ROUND(IF(AND(BH72=3,BI72=3,FS72<>0),P72,0),2) -> 0 | GM72: =ROUND(O72+X72+Y72,2)+GX72 -> 117.18 | GN72: =IF(OR(BI72=0,BI72=1),ROUND(O72+X72+Y72,2),0) -> 117.18 | GO72: =IF(BI72=2,ROUND(O72+X72+Y72,2),0) -> 0 | GP72: =IF(BI72=4,ROUND(O72+X72+Y72,2)+GX72,0) -> 0 | GR72: 0 | GS72: 3 | GT72: 0 | GV72: =ROUND((GT72),6) -> 0 | GW72: 1 | GX72: =ROUND(HC72*I72,2) -> 0 | HA72: 0 | HB72: 0 | HC72: =GV72*GW72 -> 0 | HI72: =ROUND(R72*BS72,0) -> 0 | HJ72: =ROUND(S72*BA72,0) -> 464 | HK72: =ROUND((((HJ72+HI72)*AT72)/100),0) -> 418 | HL72: =ROUND((((HJ72+HI72)*AU72)/100),0) -> 193 | IK72: 0
A73: 17 | B73: 1 | E73: 7 | F73: 101-4163 | G73: Грунтовка акриловая НОРТЕКС-ГРУНТ | H73: кг | I73: =ROUND(I72*-13,7) -> -1.521 | J73: 0 | K73: =ROUND(I72*-13,7) -> -1.521 | O73: =ROUND(CP73,2) -> -25.22 | P73: =ROUND(CQ73*I73,2) -> -25.22 | Q73: =ROUND(CR73*I73,2) -> 0 | R73: =ROUND(CS73*I73,2) -> 0 | S73: =ROUND(CT73*I73,2) -> 0 | T73: =ROUND(CU73*I73,2) -> 0 | U73: =CV73*I73 -> 0 | V73: =CW73*I73 -> 0 | W73: =ROUND(CX73*I73,2) -> 0 | X73: =ROUND(CY73,2) -> 0 | Y73: =ROUND(CZ73,2) -> 0 | AA73: 31028412 | AB73: =ROUND((AC73+AD73+AF73),6) -> 16.58 | AC73: =ROUND((ES73),6) -> 16.58 | AD73: =ROUND((((ET73)-(EU73))+AE73),6) -> 0 | AE73: =ROUND((EU73),6) -> 0 | AF73: =ROUND((EV73),6) -> 0 | AG73: =ROUND((AP73),6) -> 0 | AH73: =(EW73) -> 0 | AI73: =(EX73) -> 0 | AJ73: =(AS73) -> 0 | AK73: 16.58 | AL73: 16.58 | AM73: 0 | AN73: 0 | AO73: 0 | AP73: 0 | AQ73: 0 | AR73: 0 | AS73: 0 | AT73: 0 | AU73: 0 | AV73: 1 | AW73: 1 | AZ73: 1 | BA73: 1 | BB73: 1 | BC73: 1 | BH73: 3 | BI73: 1 | BJ73: ССЦ Тверской обл. (редакции 2014), пр. № 337/пр, сб.101, поз.4163 | BM73: 500001 | BN73: 0 | BO73: Приложение №2 к письму Минстроя России от03.06.2021 №23038-ИФ/09 | BP73: 1 | BQ73: 8 | BR73: 1 | BS73: 1 | BT73: 1 | BU73: 1 | BV73: 1 | BW73: 1 | BX73: 1 | BZ73: 0 | CA73: 0 | CE73: 0 | CF73: 0 | CG73: 0 | CM73: 0 | CO73: 0 | CP73: =(P73+Q73+S73) -> -25.22 | CQ73: =AC73*BC73 -> 16.58 | CR73: =AD73*BB73 -> 0 | CS73: =AE73 -> 0 | CT73: =AF73 -> 0 | CU73: =AG73 -> 0 | CV73: =AH73 -> 0 | CW73: =AI73 -> 0 | CX73: =AJ73 -> 0 | CY73: =(((S73+R73)*AT73)/100) -> 0 | CZ73: =(((S73+R73)*AU73)/100) -> 0 | DN73: 0 | DO73: 0 | DP73: 1 | DQ73: 1 | DU73: 1009 | DV73: кг | DW73: кг | DX73: 1 | EE73: 30852824 | EF73: 8 | EG73: Материалы строительные | EH73: 0 | EJ73: 1 | EK73: 500001 | EL73: Материалы и конструкции ( строительные ) по ценникам и каталогом | EM73: ФССЦст | EQ73: 32768 | ER73: 16.58 | ES73: 16.58 | ET73: 0 | EU73: 0 | EV73: 0 | EW73: 0 | EX73: 0 | EY73: 0 | FQ73: 0 | FR73: =ROUND(IF(AND(BH73=3,BI73=3),P73,0),2) -> 0 | FS73: 0 | FX73: 0 | FY73: 0 | GD73: 1 | GF73: 827323639 | GG73: 2 | GH73: 1 | GI73: 4 | GJ73: 0 | GK73: 0 | GL73: =ROUND(IF(AND(BH73=3,BI73=3,FS73<>0),P73,0),2) -> 0 | GM73: =ROUND(O73+X73+Y73,2)+GX73 -> -25.22 | GN73: =IF(OR(BI73=0,BI73=1),ROUND(O73+X73+Y73,2),0) -> -25.22 | GO73: =IF(BI73=2,ROUND(O73+X73+Y73,2),0) -> 0 | GP73: =IF(BI73=4,ROUND(O73+X73+Y73,2)+GX73,0) -> 0 | GR73: 0 | GS73: 3 | GT73: 0 | GV73: =ROUND((GT73),6) -> 0 | GW73: 1 | GX73: =ROUND(HC73*I73,2) -> 0 | HA73: 0 | HB73: 0 | HC73: =GV73*GW73 -> 0 | HI73: =ROUND(R73*BS73,0) -> 0 | HJ73: =ROUND(S73*BA73,0) -> 0 | HK73: =ROUND((((HJ73+HI73)*AT73)/100),0) -> 0 | HL73: =ROUND((((HJ73+HI73)*AU73)/100),0) -> 0 | IK73: 0
A74: 17 | B74: 1 | E74: 8 | F74: 101-3469 | G74: Краска фактурная ВД-АК-1180, фасадная ВГТ | H74: т | I74: =ROUND(I72*-0.038,7) -> -0.004446 | J74: 0 | K74: =ROUND(I72*-0.038,7) -> -0.004446 | O74: =ROUND(CP74,2) -> -33.08 | P74: =ROUND(CQ74*I74,2) -> -33.08 | Q74: =ROUND(CR74*I74,2) -> 0 | R74: =ROUND(CS74*I74,2) -> 0 | S74: =ROUND(CT74*I74,2) -> 0 | T74: =ROUND(CU74*I74,2) -> 0 | U74: =CV74*I74 -> 0 | V74: =CW74*I74 -> 0 | W74: =ROUND(CX74*I74,2) -> 0 | X74: =ROUND(CY74,2) -> 0 | Y74: =ROUND(CZ74,2) -> 0 | AA74: 31028412 | AB74: =ROUND((AC74+AD74+AF74),6) -> 7439.37 | AC74: =ROUND((ES74),6) -> 7439.37 | AD74: =ROUND((((ET74)-(EU74))+AE74),6) -> 0 | AE74: =ROUND((EU74),6) -> 0 | AF74: =ROUND((EV74),6) -> 0 | AG74: =ROUND((AP74),6) -> 0 | AH74: =(EW74) -> 0 | AI74: =(EX74) -> 0 | AJ74: =(AS74) -> 0 | AK74: 7439.37 | AL74: 7439.37 | AM74: 0 | AN74: 0 | AO74: 0 | AP74: 0 | AQ74: 0 | AR74: 0 | AS74: 0 | AT74: 0 | AU74: 0 | AV74: 1 | AW74: 1 | AZ74: 1 | BA74: 1 | BB74: 1 | BC74: 1 | BH74: 3 | BI74: 1 | BJ74: ССЦ Тверской обл. (редакции 2014), пр. № 337/пр, сб.101, поз.3469 | BM74: 500001 | BN74: 0 | BO74: Приложение №2 к письму Минстроя России от03.06.2021 №23038-ИФ/09 | BP74: 1 | BQ74: 8 | BR74: 1 | BS74: 1 | BT74: 1 | BU74: 1 | BV74: 1 | BW74: 1 | BX74: 1 | BZ74: 0 | CA74: 0 | CE74: 0 | CF74: 0 | CG74: 0 | CM74: 0 | CO74: 0 | CP74: =(P74+Q74+S74) -> -33.08 | CQ74: =AC74*BC74 -> 7439.37 | CR74: =AD74*BB74 -> 0 | CS74: =AE74 -> 0 | CT74: =AF74 -> 0 | CU74: =AG74 -> 0 | CV74: =AH74 -> 0 | CW74: =AI74 -> 0 | CX74: =AJ74 -> 0 | CY74: =(((S74+R74)*AT74)/100) -> 0 | CZ74: =(((S74+R74)*AU74)/100) -> 0 | DN74: 0 | DO74: 0 | DP74: 1 | DQ74: 1 | DU74: 1009 | DV74: т | DW74: т | DX74: 1000 | EE74: 30852824 | EF74: 8 | EG74: Материалы строительные | EH74: 0 | EJ74: 1 | EK74: 500001 | EL74: Материалы и конструкции ( строительные ) по ценникам и каталогом | EM74: ФССЦст | EQ74: 32768 | ER74: 7439.37 | ES74: 7439.37 | ET74: 0 | EU74: 0 | EV74: 0 | EW74: 0 | EX74: 0 | EY74: 0 | FQ74: 0 | FR74: =ROUND(IF(AND(BH74=3,BI74=3),P74,0),2) -> 0 | FS74: 0 | FX74: 0 | FY74: 0 | GD74: 1 | GF74: 1384949503 | GG74: 2 | GH74: 1 | GI74: 4 | GJ74: 0 | GK74: 0 | GL74: =ROUND(IF(AND(BH74=3,BI74=3,FS74<>0),P74,0),2) -> 0 | GM74: =ROUND(O74+X74+Y74,2)+GX74 -> -33.08 | GN74: =IF(OR(BI74=0,BI74=1),ROUND(O74+X74+Y74,2),0) -> -33.08 | GO74: =IF(BI74=2,ROUND(O74+X74+Y74,2),0) -> 0 | GP74: =IF(BI74=4,ROUND(O74+X74+Y74,2)+GX74,0) -> 0 | GR74: 0 | GS74: 3 | GT74: 0 | GV74: =ROUND((GT74),6) -> 0 | GW74: 1 | GX74: =ROUND(HC74*I74,2) -> 0 | HA74: 0 | HB74: 0 | HC74: =GV74*GW74 -> 0 | HI74: =ROUND(R74*BS74,0) -> 0 | HJ74: =ROUND(S74*BA74,0) -> 0 | HK74: =ROUND((((HJ74+HI74)*AT74)/100),0) -> 0 | HL74: =ROUND((((HJ74+HI74)*AU74)/100),0) -> 0 | IK74: 0
A75: 17 | B75: 1 | E75: 9 | F75: ТЦ-14.4.00.00_69_ | G75: Краска акриловая CAPAROL AmphiSilan plus (886,25/6,17) | H75: л | I75: 4.68 | J75: 0 | K75: 4.68 | O75: =ROUND(CP75,2) -> 672.29 | P75: =ROUND(ROUND(CQ75*I75,0)/BC75,2) -> 672.29 | Q75: =ROUND(CR75*I75,2) -> 0 | R75: =ROUND(CS75*I75,2) -> 0 | S75: =ROUND(CT75*I75,2) -> 0 | T75: =ROUND(CU75*I75,2) -> 0 | U75: =CV75*I75 -> 0 | V75: =CW75*I75 -> 0 | W75: =ROUND(CX75*I75,2) -> 0 | X75: =ROUND(CY75,2) -> 0 | Y75: =ROUND(CZ75,2) -> 0 | AA75: 31028412 | AB75: =ROUND((AC75+AD75+AF75),6) -> 886.25 | AC75: =ROUND((ES75),6) -> 886.25 | AD75: =ROUND((((ET75)-(EU75))+AE75),6) -> 0 | AE75: =ROUND((EU75),6) -> 0 | AF75: =ROUND((EV75),6) -> 0 | AG75: =ROUND((AP75),6) -> 0 | AH75: =(EW75) -> 0 | AI75: =(EX75) -> 0 | AJ75: =(AS75) -> 0 | AK75: 886.25 | AL75: 886.25 | AM75: 0 | AN75: 0 | AO75: 0 | AP75: 0 | AQ75: 0 | AR75: 0 | AS75: 0 | AT75: 0 | AU75: 0 | AV75: 1 | AW75: 1 | AZ75: 1 | BA75: 1 | BB75: 1 | BC75: 6.17 | BH75: 3 | BI75: 1 | BM75: 1100 | BN75: 0 | BO75: Приложение №2 к письму Минстроя России от03.06.2021 №23038-ИФ/09 | BP75: 1 | BQ75: 8 | BR75: 0 | BS75: 1 | BT75: 1 | BU75: 1 | BV75: 1 | BW75: 1 | BX75: 1 | BZ75: 0 | CA75: 0 | CE75: 0 | CF75: 0 | CG75: 0 | CM75: 0 | CO75: 0 | CP75: =(P75+Q75+S75) -> 672.29 | CQ75: =AC75 -> 886.25 | CR75: =AD75*BB75 -> 0 | CS75: =AE75 -> 0 | CT75: =AF75 -> 0 | CU75: =AG75 -> 0 | CV75: =AH75 -> 0 | CW75: =AI75 -> 0 | CX75: =AJ75 -> 0 | CY75: =(((S75+R75)*AT75)/100) -> 0 | CZ75: =(((S75+R75)*AU75)/100) -> 0 | DN75: 0 | DO75: 0 | DP75: 1 | DQ75: 1 | DU75: 1002 | DV75: л | DW75: л | DX75: 1 | EE75: 30853118 | EF75: 8 | EG75: Материалы строительные | EH75: 0 | EJ75: 1 | EK75: 1100 | EL75: Материалы, изделия и конструкции | EM75: материалы (03) | EQ75: 0 | ER75: 886.25 | ES75: 886.25 | ET75: 0 | EU75: 0 | EV75: 0 | EW75: 0 | EX75: 0 | EY75: 0 | EZ75: 5 | FC75: 0 | FD75: 18 | FF75: 886.25 | FQ75: 0 | FR75: =ROUND(IF(AND(BH75=3,BI75=3),P75,0),2) -> 0 | FS75: 0 | FX75: 0 | FY75: 0 | GD75: 1 | GF75: -606846823 | GG75: 2 | GH75: 3 | GI75: 4 | GJ75: 0 | GK75: 0 | GL75: =ROUND(IF(AND(BH75=3,BI75=3,FS75<>0),P75,0),2) -> 0 | GM75: =ROUND(O75+X75+Y75,2)+GX75 -> 672.29 | GN75: =IF(OR(BI75=0,BI75=1),ROUND(O75+X75+Y75,2),0) -> 672.29 | GO75: =IF(BI75=2,ROUND(O75+X75+Y75,2),0) -> 0 | GP75: =IF(BI75=4,ROUND(O75+X75+Y75,2)+GX75,0) -> 0 | GR75: 1 | GS75: 1 | GT75: 0 | GV75: =ROUND((GT75),6) -> 0 | GW75: 1 | GX75: =ROUND(HC75*I75,2) -> 0 | HA75: 0 | HB75: 0 | HC75: =GV75*GW75 -> 0 | HG75: =ROUND(AC75*I75,0) -> 4148 | HI75: =ROUND(R75*BS75,0) -> 0 | HJ75: =ROUND(S75*BA75,0) -> 0 | HK75: =ROUND((((HJ75+HI75)*AT75)/100),0) -> 0 | HL75: =ROUND((((HJ75+HI75)*AU75)/100),0) -> 0 | IK75: 0
A76: 17 | B76: 1 | E76: 10 | F76: ТЦ-14.4.00.00_69_ | G76: Грунтовка акриловая CAPAROL Putzfestiger (724,17/6,17) | H76: л | I76: 3.51 | J76: 0 | K76: 3.51 | O76: =ROUND(CP76,2) -> 411.99 | P76: =ROUND(ROUND(CQ76*I76,0)/BC76,2) -> 411.99 | Q76: =ROUND(CR76*I76,2) -> 0 | R76: =ROUND(CS76*I76,2) -> 0 | S76: =ROUND(CT76*I76,2) -> 0 | T76: =ROUND(CU76*I76,2) -> 0 | U76: =CV76*I76 -> 0 | V76: =CW76*I76 -> 0 | W76: =ROUND(CX76*I76,2) -> 0 | X76: =ROUND(CY76,2) -> 0 | Y76: =ROUND(CZ76,2) -> 0 | AA76: 31028412 | AB76: =ROUND((AC76+AD76+AF76),6) -> 724.17 | AC76: =ROUND((ES76),6) -> 724.17 | AD76: =ROUND((((ET76)-(EU76))+AE76),6) -> 0 | AE76: =ROUND((EU76),6) -> 0 | AF76: =ROUND((EV76),6) -> 0 | AG76: =ROUND((AP76),6) -> 0 | AH76: =(EW76) -> 0 | AI76: =(EX76) -> 0 | AJ76: =(AS76) -> 0 | AK76: 724.17 | AL76: 724.17 | AM76: 0 | AN76: 0 | AO76: 0 | AP76: 0 | AQ76: 0 | AR76: 0 | AS76: 0 | AT76: 0 | AU76: 0 | AV76: 1 | AW76: 1 | AZ76: 1 | BA76: 1 | BB76: 1 | BC76: 6.17 | BH76: 3 | BI76: 1 | BM76: 1100 | BN76: 0 | BO76: Приложение №2 к письму Минстроя России от03.06.2021 №23038-ИФ/09 | BP76: 1 | BQ76: 8 | BR76: 0 | BS76: 1 | BT76: 1 | BU76: 1 | BV76: 1 | BW76: 1 | BX76: 1 | BZ76: 0 | CA76: 0 | CE76: 0 | CF76: 0 | CG76: 0 | CM76: 0 | CO76: 0 | CP76: =(P76+Q76+S76) -> 411.99 | CQ76: =AC76 -> 724.17 | CR76: =AD76*BB76 -> 0 | CS76: =AE76 -> 0 | CT76: =AF76 -> 0 | CU76: =AG76 -> 0 | CV76: =AH76 -> 0 | CW76: =AI76 -> 0 | CX76: =AJ76 -> 0 | CY76: =(((S76+R76)*AT76)/100) -> 0 | CZ76: =(((S76+R76)*AU76)/100) -> 0 | DN76: 0 | DO76: 0 | DP76: 1 | DQ76: 1 | DU76: 1002 | DV76: л | DW76: л | DX76: 1 | EE76: 30853118 | EF76: 8 | EG76: Материалы строительные | EH76: 0 | EJ76: 1 | EK76: 1100 | EL76: Материалы, изделия и конструкции | EM76: материалы (03) | EQ76: 0 | ER76: 724.17 | ES76: 724.17 | ET76: 0 | EU76: 0 | EV76: 0 | EW76: 0 | EX76: 0 | EY76: 0 | EZ76: 5 | FC76: 0 | FD76: 18 | FF76: 724.17 | FQ76: 0 | FR76: =ROUND(IF(AND(BH76=3,BI76=3),P76,0),2) -> 0 | FS76: 0 | FX76: 0 | FY76: 0 | GD76: 1 | GF76: 71410718 | GG76: 2 | GH76: 3 | GI76: 4 | GJ76: 0 | GK76: 0 | GL76: =ROUND(IF(AND(BH76=3,BI76=3,FS76<>0),P76,0),2) -> 0 | GM76: =ROUND(O76+X76+Y76,2)+GX76 -> 411.99 | GN76: =IF(OR(BI76=0,BI76=1),ROUND(O76+X76+Y76,2),0) -> 411.99 | GO76: =IF(BI76=2,ROUND(O76+X76+Y76,2),0) -> 0 | GP76: =IF(BI76=4,ROUND(O76+X76+Y76,2)+GX76,0) -> 0 | GR76: 1 | GS76: 1 | GT76: 0 | GV76: =ROUND((GT76),6) -> 0 | GW76: 1 | GX76: =ROUND(HC76*I76,2) -> 0 | HA76: 0 | HB76: 0 | HC76: =GV76*GW76 -> 0 | HG76: =ROUND(AC76*I76,0) -> 2542 | HI76: =ROUND(R76*BS76,0) -> 0 | HJ76: =ROUND(S76*BA76,0) -> 0 | HK76: =ROUND((((HJ76+HI76)*AT76)/100),0) -> 0 | HL76: =ROUND((((HJ76+HI76)*AU76)/100),0) -> 0 | IK76: 0
A77: 17 | B77: 1 | C77: =ROW(SmtRes!A35) -> 35 | D77: =ROW(EtalonRes!A40) -> 40 | E77: 11 | F77: 53-16-1 | G77: Ремонт кирпичной кладки стен отдельными местами | H77: 1 м3 кладки | I77: =ROUND(2.5*0.38,7) -> 0.95 | J77: 0 | K77: =ROUND(2.5*0.38,7) -> 0.95 | O77: =ROUND(CP77,2) -> 1068.71 | P77: =ROUND(CQ77*I77,2) -> 738 | Q77: =ROUND(CR77*I77,2) -> 31.45 | R77: =ROUND(CS77*I77,2) -> 6.12 | S77: =ROUND(CT77*I77,2) -> 299.26 | T77: =ROUND(CU77*I77,2) -> 0 | U77: =CV77*I77 -> 38.663575 | V77: =CW77*I77 -> 0.469775 | W77: =ROUND(CX77*I77,2) -> 0 | X77: =ROUND(CY77,2) -> 280.95 | Y77: =ROUND(CZ77,2) -> 158.8 | AA77: 31028412 | AB77: =ROUND((AC77+AD77+AF77),6) -> 1124.9565 | AC77: =ROUND((ES77),6) -> 776.84 | AD77: =ROUND(((((ET77*ROUND(1.15,7)))-((EU77*ROUND(1.15,7))))+AE77),6) -> 33.1085 | AE77: =ROUND(((EU77*ROUND(1.15,7))),6) -> 6.44 | AF77: =ROUND(((EV77*ROUND(1.15,7))),6) -> 315.008 | AG77: =ROUND((AP77),6) -> 0 | AH77: =((EW77*ROUND(1.15,7))) -> 40.6985 | AI77: =((EX77*ROUND(1.15,7))) -> 0.4945 | AJ77: =(AS77) -> 0 | AK77: 1079.55 | AL77: 776.84 | AM77: 28.79 | AN77: 5.6 | AO77: 273.92 | AP77: 0 | AQ77: 35.39 | AR77: 0.43 | AS77: 0 | AT77: 92 | AU77: 52 | AV77: 1 | AW77: 1 | AZ77: 1 | BA77: 24.22 | BB77: 1 | BC77: 1 | BH77: 0 | BI77: 1 | BJ77: ТЕР (ред.2014)Тверской обл.изм.2,пр. № 337/пр,сб.53,гл.,табл.16,поз.1 | BM77: 53001 | BN77: 0 | BO77: Приложение №2 к письму Минстроя России от03.06.2021 №23038-ИФ/09; Приложение №2 к письму Минстроя России от03.06.2021 №23038-ИФ/09; Приложение №2 к письму Минстроя России от03.06.2021 №23038-ИФ/09.; Приложение №2 к письму Минстроя России от03.06.2021 №23038-ИФ/09.; | BP77: 1 | BQ77: 6 | BR77: 0 | BS77: 24.22 | BT77: 1 | BU77: 1 | BV77: 1 | BW77: 1 | BX77: 1 | BZ77: 92 | CA77: 52 | CE77: 0 | CF77: 0 | CG77: 0 | CM77: 0 | CO77: 0 | CP77: =(P77+Q77+S77) -> 1068.71 | CQ77: =AC77*BC77 -> 776.84 | CR77: =AD77*BB77 -> 33.1085 | CS77: =AE77 -> 6.44 | CT77: =AF77 -> 315.008 | CU77: =AG77 -> 0 | CV77: =AH77 -> 40.6985 | CW77: =AI77 -> 0.4945 | CX77: =AJ77 -> 0 | CY77: =(((S77+R77)*AT77)/100) -> 280.9496 | CZ77: =(((S77+R77)*AU77)/100) -> 158.7976 | DE77: *1,15 | DF77: *1,15 | DG77: *1,15 | DI77: *1,15 | DJ77: *1,15 | DN77: 0 | DO77: 0 | DP77: 1 | DQ77: 1 | DU77: 1013 | DV77: 1 м3 кладки | DW77: 1 м3 кладки | DX77: 1 | EE77: 30853005 | EF77: 6 | EG77: Ремонтно-строительные работы | EH77: 0 | EJ77: 1 | EK77: 53001 | EL77: Стены | EM77: рФЕР-53 | EQ77: 131072 | ER77: 1079.55 | ES77: 776.84 | ET77: 28.79 | EU77: 5.6 | EV77: 273.92 | EW77: 35.39 | EX77: 0.43 | EY77: 0 | FQ77: 0 | FR77: =ROUND(IF(AND(BH77=3,BI77=3),P77,0),2) -> 0 | FS77: 0 | FX77: 92 | FY77: 52 | GD77: 1 | GF77: 1339347058 | GG77: 2 | GH77: 1 | GI77: 4 | GJ77: 0 | GK77: 0 | GL77: =ROUND(IF(AND(BH77=3,BI77=3,FS77<>0),P77,0),2) -> 0 | GM77: =ROUND(O77+X77+Y77,2)+GX77 -> 1508.46 | GN77: =IF(OR(BI77=0,BI77=1),ROUND(O77+X77+Y77,2),0) -> 1508.46 | GO77: =IF(BI77=2,ROUND(O77+X77+Y77,2),0) -> 0 | GP77: =IF(BI77=4,ROUND(O77+X77+Y77,2)+GX77,0) -> 0 | GR77: 0 | GS77: 0 | GT77: 0 | GV77: =ROUND((GT77),6) -> 0 | GW77: 1 | GX77: =ROUND(HC77*I77,2) -> 0 | HA77: 0 | HB77: 0 | HC77: =GV77*GW77 -> 0 | HI77: =ROUND(R77*BS77,0) -> 148 | HJ77: =ROUND(S77*BA77,0) -> 7248 | HK77: =ROUND((((HJ77+HI77)*AT77)/100),0) -> 6804 | HL77: =ROUND((((HJ77+HI77)*AU77)/100),0) -> 3846 | IK77: 0
A78: 17 | B78: 1 | E78: 12 | F78: 404-0005 | G78: Кирпич керамический одинарный, размером 250х120х65 мм, марка 100 | H78: 1000 шт. | I78: =ROUND(I77*-0.402,7) -> -0.3819 | J78: 0 | K78: =ROUND(I77*-0.402,7) -> -0.3819 | O78: =ROUND(CP78,2) -> -634.99 | P78: =ROUND(CQ78*I78,2) -> -634.99 | Q78: =ROUND(CR78*I78,2) -> 0 | R78: =ROUND(CS78*I78,2) -> 0 | S78: =ROUND(CT78*I78,2) -> 0 | T78: =ROUND(CU78*I78,2) -> 0 | U78: =CV78*I78 -> 0 | V78: =CW78*I78 -> 0 | W78: =ROUND(CX78*I78,2) -> 0 | X78: =ROUND(CY78,2) -> 0 | Y78: =ROUND(CZ78,2) -> 0 | AA78: 31028412 | AB78: =ROUND((AC78+AD78+AF78),6) -> 1662.7 | AC78: =ROUND((ES78),6) -> 1662.7 | AD78: =ROUND((((ET78)-(EU78))+AE78),6) -> 0 | AE78: =ROUND((EU78),6) -> 0 | AF78: =ROUND((EV78),6) -> 0 | AG78: =ROUND((AP78),6) -> 0 | AH78: =(EW78) -> 0 | AI78: =(EX78) -> 0 | AJ78: =(AS78) -> 0 | AK78: 1662.7 | AL78: 1662.7 | AM78: 0 | AN78: 0 | AO78: 0 | AP78: 0 | AQ78: 0 | AR78: 0 | AS78: 0 | AT78: 0 | AU78: 0 | AV78: 1 | AW78: 1 | AZ78: 1 | BA78: 1 | BB78: 1 | BC78: 1 | BH78: 3 | BI78: 1 | BJ78: ССЦ Тверской обл. (редакции 2014), пр. № 337/пр, сб.404, поз.0005 | BM78: 500001 | BN78: 0 | BO78: Приложение №2 к письму Минстроя России от03.06.2021 №23038-ИФ/09 | BP78: 1 | BQ78: 8 | BR78: 1 | BS78: 1 | BT78: 1 | BU78: 1 | BV78: 1 | BW78: 1 | BX78: 1 | BZ78: 0 | CA78: 0 | CE78: 0 | CF78: 0 | CG78: 0 | CM78: 0 | CO78: 0 | CP78: =(P78+Q78+S78) -> -634.99 | CQ78: =AC78*BC78 -> 1662.7 | CR78: =AD78*BB78 -> 0 | CS78: =AE78 -> 0 | CT78: =AF78 -> 0 | CU78: =AG78 -> 0 | CV78: =AH78 -> 0 | CW78: =AI78 -> 0 | CX78: =AJ78 -> 0 | CY78: =(((S78+R78)*AT78)/100) -> 0 | CZ78: =(((S78+R78)*AU78)/100) -> 0 | DN78: 0 | DO78: 0 | DP78: 1 | DQ78: 1 | DU78: 1010 | DV78: 1000 шт. | DW78: 1000 шт. | DX78: 1000 | EE78: 30852824 | EF78: 8 | EG78: Материалы строительные | EH78: 0 | EJ78: 1 | EK78: 500001 | EL78: Материалы и конструкции ( строительные ) по ценникам и каталогом | EM78: ФССЦст | EQ78: 32768 | ER78: 1662.7 | ES78: 1662.7 | ET78: 0 | EU78: 0 | EV78: 0 | EW78: 0 | EX78: 0 | EY78: 0 | FQ78: 0 | FR78: =ROUND(IF(AND(BH78=3,BI78=3),P78,0),2) -> 0 | FS78: 0 | FX78: 0 | FY78: 0 | GD78: 1 | GF78: -1891761004 | GG78: 2 | GH78: 1 | GI78: 4 | GJ78: 0 | GK78: 0 | GL78: =ROUND(IF(AND(BH78=3,BI78=3,FS78<>0),P78,0),2) -> 0 | GM78: =ROUND(O78+X78+Y78,2)+GX78 -> -634.99 | GN78: =IF(OR(BI78=0,BI78=1),ROUND(O78+X78+Y78,2),0) -> -634.99 | GO78: =IF(BI78=2,ROUND(O78+X78+Y78,2),0) -> 0 | GP78: =IF(BI78=4,ROUND(O78+X78+Y78,2)+GX78,0) -> 0 | GR78: 0 | GS78: 0 | GT78: 0 | GV78: =ROUND((GT78),6) -> 0 | GW78: 1 | GX78: =ROUND(HC78*I78,2) -> 0 | HA78: 0 | HB78: 0 | HC78: =GV78*GW78 -> 0 | HI78: =ROUND(R78*BS78,0) -> 0 | HJ78: =ROUND(S78*BA78,0) -> 0 | HK78: =ROUND((((HJ78+HI78)*AT78)/100),0) -> 0 | HL78: =ROUND((((HJ78+HI78)*AU78)/100),0) -> 0 | IK78: 0
A79: 17 | B79: 1 | E79: 13 | F79: 402-0013 | G79: Раствор готовый кладочный цементно-известковый марки 50 | H79: м3 | I79: =ROUND(I77*-0.253,7) -> -0.24035 | J79: 0 | K79: =ROUND(I77*-0.253,7) -> -0.24035 | O79: =ROUND(CP79,2) -> -102.91 | P79: =ROUND(CQ79*I79,2) -> -102.91 | Q79: =ROUND(CR79*I79,2) -> 0 | R79: =ROUND(CS79*I79,2) -> 0 | S79: =ROUND(CT79*I79,2) -> 0 | T79: =ROUND(CU79*I79,2) -> 0 | U79: =CV79*I79 -> 0 | V79: =CW79*I79 -> 0 | W79: =ROUND(CX79*I79,2) -> 0 | X79: =ROUND(CY79,2) -> 0 | Y79: =ROUND(CZ79,2) -> 0 | AA79: 31028412 | AB79: =ROUND((AC79+AD79+AF79),6) -> 428.17 | AC79: =ROUND((ES79),6) -> 428.17 | AD79: =ROUND((((ET79)-(EU79))+AE79),6) -> 0 | AE79: =ROUND((EU79),6) -> 0 | AF79: =ROUND((EV79),6) -> 0 | AG79: =ROUND((AP79),6) -> 0 | AH79: =(EW79) -> 0 | AI79: =(EX79) -> 0 | AJ79: =(AS79) -> 0 | AK79: 428.17 | AL79: 428.17 | AM79: 0 | AN79: 0 | AO79: 0 | AP79: 0 | AQ79: 0 | AR79: 0 | AS79: 0 | AT79: 0 | AU79: 0 | AV79: 1 | AW79: 1 | AZ79: 1 | BA79: 1 | BB79: 1 | BC79: 1 | BH79: 3 | BI79: 1 | BJ79: ССЦ Тверской обл. (редакции 2014), пр. № 337/пр, сб.402, поз.0013 | BM79: 500001 | BN79: 0 | BO79: Приложение №2 к письму Минстроя России от03.06.2021 №23038-ИФ/09 | BP79: 1 | BQ79: 8 | BR79: 1 | BS79: 1 | BT79: 1 | BU79: 1 | BV79: 1 | BW79: 1 | BX79: 1 | BZ79: 0 | CA79: 0 | CE79: 0 | CF79: 0 | CG79: 0 | CM79: 0 | CO79: 0 | CP79: =(P79+Q79+S79) -> -102.91 | CQ79: =AC79*BC79 -> 428.17 | CR79: =AD79*BB79 -> 0 | CS79: =AE79 -> 0 | CT79: =AF79 -> 0 | CU79: =AG79 -> 0 | CV79: =AH79 -> 0 | CW79: =AI79 -> 0 | CX79: =AJ79 -> 0 | CY79: =(((S79+R79)*AT79)/100) -> 0 | CZ79: =(((S79+R79)*AU79)/100) -> 0 | DN79: 0 | DO79: 0 | DP79: 1 | DQ79: 1 | DU79: 1007 | DV79: м3 | DW79: м3 | DX79: 1 | EE79: 30852824 | EF79: 8 | EG79: Материалы строительные | EH79: 0 | EJ79: 1 | EK79: 500001 | EL79: Материалы и конструкции ( строительные ) по ценникам и каталогом | EM79: ФССЦст | EQ79: 32768 | ER79: 428.17 | ES79: 428.17 | ET79: 0 | EU79: 0 | EV79: 0 | EW79: 0 | EX79: 0 | EY79: 0 | FQ79: 0 | FR79: =ROUND(IF(AND(BH79=3,BI79=3),P79,0),2) -> 0 | FS79: 0 | FX79: 0 | FY79: 0 | GD79: 1 | GF79: 2037766963 | GG79: 2 | GH79: 1 | GI79: 4 | GJ79: 0 | GK79: 0 | GL79: =ROUND(IF(AND(BH79=3,BI79=3,FS79<>0),P79,0),2) -> 0 | GM79: =ROUND(O79+X79+Y79,2)+GX79 -> -102.91 | GN79: =IF(OR(BI79=0,BI79=1),ROUND(O79+X79+Y79,2),0) -> -102.91 | GO79: =IF(BI79=2,ROUND(O79+X79+Y79,2),0) -> 0 | GP79: =IF(BI79=4,ROUND(O79+X79+Y79,2)+GX79,0) -> 0 | GR79: 0 | GS79: 0 | GT79: 0 | GV79: =ROUND((GT79),6) -> 0 | GW79: 1 | GX79: =ROUND(HC79*I79,2) -> 0 | HA79: 0 | HB79: 0 | HC79: =GV79*GW79 -> 0 | HI79: =ROUND(R79*BS79,0) -> 0 | HJ79: =ROUND(S79*BA79,0) -> 0 | HK79: =ROUND((((HJ79+HI79)*AT79)/100),0) -> 0 | HL79: =ROUND((((HJ79+HI79)*AU79)/100),0) -> 0 | IK79: 0
A80: 17 | B80: 1 | E80: 14 | F80: 404-0007 | G80: Кирпич керамический одинарный, размером 250х120х65 мм, марка 150 | H80: 1000 шт. | I80: =ROUND((381.9)/1000,7) -> 0.3819 | J80: 0 | K80: =ROUND((381.9)/1000,7) -> 0.3819 | O80: =ROUND(CP80,2) -> 730.4 | P80: =ROUND(CQ80*I80,2) -> 730.4 | Q80: =ROUND(CR80*I80,2) -> 0 | R80: =ROUND(CS80*I80,2) -> 0 | S80: =ROUND(CT80*I80,2) -> 0 | T80: =ROUND(CU80*I80,2) -> 0 | U80: =CV80*I80 -> 0 | V80: =CW80*I80 -> 0 | W80: =ROUND(CX80*I80,2) -> 0 | X80: =ROUND(CY80,2) -> 0 | Y80: =ROUND(CZ80,2) -> 0 | AA80: 31028412 | AB80: =ROUND((AC80+AD80+AF80),6) -> 1912.53 | AC80: =ROUND((ES80),6) -> 1912.53 | AD80: =ROUND((((ET80)-(EU80))+AE80),6) -> 0 | AE80: =ROUND((EU80),6) -> 0 | AF80: =ROUND((EV80),6) -> 0 | AG80: =ROUND((AP80),6) -> 0 | AH80: =(EW80) -> 0 | AI80: =(EX80) -> 0 | AJ80: =(AS80) -> 0 | AK80: 1912.53 | AL80: 1912.53 | AM80: 0 | AN80: 0 | AO80: 0 | AP80: 0 | AQ80: 0 | AR80: 0 | AS80: 0 | AT80: 0 | AU80: 0 | AV80: 1 | AW80: 1 | AZ80: 1 | BA80: 1 | BB80: 1 | BC80: 1 | BH80: 3 | BI80: 1 | BJ80: ССЦ Тверской обл. (редакции 2014), пр. № 337/пр, сб.404, поз.0007 | BM80: 500001 | BN80: 0 | BO80: Приложение №2 к письму Минстроя России от03.06.2021 №23038-ИФ/09 | BP80: 1 | BQ80: 8 | BR80: 0 | BS80: 1 | BT80: 1 | BU80: 1 | BV80: 1 | BW80: 1 | BX80: 1 | BZ80: 0 | CA80: 0 | CE80: 0 | CF80: 0 | CG80: 0 | CM80: 0 | CO80: 0 | CP80: =(P80+Q80+S80) -> 730.4 | CQ80: =AC80*BC80 -> 1912.53 | CR80: =AD80*BB80 -> 0 | CS80: =AE80 -> 0 | CT80: =AF80 -> 0 | CU80: =AG80 -> 0 | CV80: =AH80 -> 0 | CW80: =AI80 -> 0 | CX80: =AJ80 -> 0 | CY80: =(((S80+R80)*AT80)/100) -> 0 | CZ80: =(((S80+R80)*AU80)/100) -> 0 | DN80: 0 | DO80: 0 | DP80: 1 | DQ80: 1 | DU80: 1010 | DV80: 1000 шт. | DW80: 1000 шт. | DX80: 1000 | EE80: 30852824 | EF80: 8 | EG80: Материалы строительные | EH80: 0 | EJ80: 1 | EK80: 500001 | EL80: Материалы и конструкции ( строительные ) по ценникам и каталогом | EM80: ФССЦст | EQ80: 0 | ER80: 1912.53 | ES80: 1912.53 | ET80: 0 | EU80: 0 | EV80: 0 | EW80: 0 | EX80: 0 | EY80: 0 | FQ80: 0 | FR80: =ROUND(IF(AND(BH80=3,BI80=3),P80,0),2) -> 0 | FS80: 0 | FX80: 0 | FY80: 0 | GD80: 1 | GF80: -1674372488 | GG80: 2 | GH80: 1 | GI80: 4 | GJ80: 0 | GK80: 0 | GL80: =ROUND(IF(AND(BH80=3,BI80=3,FS80<>0),P80,0),2) -> 0 | GM80: =ROUND(O80+X80+Y80,2)+GX80 -> 730.4 | GN80: =IF(OR(BI80=0,BI80=1),ROUND(O80+X80+Y80,2),0) -> 730.4 | GO80: =IF(BI80=2,ROUND(O80+X80+Y80,2),0) -> 0 | GP80: =IF(BI80=4,ROUND(O80+X80+Y80,2)+GX80,0) -> 0 | GR80: 0 | GS80: 3 | GT80: 0 | GV80: =ROUND((GT80),6) -> 0 | GW80: 1 | GX80: =ROUND(HC80*I80,2) -> 0 | HA80: 0 | HB80: 0 | HC80: =GV80*GW80 -> 0 | HI80: =ROUND(R80*BS80,0) -> 0 | HJ80: =ROUND(S80*BA80,0) -> 0 | HK80: =ROUND((((HJ80+HI80)*AT80)/100),0) -> 0 | HL80: =ROUND((((HJ80+HI80)*AU80)/100),0) -> 0 | IK80: 0
A81: 17 | B81: 1 | E81: 15 | F81: 402-0015 | G81: Раствор готовый кладочный цементно-известковый марки 100 | H81: м3 | I81: 0.24035 | J81: 0 | K81: 0.24035 | O81: =ROUND(CP81,2) -> 116.27 | P81: =ROUND(CQ81*I81,2) -> 116.27 | Q81: =ROUND(CR81*I81,2) -> 0 | R81: =ROUND(CS81*I81,2) -> 0 | S81: =ROUND(CT81*I81,2) -> 0 | T81: =ROUND(CU81*I81,2) -> 0 | U81: =CV81*I81 -> 0 | V81: =CW81*I81 -> 0 | W81: =ROUND(CX81*I81,2) -> 0 | X81: =ROUND(CY81,2) -> 0 | Y81: =ROUND(CZ81,2) -> 0 | AA81: 31028412 | AB81: =ROUND((AC81+AD81+AF81),6) -> 483.76 | AC81: =ROUND((ES81),6) -> 483.76 | AD81: =ROUND((((ET81)-(EU81))+AE81),6) -> 0 | AE81: =ROUND((EU81),6) -> 0 | AF81: =ROUND((EV81),6) -> 0 | AG81: =ROUND((AP81),6) -> 0 | AH81: =(EW81) -> 0 | AI81: =(EX81) -> 0 | AJ81: =(AS81) -> 0 | AK81: 483.76 | AL81: 483.76 | AM81: 0 | AN81: 0 | AO81: 0 | AP81: 0 | AQ81: 0 | AR81: 0 | AS81: 0 | AT81: 0 | AU81: 0 | AV81: 1 | AW81: 1 | AZ81: 1 | BA81: 1 | BB81: 1 | BC81: 1 | BH81: 3 | BI81: 1 | BJ81: ССЦ Тверской обл. (редакции 2014), пр. № 337/пр, сб.402, поз.0015 | BM81: 500001 | BN81: 0 | BO81: Приложение №2 к письму Минстроя России от03.06.2021 №23038-ИФ/09 | BP81: 1 | BQ81: 8 | BR81: 0 | BS81: 1 | BT81: 1 | BU81: 1 | BV81: 1 | BW81: 1 | BX81: 1 | BZ81: 0 | CA81: 0 | CE81: 0 | CF81: 0 | CG81: 0 | CM81: 0 | CO81: 0 | CP81: =(P81+Q81+S81) -> 116.27 | CQ81: =AC81*BC81 -> 483.76 | CR81: =AD81*BB81 -> 0 | CS81: =AE81 -> 0 | CT81: =AF81 -> 0 | CU81: =AG81 -> 0 | CV81: =AH81 -> 0 | CW81: =AI81 -> 0 | CX81: =AJ81 -> 0 | CY81: =(((S81+R81)*AT81)/100) -> 0 | CZ81: =(((S81+R81)*AU81)/100) -> 0 | DN81: 0 | DO81: 0 | DP81: 1 | DQ81: 1 | DU81: 1007 | DV81: м3 | DW81: м3 | DX81: 1 | EE81: 30852824 | EF81: 8 | EG81: Материалы строительные | EH81: 0 | EJ81: 1 | EK81: 500001 | EL81: Материалы и конструкции ( строительные ) по ценникам и каталогом | EM81: ФССЦст | EQ81: 131072 | ER81: 483.76 | ES81: 483.76 | ET81: 0 | EU81: 0 | EV81: 0 | EW81: 0 | EX81: 0 | EY81: 0 | FQ81: 0 | FR81: =ROUND(IF(AND(BH81=3,BI81=3),P81,0),2) -> 0 | FS81: 0 | FX81: 0 | FY81: 0 | GD81: 1 | GF81: -216866240 | GG81: 2 | GH81: 1 | GI81: 4 | GJ81: 0 | GK81: 0 | GL81: =ROUND(IF(AND(BH81=3,BI81=3,FS81<>0),P81,0),2) -> 0 | GM81: =ROUND(O81+X81+Y81,2)+GX81 -> 116.27 | GN81: =IF(OR(BI81=0,BI81=1),ROUND(O81+X81+Y81,2),0) -> 116.27 | GO81: =IF(BI81=2,ROUND(O81+X81+Y81,2),0) -> 0 | GP81: =IF(BI81=4,ROUND(O81+X81+Y81,2)+GX81,0) -> 0 | GR81: 0 | GS81: 0 | GT81: 0 | GV81: =ROUND((GT81),6) -> 0 | GW81: 1 | GX81: =ROUND(HC81*I81,2) -> 0 | HA81: 0 | HB81: 0 | HC81: =GV81*GW81 -> 0 | HI81: =ROUND(R81*BS81,0) -> 0 | HJ81: =ROUND(S81*BA81,0) -> 0 | HK81: =ROUND((((HJ81+HI81)*AT81)/100),0) -> 0 | HL81: =ROUND((((HJ81+HI81)*AU81)/100),0) -> 0 | IK81: 0
A82: 17 | B82: 1 | C82: =ROW(SmtRes!A40) -> 40 | D82: =ROW(EtalonRes!A46) -> 46 | E82: 16 | F82: 15-02-001-1 | G82: Улучшенная штукатурка фасадов цементно-известковым раствором по камню стен | H82: 100 м2 оштукатуриваемой поверхности | I82: =ROUND(2.7/100,7) -> 0.027 | J82: 0 | K82: =ROUND(2.7/100,7) -> 0.027 | O82: =ROUND(CP82,2) -> 54.97 | P82: =ROUND(CQ82*I82,2) -> 29.11 | Q82: =ROUND(CR82*I82,2) -> 2.35 | R82: =ROUND(CS82*I82,2) -> 0.93 | S82: =ROUND(CT82*I82,2) -> 23.51 | T82: =ROUND(CU82*I82,2) -> 0 | U82: =CV82*I82 -> 2.5309476 | V82: =CW82*I82 -> 0.10789875 | W82: =ROUND(CX82*I82,2) -> 0 | X82: =ROUND(CY82,2) -> 22 | Y82: =ROUND(CZ82,2) -> 10.18 | AA82: 31028412 | AB82: =ROUND((AC82+AD82+AF82),6) -> 2036.2486 | AC82: =ROUND((ES82),6) -> 1078.21 | AD82: =ROUND(((((ET82*ROUND((1.25*1.15),7)))-((EU82*ROUND((1.25*1.15),7))))+AE82),6) -> 87.19875 | AE82: =ROUND(((EU82*ROUND((1.25*1.15),7))),6) -> 34.370625 | AF82: =ROUND(((EV82*ROUND((1.15*1.15),7))),6) -> 870.8398 | AG82: =ROUND((AP82),6) -> 0 | AH82: =((EW82*ROUND((1.15*1.15),7))) -> 93.7388 | AI82: =((EX82*ROUND((1.25*1.15),7))) -> 3.99625 | AJ82: =(AS82) -> 0 | AK82: 1797.35 | AL82: 1078.21 | AM82: 60.66 | AN82: 23.91 | AO82: 658.48 | AP82: 0 | AQ82: 70.88 | AR82: 2.78 | AS82: 0 | AT82: 90 | AU82: 41.65 | AV82: 1 | AW82: 1 | AZ82: 1 | BA82: 24.22 | BB82: 1 | BC82: 1 | BH82: 0 | BI82: 1 | BJ82: ТЕР (ред.2014)Тверской обл.изм.2,пр. № 337/пр,сб.15,гл.02,табл.001,поз.1 | BM82: 15001 | BN82: 0 | BO82: Приложение №2 к письму Минстроя России от03.06.2021 №23038-ИФ/09; Приложение №2 к письму Минстроя России от03.06.2021 №23038-ИФ/09; Приложение №2 к письму Минстроя России от03.06.2021 №23038-ИФ/09.; Приложение №2 к письму Минстроя России от03.06.2021 №23038-ИФ/09.; | BP82: 1 | BQ82: 2 | BR82: 0 | BS82: 24.22 | BT82: 1 | BU82: 1 | BV82: 1 | BW82: 1 | BX82: 1 | BZ82: 100 | CA82: 49 | CE82: 0 | CF82: 0 | CG82: 0 | CM82: 0 | CO82: 0 | CP82: =(P82+Q82+S82) -> 54.97 | CQ82: =AC82*BC82 -> 1078.21 | CR82: =AD82*BB82 -> 87.19875 | CS82: =AE82 -> 34.370625 | CT82: =AF82 -> 870.8398 | CU82: =AG82 -> 0 | CV82: =AH82 -> 93.7388 | CW82: =AI82 -> 3.99625 | CX82: =AJ82 -> 0 | CY82: =(((S82+R82)*AT82)/100) -> 21.996 | CZ82: =(((S82+R82)*AU82)/100) -> 10.17926 | DE82: *1,25*1,15 | DF82: *1,25*1,15 | DG82: *1,15*1,15 | DI82: *1,15*1,15 | DJ82: *1,25*1,15 | DN82: 0 | DO82: 0 | DP82: 1 | DQ82: 1 | DU82: 1013 | DV82: 100 м2 оштукатуриваемой поверхности | DW82: 100 м2 оштукатуриваемой поверхности | DX82: 1 | EE82: 30852936 | EF82: 2 | EG82: Общестроительные работы | EH82: 0 | EJ82: 1 | EK82: 15001 | EL82: Отделочные работы | EM82: ФЕР-15 | EQ82: 131072 | ER82: 1797.35 | ES82: 1078.21 | ET82: 60.66 | EU82: 23.91 | EV82: 658.48 | EW82: 70.88 | EX82: 2.78 | EY82: 0 | FQ82: 0 | FR82: =ROUND(IF(AND(BH82=3,BI82=3),P82,0),2) -> 0 | FS82: 0 | FT82: *0,9 | FU82: *0,85 | FX82: 90 | FY82: 41.65 | GD82: 1 | GF82: -1447978063 | GG82: 2 | GH82: 1 | GI82: 4 | GJ82: 0 | GK82: 0 | GL82: =ROUND(IF(AND(BH82=3,BI82=3,FS82<>0),P82,0),2) -> 0 | GM82: =ROUND(O82+X82+Y82,2)+GX82 -> 87.15 | GN82: =IF(OR(BI82=0,BI82=1),ROUND(O82+X82+Y82,2),0) -> 87.15 | GO82: =IF(BI82=2,ROUND(O82+X82+Y82,2),0) -> 0 | GP82: =IF(BI82=4,ROUND(O82+X82+Y82,2)+GX82,0) -> 0 | GR82: 0 | GS82: 0 | GT82: 0 | GV82: =ROUND((GT82),6) -> 0 | GW82: 1 | GX82: =ROUND(HC82*I82,2) -> 0 | HA82: 0 | HB82: 0 | HC82: =GV82*GW82 -> 0 | HI82: =ROUND(R82*BS82,0) -> 23 | HJ82: =ROUND(S82*BA82,0) -> 569 | HK82: =ROUND((((HJ82+HI82)*AT82)/100),0) -> 533 | HL82: =ROUND((((HJ82+HI82)*AU82)/100),0) -> 247 | IK82: 0
A83: 17 | B83: 1 | E83: 17 | F83: 402-0083 | G83: Раствор готовый отделочный тяжелый, цементно-известковый 1:1:6 | H83: м3 | I83: =ROUND(I82*-1.89,7) -> -0.05103 | J83: 0 | K83: =ROUND(I82*-1.89,7) -> -0.05103 | O83: =ROUND(CP83,2) -> -29.09 | P83: =ROUND(CQ83*I83,2) -> -29.09 | Q83: =ROUND(CR83*I83,2) -> 0 | R83: =ROUND(CS83*I83,2) -> 0 | S83: =ROUND(CT83*I83,2) -> 0 | T83: =ROUND(CU83*I83,2) -> 0 | U83: =CV83*I83 -> 0 | V83: =CW83*I83 -> 0 | W83: =ROUND(CX83*I83,2) -> 0 | X83: =ROUND(CY83,2) -> 0 | Y83: =ROUND(CZ83,2) -> 0 | AA83: 31028412 | AB83: =ROUND((AC83+AD83+AF83),6) -> 570.03 | AC83: =ROUND((ES83),6) -> 570.03 | AD83: =ROUND((((ET83)-(EU83))+AE83),6) -> 0 | AE83: =ROUND((EU83),6) -> 0 | AF83: =ROUND((EV83),6) -> 0 | AG83: =ROUND((AP83),6) -> 0 | AH83: =(EW83) -> 0 | AI83: =(EX83) -> 0 | AJ83: =(AS83) -> 0 | AK83: 570.03 | AL83: 570.03 | AM83: 0 | AN83: 0 | AO83: 0 | AP83: 0 | AQ83: 0 | AR83: 0 | AS83: 0 | AT83: 0 | AU83: 0 | AV83: 1 | AW83: 1 | AZ83: 1 | BA83: 1 | BB83: 1 | BC83: 1 | BH83: 3 | BI83: 1 | BJ83: ССЦ Тверской обл. (редакции 2014), пр. № 337/пр, сб.402, поз.0083 | BM83: 500001 | BN83: 0 | BO83: Приложение №2 к письму Минстроя России от03.06.2021 №23038-ИФ/09 | BP83: 1 | BQ83: 8 | BR83: 1 | BS83: 1 | BT83: 1 | BU83: 1 | BV83: 1 | BW83: 1 | BX83: 1 | BZ83: 0 | CA83: 0 | CE83: 0 | CF83: 0 | CG83: 0 | CM83: 0 | CO83: 0 | CP83: =(P83+Q83+S83) -> -29.09 | CQ83: =AC83*BC83 -> 570.03 | CR83: =AD83*BB83 -> 0 | CS83: =AE83 -> 0 | CT83: =AF83 -> 0 | CU83: =AG83 -> 0 | CV83: =AH83 -> 0 | CW83: =AI83 -> 0 | CX83: =AJ83 -> 0 | CY83: =(((S83+R83)*AT83)/100) -> 0 | CZ83: =(((S83+R83)*AU83)/100) -> 0 | DN83: 0 | DO83: 0 | DP83: 1 | DQ83: 1 | DU83: 1007 | DV83: м3 | DW83: м3 | DX83: 1 | EE83: 30852824 | EF83: 8 | EG83: Материалы строительные | EH83: 0 | EJ83: 1 | EK83: 500001 | EL83: Материалы и конструкции ( строительные ) по ценникам и каталогом | EM83: ФССЦст | EQ83: 32768 | ER83: 570.03 | ES83: 570.03 | ET83: 0 | EU83: 0 | EV83: 0 | EW83: 0 | EX83: 0 | EY83: 0 | FQ83: 0 | FR83: =ROUND(IF(AND(BH83=3,BI83=3),P83,0),2) -> 0 | FS83: 0 | FX83: 0 | FY83: 0 | GD83: 1 | GF83: -1738869177 | GG83: 2 | GH83: 1 | GI83: 4 | GJ83: 0 | GK83: 0 | GL83: =ROUND(IF(AND(BH83=3,BI83=3,FS83<>0),P83,0),2) -> 0 | GM83: =ROUND(O83+X83+Y83,2)+GX83 -> -29.09 | GN83: =IF(OR(BI83=0,BI83=1),ROUND(O83+X83+Y83,2),0) -> -29.09 | GO83: =IF(BI83=2,ROUND(O83+X83+Y83,2),0) -> 0 | GP83: =IF(BI83=4,ROUND(O83+X83+Y83,2)+GX83,0) -> 0 | GR83: 0 | GS83: 0 | GT83: 0 | GV83: =ROUND((GT83),6) -> 0 | GW83: 1 | GX83: =ROUND(HC83*I83,2) -> 0 | HA83: 0 | HB83: 0 | HC83: =GV83*GW83 -> 0 | HI83: =ROUND(R83*BS83,0) -> 0 | HJ83: =ROUND(S83*BA83,0) -> 0 | HK83: =ROUND((((HJ83+HI83)*AT83)/100),0) -> 0 | HL83: =ROUND((((HJ83+HI83)*AU83)/100),0) -> 0 | IK83: 0
A84: 17 | B84: 1 | E84: 18 | F84: ТЦ_01.7.10.14_69_0_02 | G84: Смеси штукатурные, марка Capatect Leichtgrundputz 170 / Расход 36 кг/м2/30мм (30,83/6,17) | H84: кг | I84: 97.2 | J84: 0 | K84: 97.2 | O84: =ROUND(CP84,2) -> 485.74 | P84: =ROUND(ROUND(CQ84*I84,0)/BC84,2) -> 485.74 | Q84: =ROUND(CR84*I84,2) -> 0 | R84: =ROUND(CS84*I84,2) -> 0 | S84: =ROUND(CT84*I84,2) -> 0 | T84: =ROUND(CU84*I84,2) -> 0 | U84: =CV84*I84 -> 0 | V84: =CW84*I84 -> 0 | W84: =ROUND(CX84*I84,2) -> 0 | X84: =ROUND(CY84,2) -> 0 | Y84: =ROUND(CZ84,2) -> 0 | AA84: 31028412 | AB84: =ROUND((AC84+AD84+AF84),6) -> 30.83 | AC84: =ROUND((ES84),6) -> 30.83 | AD84: =ROUND((((ET84)-(EU84))+AE84),6) -> 0 | AE84: =ROUND((EU84),6) -> 0 | AF84: =ROUND((EV84),6) -> 0 | AG84: =ROUND((AP84),6) -> 0 | AH84: =(EW84) -> 0 | AI84: =(EX84) -> 0 | AJ84: =(AS84) -> 0 | AK84: 30.83 | AL84: 30.83 | AM84: 0 | AN84: 0 | AO84: 0 | AP84: 0 | AQ84: 0 | AR84: 0 | AS84: 0 | AT84: 0 | AU84: 0 | AV84: 1 | AW84: 1 | AZ84: 1 | BA84: 1 | BB84: 1 | BC84: 6.17 | BH84: 3 | BI84: 1 | BM84: 1100 | BN84: 0 | BO84: Приложение №2 к письму Минстроя России от03.06.2021 №23038-ИФ/09 | BP84: 1 | BQ84: 8 | BR84: 0 | BS84: 1 | BT84: 1 | BU84: 1 | BV84: 1 | BW84: 1 | BX84: 1 | BZ84: 0 | CA84: 0 | CE84: 0 | CF84: 0 | CG84: 0 | CM84: 0 | CO84: 0 | CP84: =(P84+Q84+S84) -> 485.74 | CQ84: =AC84 -> 30.83 | CR84: =AD84*BB84 -> 0 | CS84: =AE84 -> 0 | CT84: =AF84 -> 0 | CU84: =AG84 -> 0 | CV84: =AH84 -> 0 | CW84: =AI84 -> 0 | CX84: =AJ84 -> 0 | CY84: =(((S84+R84)*AT84)/100) -> 0 | CZ84: =(((S84+R84)*AU84)/100) -> 0 | DN84: 0 | DO84: 0 | DP84: 1 | DQ84: 1 | DU84: 1009 | DV84: кг | DW84: кг | DX84: 1 | EE84: 30853118 | EF84: 8 | EG84: Материалы строительные | EH84: 0 | EJ84: 1 | EK84: 1100 | EL84: Материалы, изделия и конструкции | EM84: материалы (03) | EQ84: 0 | ER84: 30.83 | ES84: 30.83 | ET84: 0 | EU84: 0 | EV84: 0 | EW84: 0 | EX84: 0 | EY84: 0 | EZ84: 5 | FC84: 0 | FD84: 18 | FF84: 30.83 | FQ84: 0 | FR84: =ROUND(IF(AND(BH84=3,BI84=3),P84,0),2) -> 0 | FS84: 0 | FX84: 0 | FY84: 0 | GD84: 1 | GF84: 1983738727 | GG84: 2 | GH84: 3 | GI84: 4 | GJ84: 0 | GK84: 0 | GL84: =ROUND(IF(AND(BH84=3,BI84=3,FS84<>0),P84,0),2) -> 0 | GM84: =ROUND(O84+X84+Y84,2)+GX84 -> 485.74 | GN84: =IF(OR(BI84=0,BI84=1),ROUND(O84+X84+Y84,2),0) -> 485.74 | GO84: =IF(BI84=2,ROUND(O84+X84+Y84,2),0) -> 0 | GP84: =IF(BI84=4,ROUND(O84+X84+Y84,2)+GX84,0) -> 0 | GR84: 1 | GS84: 1 | GT84: 0 | GV84: =ROUND((GT84),6) -> 0 | GW84: 1 | GX84: =ROUND(HC84*I84,2) -> 0 | HA84: 0 | HB84: 0 | HC84: =GV84*GW84 -> 0 | HG84: =ROUND(AC84*I84,0) -> 2997 | HI84: =ROUND(R84*BS84,0) -> 0 | HJ84: =ROUND(S84*BA84,0) -> 0 | HK84: =ROUND((((HJ84+HI84)*AT84)/100),0) -> 0 | HL84: =ROUND((((HJ84+HI84)*AU84)/100),0) -> 0 | IK84: 0
A85: 17 | B85: 1 | C85: =ROW(SmtRes!A46) -> 46 | D85: =ROW(EtalonRes!A54) -> 54 | E85: 19 | F85: 15-04-019-5 | G85: Окраска фасадов акриловыми составами с лесов вручную с подготовкой поверхности | H85: 100 м2 окрашиваемой поверхности | I85: =ROUND(2.7/100,7) -> 0.027 | J85: 0 | K85: =ROUND(2.7/100,7) -> 0.027 | O85: =ROUND(CP85,2) -> 21.22 | P85: =ROUND(CQ85*I85,2) -> 16.51 | Q85: =ROUND(CR85*I85,2) -> 0.29 | R85: =ROUND(CS85*I85,2) -> 0 | S85: =ROUND(CT85*I85,2) -> 4.42 | T85: =ROUND(CU85*I85,2) -> 0 | U85: =CV85*I85 -> 0.4927635 | V85: =CW85*I85 -> 0 | W85: =ROUND(CX85*I85,2) -> 0 | X85: =ROUND(CY85,2) -> 3.98 | Y85: =ROUND(CZ85,2) -> 1.84 | AA85: 31028412 | AB85: =ROUND((AC85+AD85+AF85),6) -> 785.99478 | AC85: =ROUND((ES85),6) -> 611.53 | AD85: =ROUND(((((ET85*ROUND((1.25*1.15),7)))-((EU85*ROUND((1.25*1.15),7))))+AE85),6) -> 10.7525 | AE85: =ROUND(((EU85*ROUND((1.25*1.15),7))),6) -> 0 | AF85: =ROUND(((EV85*ROUND((1.15*1.15),7))),6) -> 163.71228 | AG85: =ROUND((AP85),6) -> 0 | AH85: =((EW85*ROUND((1.15*1.15),7))) -> 18.2505 | AI85: =((EX85*ROUND((1.25*1.15),7))) -> 0 | AJ85: =(AS85) -> 0 | AK85: 742.8 | AL85: 611.53 | AM85: 7.48 | AN85: 0 | AO85: 123.79 | AP85: 0 | AQ85: 13.8 | AR85: 0 | AS85: 0 | AT85: 90 | AU85: 41.65 | AV85: 1 | AW85: 1 | AZ85: 1 | BA85: 24.22 | BB85: 1 | BC85: 1 | BH85: 0 | BI85: 1 | BJ85: ТЕР (ред.2014)Тверской обл.изм.2,пр. № 337/пр,сб.15,гл.04,табл.019,поз.5 | BM85: 15001 | BN85: 0 | BO85: Приложение №2 к письму Минстроя России от03.06.2021 №23038-ИФ/09; Приложение №2 к письму Минстроя России от03.06.2021 №23038-ИФ/09; Приложение №2 к письму Минстроя России от03.06.2021 №23038-ИФ/09.; Приложение №2 к письму Минстроя России от03.06.2021 №23038-ИФ/09.; | BP85: 1 | BQ85: 2 | BR85: 0 | BS85: 24.22 | BT85: 1 | BU85: 1 | BV85: 1 | BW85: 1 | BX85: 1 | BZ85: 100 | CA85: 49 | CE85: 0 | CF85: 0 | CG85: 0 | CM85: 0 | CO85: 0 | CP85: =(P85+Q85+S85) -> 21.22 | CQ85: =AC85*BC85 -> 611.53 | CR85: =AD85*BB85 -> 10.7525 | CS85: =AE85 -> 0 | CT85: =AF85 -> 163.71228 | CU85: =AG85 -> 0 | CV85: =AH85 -> 18.2505 | CW85: =AI85 -> 0 | CX85: =AJ85 -> 0 | CY85: =(((S85+R85)*AT85)/100) -> 3.978 | CZ85: =(((S85+R85)*AU85)/100) -> 1.84093 | DE85: *1,25*1,15 | DF85: *1,25*1,15 | DG85: *1,15*1,15 | DI85: *1,15*1,15 | DJ85: *1,25*1,15 | DN85: 0 | DO85: 0 | DP85: 1 | DQ85: 1 | DU85: 1005 | DV85: 100 м2 окрашиваемой поверхности | DW85: 100 м2 окрашиваемой поверхности | DX85: 100 | EE85: 30852936 | EF85: 2 | EG85: Общестроительные работы | EH85: 0 | EJ85: 1 | EK85: 15001 | EL85: Отделочные работы | EM85: ФЕР-15 | EQ85: 131072 | ER85: 742.8 | ES85: 611.53 | ET85: 7.48 | EU85: 0 | EV85: 123.79 | EW85: 13.8 | EX85: 0 | EY85: 0 | FQ85: 0 | FR85: =ROUND(IF(AND(BH85=3,BI85=3),P85,0),2) -> 0 | FS85: 0 | FT85: *0,9 | FU85: *0,85 | FX85: 90 | FY85: 41.65 | GD85: 1 | GF85: -1294516075 | GG85: 2 | GH85: 1 | GI85: 4 | GJ85: 0 | GK85: 0 | GL85: =ROUND(IF(AND(BH85=3,BI85=3,FS85<>0),P85,0),2) -> 0 | GM85: =ROUND(O85+X85+Y85,2)+GX85 -> 27.04 | GN85: =IF(OR(BI85=0,BI85=1),ROUND(O85+X85+Y85,2),0) -> 27.04 | GO85: =IF(BI85=2,ROUND(O85+X85+Y85,2),0) -> 0 | GP85: =IF(BI85=4,ROUND(O85+X85+Y85,2)+GX85,0) -> 0 | GR85: 0 | GS85: 0 | GT85: 0 | GV85: =ROUND((GT85),6) -> 0 | GW85: 1 | GX85: =ROUND(HC85*I85,2) -> 0 | HA85: 0 | HB85: 0 | HC85: =GV85*GW85 -> 0 | HI85: =ROUND(R85*BS85,0) -> 0 | HJ85: =ROUND(S85*BA85,0) -> 107 | HK85: =ROUND((((HJ85+HI85)*AT85)/100),0) -> 96 | HL85: =ROUND((((HJ85+HI85)*AU85)/100),0) -> 45 | IK85: 0
A86: 17 | B86: 1 | E86: 20 | F86: 101-4163 | G86: Грунтовка акриловая НОРТЕКС-ГРУНТ | H86: кг | I86: =ROUND(I85*-13,7) -> -0.351 | J86: 0 | K86: =ROUND(I85*-13,7) -> -0.351 | O86: =ROUND(CP86,2) -> -5.82 | P86: =ROUND(CQ86*I86,2) -> -5.82 | Q86: =ROUND(CR86*I86,2) -> 0 | R86: =ROUND(CS86*I86,2) -> 0 | S86: =ROUND(CT86*I86,2) -> 0 | T86: =ROUND(CU86*I86,2) -> 0 | U86: =CV86*I86 -> 0 | V86: =CW86*I86 -> 0 | W86: =ROUND(CX86*I86,2) -> 0 | X86: =ROUND(CY86,2) -> 0 | Y86: =ROUND(CZ86,2) -> 0 | AA86: 31028412 | AB86: =ROUND((AC86+AD86+AF86),6) -> 16.58 | AC86: =ROUND((ES86),6) -> 16.58 | AD86: =ROUND((((ET86)-(EU86))+AE86),6) -> 0 | AE86: =ROUND((EU86),6) -> 0 | AF86: =ROUND((EV86),6) -> 0 | AG86: =ROUND((AP86),6) -> 0 | AH86: =(EW86) -> 0 | AI86: =(EX86) -> 0 | AJ86: =(AS86) -> 0 | AK86: 16.58 | AL86: 16.58 | AM86: 0 | AN86: 0 | AO86: 0 | AP86: 0 | AQ86: 0 | AR86: 0 | AS86: 0 | AT86: 0 | AU86: 0 | AV86: 1 | AW86: 1 | AZ86: 1 | BA86: 1 | BB86: 1 | BC86: 1 | BH86: 3 | BI86: 1 | BJ86: ССЦ Тверской обл. (редакции 2014), пр. № 337/пр, сб.101, поз.4163 | BM86: 500001 | BN86: 0 | BO86: Приложение №2 к письму Минстроя России от03.06.2021 №23038-ИФ/09 | BP86: 1 | BQ86: 8 | BR86: 1 | BS86: 1 | BT86: 1 | BU86: 1 | BV86: 1 | BW86: 1 | BX86: 1 | BZ86: 0 | CA86: 0 | CE86: 0 | CF86: 0 | CG86: 0 | CM86: 0 | CO86: 0 | CP86: =(P86+Q86+S86) -> -5.82 | CQ86: =AC86*BC86 -> 16.58 | CR86: =AD86*BB86 -> 0 | CS86: =AE86 -> 0 | CT86: =AF86 -> 0 | CU86: =AG86 -> 0 | CV86: =AH86 -> 0 | CW86: =AI86 -> 0 | CX86: =AJ86 -> 0 | CY86: =(((S86+R86)*AT86)/100) -> 0 | CZ86: =(((S86+R86)*AU86)/100) -> 0 | DN86: 0 | DO86: 0 | DP86: 1 | DQ86: 1 | DU86: 1009 | DV86: кг | DW86: кг | DX86: 1 | EE86: 30852824 | EF86: 8 | EG86: Материалы строительные | EH86: 0 | EJ86: 1 | EK86: 500001 | EL86: Материалы и конструкции ( строительные ) по ценникам и каталогом | EM86: ФССЦст | EQ86: 32768 | ER86: 16.58 | ES86: 16.58 | ET86: 0 | EU86: 0 | EV86: 0 | EW86: 0 | EX86: 0 | EY86: 0 | FQ86: 0 | FR86: =ROUND(IF(AND(BH86=3,BI86=3),P86,0),2) -> 0 | FS86: 0 | FX86: 0 | FY86: 0 | GD86: 1 | GF86: 827323639 | GG86: 2 | GH86: 1 | GI86: 4 | GJ86: 0 | GK86: 0 | GL86: =ROUND(IF(AND(BH86=3,BI86=3,FS86<>0),P86,0),2) -> 0 | GM86: =ROUND(O86+X86+Y86,2)+GX86 -> -5.82 | GN86: =IF(OR(BI86=0,BI86=1),ROUND(O86+X86+Y86,2),0) -> -5.82 | GO86: =IF(BI86=2,ROUND(O86+X86+Y86,2),0) -> 0 | GP86: =IF(BI86=4,ROUND(O86+X86+Y86,2)+GX86,0) -> 0 | GR86: 0 | GS86: 0 | GT86: 0 | GV86: =ROUND((GT86),6) -> 0 | GW86: 1 | GX86: =ROUND(HC86*I86,2) -> 0 | HA86: 0 | HB86: 0 | HC86: =GV86*GW86 -> 0 | HI86: =ROUND(R86*BS86,0) -> 0 | HJ86: =ROUND(S86*BA86,0) -> 0 | HK86: =ROUND((((HJ86+HI86)*AT86)/100),0) -> 0 | HL86: =ROUND((((HJ86+HI86)*AU86)/100),0) -> 0 | IK86: 0
A87: 17 | B87: 1 | E87: 21 | F87: 101-3469 | G87: Краска фактурная ВД-АК-1180, фасадная ВГТ | H87: т | I87: =ROUND(I85*-0.038,7) -> -0.001026 | J87: 0 | K87: =ROUND(I85*-0.038,7) -> -0.001026 | O87: =ROUND(CP87,2) -> -7.63 | P87: =ROUND(CQ87*I87,2) -> -7.63 | Q87: =ROUND(CR87*I87,2) -> 0 | R87: =ROUND(CS87*I87,2) -> 0 | S87: =ROUND(CT87*I87,2) -> 0 | T87: =ROUND(CU87*I87,2) -> 0 | U87: =CV87*I87 -> 0 | V87: =CW87*I87 -> 0 | W87: =ROUND(CX87*I87,2) -> 0 | X87: =ROUND(CY87,2) -> 0 | Y87: =ROUND(CZ87,2) -> 0 | AA87: 31028412 | AB87: =ROUND((AC87+AD87+AF87),6) -> 7439.37 | AC87: =ROUND((ES87),6) -> 7439.37 | AD87: =ROUND((((ET87)-(EU87))+AE87),6) -> 0 | AE87: =ROUND((EU87),6) -> 0 | AF87: =ROUND((EV87),6) -> 0 | AG87: =ROUND((AP87),6) -> 0 | AH87: =(EW87) -> 0 | AI87: =(EX87) -> 0 | AJ87: =(AS87) -> 0 | AK87: 7439.37 | AL87: 7439.37 | AM87: 0 | AN87: 0 | AO87: 0 | AP87: 0 | AQ87: 0 | AR87: 0 | AS87: 0 | AT87: 0 | AU87: 0 | AV87: 1 | AW87: 1 | AZ87: 1 | BA87: 1 | BB87: 1 | BC87: 1 | BH87: 3 | BI87: 1 | BJ87: ССЦ Тверской обл. (редакции 2014), пр. № 337/пр, сб.101, поз.3469 | BM87: 500001 | BN87: 0 | BO87: Приложение №2 к письму Минстроя России от03.06.2021 №23038-ИФ/09 | BP87: 1 | BQ87: 8 | BR87: 1 | BS87: 1 | BT87: 1 | BU87: 1 | BV87: 1 | BW87: 1 | BX87: 1 | BZ87: 0 | CA87: 0 | CE87: 0 | CF87: 0 | CG87: 0 | CM87: 0 | CO87: 0 | CP87: =(P87+Q87+S87) -> -7.63 | CQ87: =AC87*BC87 -> 7439.37 | CR87: =AD87*BB87 -> 0 | CS87: =AE87 -> 0 | CT87: =AF87 -> 0 | CU87: =AG87 -> 0 | CV87: =AH87 -> 0 | CW87: =AI87 -> 0 | CX87: =AJ87 -> 0 | CY87: =(((S87+R87)*AT87)/100) -> 0 | CZ87: =(((S87+R87)*AU87)/100) -> 0 | DN87: 0 | DO87: 0 | DP87: 1 | DQ87: 1 | DU87: 1009 | DV87: т | DW87: т | DX87: 1000 | EE87: 30852824 | EF87: 8 | EG87: Материалы строительные | EH87: 0 | EJ87: 1 | EK87: 500001 | EL87: Материалы и конструкции ( строительные ) по ценникам и каталогом | EM87: ФССЦст | EQ87: 32768 | ER87: 7439.37 | ES87: 7439.37 | ET87: 0 | EU87: 0 | EV87: 0 | EW87: 0 | EX87: 0 | EY87: 0 | FQ87: 0 | FR87: =ROUND(IF(AND(BH87=3,BI87=3),P87,0),2) -> 0 | FS87: 0 | FX87: 0 | FY87: 0 | GD87: 1 | GF87: 1384949503 | GG87: 2 | GH87: 1 | GI87: 4 | GJ87: 0 | GK87: 0 | GL87: =ROUND(IF(AND(BH87=3,BI87=3,FS87<>0),P87,0),2) -> 0 | GM87: =ROUND(O87+X87+Y87,2)+GX87 -> -7.63 | GN87: =IF(OR(BI87=0,BI87=1),ROUND(O87+X87+Y87,2),0) -> -7.63 | GO87: =IF(BI87=2,ROUND(O87+X87+Y87,2),0) -> 0 | GP87: =IF(BI87=4,ROUND(O87+X87+Y87,2)+GX87,0) -> 0 | GR87: 0 | GS87: 0 | GT87: 0 | GV87: =ROUND((GT87),6) -> 0 | GW87: 1 | GX87: =ROUND(HC87*I87,2) -> 0 | HA87: 0 | HB87: 0 | HC87: =GV87*GW87 -> 0 | HI87: =ROUND(R87*BS87,0) -> 0 | HJ87: =ROUND(S87*BA87,0) -> 0 | HK87: =ROUND((((HJ87+HI87)*AT87)/100),0) -> 0 | HL87: =ROUND((((HJ87+HI87)*AU87)/100),0) -> 0 | IK87: 0
A88: 17 | B88: 1 | E88: 22 | F88: ТЦ-14.4.00.00_69_0-02 | G88: Краска акриловая CAPAROL AmphiSilan plus (886,25/6,17) | H88: л | I88: 1.08 | J88: 0 | K88: 1.08 | O88: =ROUND(CP88,2) -> 155.11 | P88: =ROUND(ROUND(CQ88*I88,0)/BC88,2) -> 155.11 | Q88: =ROUND(CR88*I88,2) -> 0 | R88: =ROUND(CS88*I88,2) -> 0 | S88: =ROUND(CT88*I88,2) -> 0 | T88: =ROUND(CU88*I88,2) -> 0 | U88: =CV88*I88 -> 0 | V88: =CW88*I88 -> 0 | W88: =ROUND(CX88*I88,2) -> 0 | X88: =ROUND(CY88,2) -> 0 | Y88: =ROUND(CZ88,2) -> 0 | AA88: 31028412 | AB88: =ROUND((AC88+AD88+AF88),6) -> 886.25 | AC88: =ROUND((ES88),6) -> 886.25 | AD88: =ROUND((((ET88)-(EU88))+AE88),6) -> 0 | AE88: =ROUND((EU88),6) -> 0 | AF88: =ROUND((EV88),6) -> 0 | AG88: =ROUND((AP88),6) -> 0 | AH88: =(EW88) -> 0 | AI88: =(EX88) -> 0 | AJ88: =(AS88) -> 0 | AK88: 886.25 | AL88: 886.25 | AM88: 0 | AN88: 0 | AO88: 0 | AP88: 0 | AQ88: 0 | AR88: 0 | AS88: 0 | AT88: 0 | AU88: 0 | AV88: 1 | AW88: 1 | AZ88: 1 | BA88: 1 | BB88: 1 | BC88: 6.17 | BH88: 3 | BI88: 1 | BM88: 1100 | BN88: 0 | BO88: Приложение №2 к письму Минстроя России от03.06.2021 №23038-ИФ/09 | BP88: 1 | BQ88: 8 | BR88: 0 | BS88: 1 | BT88: 1 | BU88: 1 | BV88: 1 | BW88: 1 | BX88: 1 | BZ88: 0 | CA88: 0 | CE88: 0 | CF88: 0 | CG88: 0 | CM88: 0 | CO88: 0 | CP88: =(P88+Q88+S88) -> 155.11 | CQ88: =AC88 -> 886.25 | CR88: =AD88*BB88 -> 0 | CS88: =AE88 -> 0 | CT88: =AF88 -> 0 | CU88: =AG88 -> 0 | CV88: =AH88 -> 0 | CW88: =AI88 -> 0 | CX88: =AJ88 -> 0 | CY88: =(((S88+R88)*AT88)/100) -> 0 | CZ88: =(((S88+R88)*AU88)/100) -> 0 | DN88: 0 | DO88: 0 | DP88: 1 | DQ88: 1 | DU88: 1002 | DV88: л | DW88: л | DX88: 1 | EE88: 30853118 | EF88: 8 | EG88: Материалы строительные | EH88: 0 | EJ88: 1 | EK88: 1100 | EL88: Материалы, изделия и конструкции | EM88: материалы (03) | EQ88: 0 | ER88: 886.25 | ES88: 886.25 | ET88: 0 | EU88: 0 | EV88: 0 | EW88: 0 | EX88: 0 | EY88: 0 | EZ88: 5 | FC88: 0 | FD88: 18 | FF88: 886.25 | FQ88: 0 | FR88: =ROUND(IF(AND(BH88=3,BI88=3),P88,0),2) -> 0 | FS88: 0 | FX88: 0 | FY88: 0 | GD88: 1 | GF88: -1448158421 | GG88: 2 | GH88: 3 | GI88: 4 | GJ88: 0 | GK88: 0 | GL88: =ROUND(IF(AND(BH88=3,BI88=3,FS88<>0),P88,0),2) -> 0 | GM88: =ROUND(O88+X88+Y88,2)+GX88 -> 155.11 | GN88: =IF(OR(BI88=0,BI88=1),ROUND(O88+X88+Y88,2),0) -> 155.11 | GO88: =IF(BI88=2,ROUND(O88+X88+Y88,2),0) -> 0 | GP88: =IF(BI88=4,ROUND(O88+X88+Y88,2)+GX88,0) -> 0 | GR88: 1 | GS88: 1 | GT88: 0 | GV88: =ROUND((GT88),6) -> 0 | GW88: 1 | GX88: =ROUND(HC88*I88,2) -> 0 | HA88: 0 | HB88: 0 | HC88: =GV88*GW88 -> 0 | HG88: =ROUND(AC88*I88,0) -> 957 | HI88: =ROUND(R88*BS88,0) -> 0 | HJ88: =ROUND(S88*BA88,0) -> 0 | HK88: =ROUND((((HJ88+HI88)*AT88)/100),0) -> 0 | HL88: =ROUND((((HJ88+HI88)*AU88)/100),0) -> 0 | IK88: 0
A89: 17 | B89: 1 | E89: 23 | F89: ТЦ-14.4.00.00_69_0_02 | G89: Грунтовка акриловая CAPAROL Putzfestiger (724,17/6,17) | H89: л | I89: 0.81 | J89: 0 | K89: 0.81 | O89: =ROUND(CP89,2) -> 95.14 | P89: =ROUND(ROUND(CQ89*I89,0)/BC89,2) -> 95.14 | Q89: =ROUND(CR89*I89,2) -> 0 | R89: =ROUND(CS89*I89,2) -> 0 | S89: =ROUND(CT89*I89,2) -> 0 | T89: =ROUND(CU89*I89,2) -> 0 | U89: =CV89*I89 -> 0 | V89: =CW89*I89 -> 0 | W89: =ROUND(CX89*I89,2) -> 0 | X89: =ROUND(CY89,2) -> 0 | Y89: =ROUND(CZ89,2) -> 0 | AA89: 31028412 | AB89: =ROUND((AC89+AD89+AF89),6) -> 724.17 | AC89: =ROUND((ES89),6) -> 724.17 | AD89: =ROUND((((ET89)-(EU89))+AE89),6) -> 0 | AE89: =ROUND((EU89),6) -> 0 | AF89: =ROUND((EV89),6) -> 0 | AG89: =ROUND((AP89),6) -> 0 | AH89: =(EW89) -> 0 | AI89: =(EX89) -> 0 | AJ89: =(AS89) -> 0 | AK89: 724.17 | AL89: 724.17 | AM89: 0 | AN89: 0 | AO89: 0 | AP89: 0 | AQ89: 0 | AR89: 0 | AS89: 0 | AT89: 0 | AU89: 0 | AV89: 1 | AW89: 1 | AZ89: 1 | BA89: 1 | BB89: 1 | BC89: 6.17 | BH89: 3 | BI89: 1 | BM89: 1100 | BN89: 0 | BO89: Приложение №2 к письму Минстроя России от03.06.2021 №23038-ИФ/09 | BP89: 1 | BQ89: 8 | BR89: 0 | BS89: 1 | BT89: 1 | BU89: 1 | BV89: 1 | BW89: 1 | BX89: 1 | BZ89: 0 | CA89: 0 | CE89: 0 | CF89: 0 | CG89: 0 | CM89: 0 | CO89: 0 | CP89: =(P89+Q89+S89) -> 95.14 | CQ89: =AC89 -> 724.17 | CR89: =AD89*BB89 -> 0 | CS89: =AE89 -> 0 | CT89: =AF89 -> 0 | CU89: =AG89 -> 0 | CV89: =AH89 -> 0 | CW89: =AI89 -> 0 | CX89: =AJ89 -> 0 | CY89: =(((S89+R89)*AT89)/100) -> 0 | CZ89: =(((S89+R89)*AU89)/100) -> 0 | DN89: 0 | DO89: 0 | DP89: 1 | DQ89: 1 | DU89: 1002 | DV89: л | DW89: л | DX89: 1 | EE89: 30853118 | EF89: 8 | EG89: Материалы строительные | EH89: 0 | EJ89: 1 | EK89: 1100 | EL89: Материалы, изделия и конструкции | EM89: материалы (03) | EQ89: 0 | ER89: 724.17 | ES89: 724.17 | ET89: 0 | EU89: 0 | EV89: 0 | EW89: 0 | EX89: 0 | EY89: 0 | EZ89: 5 | FC89: 0 | FD89: 18 | FF89: 724.17 | FQ89: 0 | FR89: =ROUND(IF(AND(BH89=3,BI89=3),P89,0),2) -> 0 | FS89: 0 | FX89: 0 | FY89: 0 | GD89: 1 | GF89: 1975989279 | GG89: 2 | GH89: 3 | GI89: 4 | GJ89: 0 | GK89: 0 | GL89: =ROUND(IF(AND(BH89=3,BI89=3,FS89<>0),P89,0),2) -> 0 | GM89: =ROUND(O89+X89+Y89,2)+GX89 -> 95.14 | GN89: =IF(OR(BI89=0,BI89=1),ROUND(O89+X89+Y89,2),0) -> 95.14 | GO89: =IF(BI89=2,ROUND(O89+X89+Y89,2),0) -> 0 | GP89: =IF(BI89=4,ROUND(O89+X89+Y89,2)+GX89,0) -> 0 | GR89: 1 | GS89: 1 | GT89: 0 | GV89: =ROUND((GT89),6) -> 0 | GW89: 1 | GX89: =ROUND(HC89*I89,2) -> 0 | HA89: 0 | HB89: 0 | HC89: =GV89*GW89 -> 0 | HG89: =ROUND(AC89*I89,0) -> 587 | HI89: =ROUND(R89*BS89,0) -> 0 | HJ89: =ROUND(S89*BA89,0) -> 0 | HK89: =ROUND((((HJ89+HI89)*AT89)/100),0) -> 0 | HL89: =ROUND((((HJ89+HI89)*AU89)/100),0) -> 0 | IK89: 0
A90: 17 | B90: 1 | C90: =ROW(SmtRes!A53) -> 53 | D90: =ROW(EtalonRes!A61) -> 61 | E90: 24 | F90: 12-01-010-1 | G90: Устройство мелких покрытий (брандмауэры, парапеты, свесы и т.п.) из листовой оцинкованной стали | H90: 100 м2 покрытия | I90: =ROUND(2.43/100,7) -> 0.0243 | J90: 0 | K90: =ROUND(2.43/100,7) -> 0.0243 | O90: =ROUND(CP90,2) -> 265.27 | P90: =ROUND(CQ90*I90,2) -> 234.63 | Q90: =ROUND(CR90*I90,2) -> 0.82 | R90: =ROUND(CS90*I90,2) -> 0.09 | S90: =ROUND(CT90*I90,2) -> 29.82 | T90: =ROUND(CU90*I90,2) -> 0 | U90: =CV90*I90 -> 3.6234186 | V90: =CW90*I90 -> 0.00698625 | W90: =ROUND(CX90*I90,2) -> 0 | X90: =ROUND(CY90,2) -> 29.34 | Y90: =ROUND(CZ90,2) -> 14.49 | AA90: 31028412 | AB90: =ROUND((AC90+AD90+AF90),6) -> 10916.812 | AC90: =ROUND((ES90),6) -> 9655.7 | AD90: =ROUND(((((ET90*ROUND((1.25*1.15),7)))-((EU90*ROUND((1.25*1.15),7))))+AE90),6) -> 33.925 | AE90: =ROUND(((EU90*ROUND((1.25*1.15),7))),6) -> 3.751875 | AF90: =ROUND(((EV90*ROUND((1.15*1.15),7))),6) -> 1227.1874 | AG90: =ROUND((AP90),6) -> 0 | AH90: =((EW90*ROUND((1.15*1.15),7))) -> 149.11187 | AI90: =((EX90*ROUND((1.25*1.15),7))) -> 0.2875 | AJ90: =(AS90) -> 0 | AK90: 10607.23 | AL90: 9655.7 | AM90: 23.6 | AN90: 2.61 | AO90: 927.93 | AP90: 0 | AQ90: 112.75 | AR90: 0.2 | AS90: 0 | AT90: 98.1 | AU90: 48.45 | AV90: 1 | AW90: 1 | AZ90: 1 | BA90: 24.22 | BB90: 1 | BC90: 1 | BH90: 0 | BI90: 1 | BJ90: ТЕР (ред.2014)Тверской обл.изм.2,пр. № 337/пр,сб.12,гл.01,табл.010,поз.1 | BM90: 12001 | BN90: 0 | BO90: Приложение №2 к письму Минстроя России от03.06.2021 №23038-ИФ/09; Приложение №2 к письму Минстроя России от03.06.2021 №23038-ИФ/09; Приложение №2 к письму Минстроя России от03.06.2021 №23038-ИФ/09.; Приложение №2 к письму Минстроя России от03.06.2021 №23038-ИФ/09.; | BP90: 1 | BQ90: 2 | BR90: 0 | BS90: 24.22 | BT90: 1 | BU90: 1 | BV90: 1 | BW90: 1 | BX90: 1 | BZ90: 109 | CA90: 57 | CE90: 0 | CF90: 0 | CG90: 0 | CM90: 0 | CO90: 0 | CP90: =(P90+Q90+S90) -> 265.27 | CQ90: =AC90*BC90 -> 9655.7 | CR90: =AD90*BB90 -> 33.925 | CS90: =AE90 -> 3.751875 | CT90: =AF90 -> 1227.1874 | CU90: =AG90 -> 0 | CV90: =AH90 -> 149.11187 | CW90: =AI90 -> 0.2875 | CX90: =AJ90 -> 0 | CY90: =(((S90+R90)*AT90)/100) -> 29.34171 | CZ90: =(((S90+R90)*AU90)/100) -> 14.491395 | DE90: *1,25*1,15 | DF90: *1,25*1,15 | DG90: *1,15*1,15 | DI90: *1,15*1,15 | DJ90: *1,25*1,15 | DN90: 0 | DO90: 0 | DP90: 1 | DQ90: 1 | DU90: 1013 | DV90: 100 м2 покрытия | DW90: 100 м2 покрытия | DX90: 1 | EE90: 30852909 | EF90: 2 | EG90: Общестроительные работы | EH90: 0 | EJ90: 1 | EK90: 12001 | EL90: Кровли | EM90: ФЕР-12 | EQ90: 131072 | ER90: 10607.23 | ES90: 9655.7 | ET90: 23.6 | EU90: 2.61 | EV90: 927.93 | EW90: 112.75 | EX90: 0.2 | EY90: 0 | FQ90: 0 | FR90: =ROUND(IF(AND(BH90=3,BI90=3),P90,0),2) -> 0 | FS90: 0 | FT90: *0,9 | FU90: *0,85 | FX90: 98.1 | FY90: 48.45 | GD90: 1 | GF90: 800854677 | GG90: 2 | GH90: 1 | GI90: 4 | GJ90: 0 | GK90: 0 | GL90: =ROUND(IF(AND(BH90=3,BI90=3,FS90<>0),P90,0),2) -> 0 | GM90: =ROUND(O90+X90+Y90,2)+GX90 -> 309.1 | GN90: =IF(OR(BI90=0,BI90=1),ROUND(O90+X90+Y90,2),0) -> 309.1 | GO90: =IF(BI90=2,ROUND(O90+X90+Y90,2),0) -> 0 | GP90: =IF(BI90=4,ROUND(O90+X90+Y90,2)+GX90,0) -> 0 | GR90: 0 | GS90: 0 | GT90: 0 | GV90: =ROUND((GT90),6) -> 0 | GW90: 1 | GX90: =ROUND(HC90*I90,2) -> 0 | HA90: 0 | HB90: 0 | HC90: =GV90*GW90 -> 0 | HI90: =ROUND(R90*BS90,0) -> 2 | HJ90: =ROUND(S90*BA90,0) -> 722 | HK90: =ROUND((((HJ90+HI90)*AT90)/100),0) -> 710 | HL90: =ROUND((((HJ90+HI90)*AU90)/100),0) -> 351 | IK90: 0
A91: 17 | B91: 1 | C91: =ROW(SmtRes!A59) -> 59 | D91: =ROW(EtalonRes!A68) -> 68 | E91: 25 | F91: 15-04-016-3 | G91: Окраска фасадов с люлек с подготовкой поверхности поливинилацетатная / Обработка сохраняемой поверхности еирпичной кладки укрепляющим раствором | H91: 100 м2 окрашиваемой поверхности | I91: =ROUND(26/100,7) -> 0.26 | J91: 0 | K91: =ROUND(26/100,7) -> 0.26 | O91: =ROUND(CP91,2) -> 341.24 | P91: =ROUND(CQ91*I91,2) -> 123.18 | Q91: =ROUND(CR91*I91,2) -> 169.02 | R91: =ROUND(CS91*I91,2) -> 0 | S91: =ROUND(CT91*I91,2) -> 49.04 | T91: =ROUND(CU91*I91,2) -> 0 | U91: =CV91*I91 -> 5.467215 | V91: =CW91*I91 -> 0 | W91: =ROUND(CX91*I91,2) -> 0 | X91: =ROUND(CY91,2) -> 44.14 | Y91: =ROUND(CZ91,2) -> 20.43 | AA91: 31028412 | AB91: =ROUND((AC91+AD91+AF91),6) -> 1312.4599 | AC91: =ROUND((ES91),6) -> 473.75 | AD91: =ROUND(((((ET91*ROUND((1.25*1.15),7)))-((EU91*ROUND((1.25*1.15),7))))+AE91),6) -> 650.095 | AE91: =ROUND(((EU91*ROUND((1.25*1.15),7))),6) -> 0 | AF91: =ROUND(((EV91*ROUND((1.15*1.15),7))),6) -> 188.61495 | AG91: =ROUND((AP91),6) -> 0 | AH91: =((EW91*ROUND((1.15*1.15),7))) -> 21.02775 | AI91: =((EX91*ROUND((1.25*1.15),7))) -> 0 | AJ91: =(AS91) -> 0 | AK91: 1068.61 | AL91: 473.75 | AM91: 452.24 | AN91: 0 | AO91: 142.62 | AP91: 0 | AQ91: 15.9 | AR91: 0 | AS91: 0 | AT91: 90 | AU91: 41.65 | AV91: 1 | AW91: 1 | AZ91: 1 | BA91: 24.22 | BB91: 1 | BC91: 1 | BH91: 0 | BI91: 1 | BJ91: ТЕР (ред.2014)Тверской обл.изм.2,пр. № 337/пр,сб.15,гл.04,табл.016,поз.3 | BM91: 15001 | BN91: 0 | BO91: Приложение №2 к письму Минстроя России от03.06.2021 №23038-ИФ/09; Приложение №2 к письму Минстроя России от03.06.2021 №23038-ИФ/09; Приложение №2 к письму Минстроя России от03.06.2021 №23038-ИФ/09.; Приложение №2 к письму Минстроя России от03.06.2021 №23038-ИФ/09.; | BP91: 1 | BQ91: 2 | BR91: 0 | BS91: 24.22 | BT91: 1 | BU91: 1 | BV91: 1 | BW91: 1 | BX91: 1 | BZ91: 100 | CA91: 49 | CE91: 0 | CF91: 0 | CG91: 0 | CM91: 0 | CO91: 0 | CP91: =(P91+Q91+S91) -> 341.24 | CQ91: =AC91*BC91 -> 473.75 | CR91: =AD91*BB91 -> 650.095 | CS91: =AE91 -> 0 | CT91: =AF91 -> 188.61495 | CU91: =AG91 -> 0 | CV91: =AH91 -> 21.02775 | CW91: =AI91 -> 0 | CX91: =AJ91 -> 0 | CY91: =(((S91+R91)*AT91)/100) -> 44.136 | CZ91: =(((S91+R91)*AU91)/100) -> 20.42516 | DE91: *1,25*1,15 | DF91: *1,25*1,15 | DG91: *1,15*1,15 | DI91: *1,15*1,15 | DJ91: *1,25*1,15 | DN91: 0 | DO91: 0 | DP91: 1 | DQ91: 1 | DU91: 1005 | DV91: 100 м2 окрашиваемой поверхности | DW91: 100 м2 окрашиваемой поверхности | DX91: 100 | EE91: 30852936 | EF91: 2 | EG91: Общестроительные работы | EH91: 0 | EJ91: 1 | EK91: 15001 | EL91: Отделочные работы | EM91: ФЕР-15 | EQ91: 0 | ER91: 1068.61 | ES91: 473.75 | ET91: 452.24 | EU91: 0 | EV91: 142.62 | EW91: 15.9 | EX91: 0 | EY91: 0 | FQ91: 0 | FR91: =ROUND(IF(AND(BH91=3,BI91=3),P91,0),2) -> 0 | FS91: 0 | FT91: *0,9 | FU91: *0,85 | FX91: 90 | FY91: 41.65 | GD91: 1 | GF91: -280860624 | GG91: 2 | GH91: 1 | GI91: 4 | GJ91: 0 | GK91: 0 | GL91: =ROUND(IF(AND(BH91=3,BI91=3,FS91<>0),P91,0),2) -> 0 | GM91: =ROUND(O91+X91+Y91,2)+GX91 -> 405.81 | GN91: =IF(OR(BI91=0,BI91=1),ROUND(O91+X91+Y91,2),0) -> 405.81 | GO91: =IF(BI91=2,ROUND(O91+X91+Y91,2),0) -> 0 | GP91: =IF(BI91=4,ROUND(O91+X91+Y91,2)+GX91,0) -> 0 | GR91: 0 | GS91: 3 | GT91: 0 | GV91: =ROUND((GT91),6) -> 0 | GW91: 1 | GX91: =ROUND(HC91*I91,2) -> 0 | HA91: 0 | HB91: 0 | HC91: =GV91*GW91 -> 0 | HI91: =ROUND(R91*BS91,0) -> 0 | HJ91: =ROUND(S91*BA91,0) -> 1188 | HK91: =ROUND((((HJ91+HI91)*AT91)/100),0) -> 1069 | HL91: =ROUND((((HJ91+HI91)*AU91)/100),0) -> 495 | IK91: 0
A92: 17 | B92: 1 | E92: 26 | F92: 402-0083 | G92: Раствор готовый отделочный тяжелый, цементно-известковый 1:1:6 | H92: м3 | I92: =ROUND(I91*-0.06,7) -> -0.0156 | J92: 0 | K92: =ROUND(I91*-0.06,7) -> -0.0156 | O92: =ROUND(CP92,2) -> -8.89 | P92: =ROUND(CQ92*I92,2) -> -8.89 | Q92: =ROUND(CR92*I92,2) -> 0 | R92: =ROUND(CS92*I92,2) -> 0 | S92: =ROUND(CT92*I92,2) -> 0 | T92: =ROUND(CU92*I92,2) -> 0 | U92: =CV92*I92 -> 0 | V92: =CW92*I92 -> 0 | W92: =ROUND(CX92*I92,2) -> 0 | X92: =ROUND(CY92,2) -> 0 | Y92: =ROUND(CZ92,2) -> 0 | AA92: 31028412 | AB92: =ROUND((AC92+AD92+AF92),6) -> 570.03 | AC92: =ROUND((ES92),6) -> 570.03 | AD92: =ROUND((((ET92)-(EU92))+AE92),6) -> 0 | AE92: =ROUND((EU92),6) -> 0 | AF92: =ROUND((EV92),6) -> 0 | AG92: =ROUND((AP92),6) -> 0 | AH92: =(EW92) -> 0 | AI92: =(EX92) -> 0 | AJ92: =(AS92) -> 0 | AK92: 570.03 | AL92: 570.03 | AM92: 0 | AN92: 0 | AO92: 0 | AP92: 0 | AQ92: 0 | AR92: 0 | AS92: 0 | AT92: 0 | AU92: 0 | AV92: 1 | AW92: 1 | AZ92: 1 | BA92: 1 | BB92: 1 | BC92: 1 | BH92: 3 | BI92: 1 | BJ92: ССЦ Тверской обл. (редакции 2014), пр. № 337/пр, сб.402, поз.0083 | BM92: 500001 | BN92: 0 | BO92: Приложение №2 к письму Минстроя России от03.06.2021 №23038-ИФ/09 | BP92: 1 | BQ92: 8 | BR92: 1 | BS92: 1 | BT92: 1 | BU92: 1 | BV92: 1 | BW92: 1 | BX92: 1 | BZ92: 0 | CA92: 0 | CE92: 0 | CF92: 0 | CG92: 0 | CM92: 0 | CO92: 0 | CP92: =(P92+Q92+S92) -> -8.89 | CQ92: =AC92*BC92 -> 570.03 | CR92: =AD92*BB92 -> 0 | CS92: =AE92 -> 0 | CT92: =AF92 -> 0 | CU92: =AG92 -> 0 | CV92: =AH92 -> 0 | CW92: =AI92 -> 0 | CX92: =AJ92 -> 0 | CY92: =(((S92+R92)*AT92)/100) -> 0 | CZ92: =(((S92+R92)*AU92)/100) -> 0 | DN92: 0 | DO92: 0 | DP92: 1 | DQ92: 1 | DU92: 1007 | DV92: м3 | DW92: м3 | DX92: 1 | EE92: 30852824 | EF92: 8 | EG92: Материалы строительные | EH92: 0 | EJ92: 1 | EK92: 500001 | EL92: Материалы и конструкции ( строительные ) по ценникам и каталогом | EM92: ФССЦст | EQ92: 32768 | ER92: 570.03 | ES92: 570.03 | ET92: 0 | EU92: 0 | EV92: 0 | EW92: 0 | EX92: 0 | EY92: 0 | FQ92: 0 | FR92: =ROUND(IF(AND(BH92=3,BI92=3),P92,0),2) -> 0 | FS92: 0 | FX92: 0 | FY92: 0 | GD92: 1 | GF92: -1738869177 | GG92: 2 | GH92: 1 | GI92: 4 | GJ92: 0 | GK92: 0 | GL92: =ROUND(IF(AND(BH92=3,BI92=3,FS92<>0),P92,0),2) -> 0 | GM92: =ROUND(O92+X92+Y92,2)+GX92 -> -8.89 | GN92: =IF(OR(BI92=0,BI92=1),ROUND(O92+X92+Y92,2),0) -> -8.89 | GO92: =IF(BI92=2,ROUND(O92+X92+Y92,2),0) -> 0 | GP92: =IF(BI92=4,ROUND(O92+X92+Y92,2)+GX92,0) -> 0 | GR92: 0 | GS92: 3 | GT92: 0 | GV92: =ROUND((GT92),6) -> 0 | GW92: 1 | GX92: =ROUND(HC92*I92,2) -> 0 | HA92: 0 | HB92: 0 | HC92: =GV92*GW92 -> 0 | HI92: =ROUND(R92*BS92,0) -> 0 | HJ92: =ROUND(S92*BA92,0) -> 0 | HK92: =ROUND((((HJ92+HI92)*AT92)/100),0) -> 0 | HL92: =ROUND((((HJ92+HI92)*AU92)/100),0) -> 0 | IK92: 0
A93: 17 | B93: 1 | E93: 27 | G93: Раствор штукатурный Remmers КСЕ 100 / Расход 2л /м2 (1895,83/6,17) | H93: л | I93: 52 | J93: 0 | K93: 52 | O93: =ROUND(CP93,2) -> 15977.8 | P93: =ROUND(ROUND(CQ93*I93,0)/BC93,2) -> 15977.8 | Q93: =ROUND(CR93*I93,2) -> 0 | R93: =ROUND(CS93*I93,2) -> 0 | S93: =ROUND(CT93*I93,2) -> 0 | T93: =ROUND(CU93*I93,2) -> 0 | U93: =CV93*I93 -> 0 | V93: =CW93*I93 -> 0 | W93: =ROUND(CX93*I93,2) -> 0 | X93: =ROUND(CY93,2) -> 0 | Y93: =ROUND(CZ93,2) -> 0 | AA93: 31028412 | AB93: =ROUND((AC93+AD93+AF93),6) -> 1895.83 | AC93: =ROUND((ES93),6) -> 1895.83 | AD93: =ROUND((((ET93)-(EU93))+AE93),6) -> 0 | AE93: =ROUND((EU93),6) -> 0 | AF93: =ROUND((EV93),6) -> 0 | AG93: =ROUND((AP93),6) -> 0 | AH93: =(EW93) -> 0 | AI93: =(EX93) -> 0 | AJ93: =(AS93) -> 0 | AK93: 1895.83 | AL93: 1895.83 | AM93: 0 | AN93: 0 | AO93: 0 | AP93: 0 | AQ93: 0 | AR93: 0 | AS93: 0 | AT93: 0 | AU93: 0 | AV93: 1 | AW93: 1 | AZ93: 1 | BA93: 1 | BB93: 1 | BC93: 6.17 | BH93: 3 | BI93: 1 | BM93: 1100 | BN93: 0 | BO93: Приложение №2 к письму Минстроя России от03.06.2021 №23038-ИФ/09 | BP93: 1 | BQ93: 8 | BR93: 0 | BS93: 1 | BT93: 1 | BU93: 1 | BV93: 1 | BW93: 1 | BX93: 1 | BZ93: 0 | CA93: 0 | CE93: 0 | CF93: 0 | CG93: 0 | CM93: 0 | CO93: 0 | CP93: =(P93+Q93+S93) -> 15977.8 | CQ93: =AC93 -> 1895.83 | CR93: =AD93*BB93 -> 0 | CS93: =AE93 -> 0 | CT93: =AF93 -> 0 | CU93: =AG93 -> 0 | CV93: =AH93 -> 0 | CW93: =AI93 -> 0 | CX93: =AJ93 -> 0 | CY93: =(((S93+R93)*AT93)/100) -> 0 | CZ93: =(((S93+R93)*AU93)/100) -> 0 | DN93: 0 | DO93: 0 | DP93: 1 | DQ93: 1 | DU93: 1002 | DV93: л | DW93: л | DX93: 1 | EE93: 30853118 | EF93: 8 | EG93: Материалы строительные | EH93: 0 | EJ93: 1 | EK93: 1100 | EL93: Материалы, изделия и конструкции | EM93: материалы (03) | EQ93: 0 | ER93: 1895.83 | ES93: 1895.83 | ET93: 0 | EU93: 0 | EV93: 0 | EW93: 0 | EX93: 0 | EY93: 0 | EZ93: 5 | FC93: 0 | FD93: 18 | FF93: 1895.83 | FQ93: 0 | FR93: =ROUND(IF(AND(BH93=3,BI93=3),P93,0),2) -> 0 | FS93: 0 | FX93: 0 | FY93: 0 | GD93: 1 | GF93: -1283185256 | GG93: 2 | GH93: 3 | GI93: 4 | GJ93: 0 | GK93: 0 | GL93: =ROUND(IF(AND(BH93=3,BI93=3,FS93<>0),P93,0),2) -> 0 | GM93: =ROUND(O93+X93+Y93,2)+GX93 -> 15977.8 | GN93: =IF(OR(BI93=0,BI93=1),ROUND(O93+X93+Y93,2),0) -> 15977.8 | GO93: =IF(BI93=2,ROUND(O93+X93+Y93,2),0) -> 0 | GP93: =IF(BI93=4,ROUND(O93+X93+Y93,2)+GX93,0) -> 0 | GR93: 1 | GS93: 1 | GT93: 0 | GV93: =ROUND((GT93),6) -> 0 | GW93: 1 | GX93: =ROUND(HC93*I93,2) -> 0 | HA93: 0 | HB93: 0 | HC93: =GV93*GW93 -> 0 | HG93: =ROUND(AC93*I93,0) -> 98583 | HI93: =ROUND(R93*BS93,0) -> 0 | HJ93: =ROUND(S93*BA93,0) -> 0 | HK93: =ROUND((((HJ93+HI93)*AT93)/100),0) -> 0 | HL93: =ROUND((((HJ93+HI93)*AU93)/100),0) -> 0 | IK93: 0
A94: 19 | B94: 1 | G94: Восстановление наружной стены | AA94: 1 | IK94: 0
A95: 17 | B95: 1 | C95: =ROW(SmtRes!A63) -> 63 | D95: =ROW(EtalonRes!A72) -> 72 | E95: 28 | F95: 46-04-001-4 | G95: Разборка кирпичных стен | H95: 1 м3 | I95: 36.44 | J95: 0 | K95: 36.44 | O95: =ROUND(CP95,2) -> 7297.93 | P95: =ROUND(CQ95*I95,2) -> 0 | Q95: =ROUND(CR95*I95,2) -> 4345.65 | R95: =ROUND(CS95*I95,2) -> 468.09 | S95: =ROUND(CT95*I95,2) -> 2952.28 | T95: =ROUND(CU95*I95,2) -> 0 | U95: =CV95*I95 -> 345.30544 | V95: =CW95*I95 -> 48.1919 | W95: =ROUND(CX95*I95,2) -> 0 | X95: =ROUND(CY95,2) -> 3112.54 | Y95: =ROUND(CZ95,2) -> 3112.54 | AA95: 31028412 | AB95: =ROUND((AC95+AD95+AF95),6) -> 200.2725 | AC95: =ROUND((ES95),6) -> 0 | AD95: =ROUND(((((ET95*ROUND(1.15,7)))-((EU95*ROUND(1.15,7))))+AE95),6) -> 119.255 | AE95: =ROUND(((EU95*ROUND(1.15,7))),6) -> 12.8455 | AF95: =ROUND(((EV95*ROUND(1.15,7))),6) -> 81.0175 | AG95: =ROUND((AP95),6) -> 0 | AH95: =((EW95*ROUND(1.15,7))) -> 9.476 | AI95: =((EX95*ROUND(1.15,7))) -> 1.3225 | AJ95: =(AS95) -> 0 | AK95: 174.15 | AL95: 0 | AM95: 103.7 | AN95: 11.17 | AO95: 70.45 | AP95: 0 | AQ95: 8.24 | AR95: 1.15 | AS95: 0 | AT95: 91 | AU95: 91 | AV95: 1 | AW95: 1 | AZ95: 1 | BA95: 24.22 | BB95: 1 | BC95: 1 | BH95: 0 | BI95: 1 | BJ95: ТЕР (ред.2014)Тверской обл.изм.2,пр. № 337/пр,сб.46,гл.04,табл.001,поз.4 | BM95: 46003 | BN95: 0 | BO95: Приложение №2 к письму Минстроя России от03.06.2021 №23038-ИФ/09; Приложение №2 к письму Минстроя России от03.06.2021 №23038-ИФ/09; Приложение №2 к письму Минстроя России от03.06.2021 №23038-ИФ/09.; Приложение №2 к письму Минстроя России от03.06.2021 №23038-ИФ/09.; | BP95: 1 | BQ95: 2 | BR95: 0 | BS95: 24.22 | BT95: 1 | BU95: 1 | BV95: 1 | BW95: 1 | BX95: 1 | BZ95: 91 | CA95: 52 | CE95: 0 | CF95: 0 | CG95: 0 | CM95: 0 | CO95: 0 | CP95: =(P95+Q95+S95) -> 7297.93 | CQ95: =AC95*BC95 -> 0 | CR95: =AD95*BB95 -> 119.255 | CS95: =AE95 -> 12.8455 | CT95: =AF95 -> 81.0175 | CU95: =AG95 -> 0 | CV95: =AH95 -> 9.476 | CW95: =AI95 -> 1.3225 | CX95: =AJ95 -> 0 | CY95: =(((S95+R95)*AT95)/100) -> 3112.5367 | CZ95: =(((S95+R95)*AU95)/100) -> 3112.5367 | DE95: *1,15 | DF95: *1,15 | DG95: *1,15 | DI95: *1,15 | DJ95: *1,15 | DN95: 0 | DO95: 0 | DP95: 1 | DQ95: 1 | DU95: 1013 | DV95: 1 м3 | DW95: 1 м3 | DX95: 1 | EE95: 30853204 | EF95: 2 | EG95: Общестроительные работы | EH95: 0 | EJ95: 1 | EK95: 46003 | EL95: Работы по реконструкции зданий и сооружений: разборка отдельных конструктивных элементов здания (сооружения), а также зданий (сооружений) в целом | EM95: ФЕР-46 | EQ95: 131072 | ER95: 174.15 | ES95: 0 | ET95: 103.7 | EU95: 11.17 | EV95: 70.45 | EW95: 8.24 | EX95: 1.15 | EY95: 0 | FQ95: 0 | FR95: =ROUND(IF(AND(BH95=3,BI95=3),P95,0),2) -> 0 | FS95: 0 | FX95: 91 | FY95: 91 | GD95: 1 | GF95: 1198658066 | GG95: 2 | GH95: 1 | GI95: 4 | GJ95: 0 | GK95: 0 | GL95: =ROUND(IF(AND(BH95=3,BI95=3,FS95<>0),P95,0),2) -> 0 | GM95: =ROUND(O95+X95+Y95,2)+GX95 -> 13523.01 | GN95: =IF(OR(BI95=0,BI95=1),ROUND(O95+X95+Y95,2),0) -> 13523.01 | GO95: =IF(BI95=2,ROUND(O95+X95+Y95,2),0) -> 0 | GP95: =IF(BI95=4,ROUND(O95+X95+Y95,2)+GX95,0) -> 0 | GR95: 0 | GS95: 0 | GT95: 0 | GV95: =ROUND((GT95),6) -> 0 | GW95: 1 | GX95: =ROUND(HC95*I95,2) -> 0 | HA95: 0 | HB95: 0 | HC95: =GV95*GW95 -> 0 | HI95: =ROUND(R95*BS95,0) -> 11337 | HJ95: =ROUND(S95*BA95,0) -> 71504 | HK95: =ROUND((((HJ95+HI95)*AT95)/100),0) -> 75385 | HL95: =ROUND((((HJ95+HI95)*AU95)/100),0) -> 75385 | IK95: 0
A96: 17 | B96: 1 | C96: =ROW(SmtRes!A68) -> 68 | D96: =ROW(EtalonRes!A79) -> 79 | E96: 29 | F96: 08-02-001-1 | G96: Кладка стен кирпичных наружных простых при высоте этажа до 4 м | H96: 1 м3 кладки | I96: 36.44 | J96: 0 | K96: 36.44 | O96: =ROUND(CP96,2) -> 31311.23 | P96: =ROUND(CQ96*I96,2) -> 27423.65 | Q96: =ROUND(CR96*I96,2) -> 1800.39 | R96: =ROUND(CS96*I96,2) -> 272.91 | S96: =ROUND(CT96*I96,2) -> 2087.19 | T96: =ROUND(CU96*I96,2) -> 0 | U96: =CV96*I96 -> 260.23626 | V96: =CW96*I96 -> 20.953 | W96: =ROUND(CX96*I96,2) -> 0 | X96: =ROUND(CY96,2) -> 2336.5 | Y96: =ROUND(CZ96,2) -> 1384.2 | AA96: 31028412 | AB96: =ROUND((AC96+AD96+AF96),6) -> 859.25435 | AC96: =ROUND((ES96),6) -> 752.57 | AD96: =ROUND(((((ET96*ROUND((1.25*1.15),7)))-((EU96*ROUND((1.25*1.15),7))))+AE96),6) -> 49.406875 | AE96: =ROUND(((EU96*ROUND((1.25*1.15),7))),6) -> 7.489375 | AF96: =ROUND(((EV96*ROUND((1.15*1.15),7))),6) -> 57.277475 | AG96: =ROUND((AP96),6) -> 0 | AH96: =((EW96*ROUND((1.15*1.15),7))) -> 7.1415 | AI96: =((EX96*ROUND((1.25*1.15),7))) -> 0.575 | AJ96: =(AS96) -> 0 | AK96: 830.25 | AL96: 752.57 | AM96: 34.37 | AN96: 5.21 | AO96: 43.31 | AP96: 0 | AQ96: 5.4 | AR96: 0.4 | AS96: 0 | AT96: 99 | AU96: 58.65 | AV96: 1 | AW96: 1 | AZ96: 1 | BA96: 24.22 | BB96: 1 | BC96: 1 | BH96: 0 | BI96: 1 | BJ96: ТЕР (ред.2014)Тверской обл.изм.2,пр. № 337/пр,сб.08,гл.02,табл.001,поз.1 | BM96: 8001 | BN96: 0 | BO96: Приложение №2 к письму Минстроя России от03.06.2021 №23038-ИФ/09; Приложение №2 к письму Минстроя России от03.06.2021 №23038-ИФ/09; Приложение №2 к письму Минстроя России от03.06.2021 №23038-ИФ/09.; Приложение №2 к письму Минстроя России от03.06.2021 №23038-ИФ/09.; | BP96: 1 | BQ96: 2 | BR96: 0 | BS96: 24.22 | BT96: 1 | BU96: 1 | BV96: 1 | BW96: 1 | BX96: 1 | BZ96: 110 | CA96: 69 | CE96: 0 | CF96: 0 | CG96: 0 | CM96: 0 | CO96: 0 | CP96: =(P96+Q96+S96) -> 31311.23 | CQ96: =AC96*BC96 -> 752.57 | CR96: =AD96*BB96 -> 49.406875 | CS96: =AE96 -> 7.489375 | CT96: =AF96 -> 57.277475 | CU96: =AG96 -> 0 | CV96: =AH96 -> 7.1415 | CW96: =AI96 -> 0.575 | CX96: =AJ96 -> 0 | CY96: =(((S96+R96)*AT96)/100) -> 2336.499 | CZ96: =(((S96+R96)*AU96)/100) -> 1384.1986 | DE96: *1,25*1,15 | DF96: *1,25*1,15 | DG96: *1,15*1,15 | DI96: *1,15*1,15 | DJ96: *1,25*1,15 | DN96: 0 | DO96: 0 | DP96: 1 | DQ96: 1 | DU96: 1013 | DV96: 1 м3 кладки | DW96: 1 м3 кладки | DX96: 1 | EE96: 30852902 | EF96: 2 | EG96: Общестроительные работы | EH96: 0 | EJ96: 1 | EK96: 8001 | EL96: Конструкции из кирпича и блоков | EM96: ФЕР-08 | EQ96: 131072 | ER96: 830.25 | ES96: 752.57 | ET96: 34.37 | EU96: 5.21 | EV96: 43.31 | EW96: 5.4 | EX96: 0.4 | EY96: 0 | FQ96: 0 | FR96: =ROUND(IF(AND(BH96=3,BI96=3),P96,0),2) -> 0 | FS96: 0 | FT96: *0,9 | FU96: *0,85 | FX96: 99 | FY96: 58.65 | GD96: 1 | GF96: -2766106 | GG96: 2 | GH96: 1 | GI96: 4 | GJ96: 0 | GK96: 0 | GL96: =ROUND(IF(AND(BH96=3,BI96=3,FS96<>0),P96,0),2) -> 0 | GM96: =ROUND(O96+X96+Y96,2)+GX96 -> 35031.93 | GN96: =IF(OR(BI96=0,BI96=1),ROUND(O96+X96+Y96,2),0) -> 35031.93 | GO96: =IF(BI96=2,ROUND(O96+X96+Y96,2),0) -> 0 | GP96: =IF(BI96=4,ROUND(O96+X96+Y96,2)+GX96,0) -> 0 | GR96: 0 | GS96: 0 | GT96: 0 | GV96: =ROUND((GT96),6) -> 0 | GW96: 1 | GX96: =ROUND(HC96*I96,2) -> 0 | HA96: 0 | HB96: 0 | HC96: =GV96*GW96 -> 0 | HI96: =ROUND(R96*BS96,0) -> 6610 | HJ96: =ROUND(S96*BA96,0) -> 50552 | HK96: =ROUND((((HJ96+HI96)*AT96)/100),0) -> 56590 | HL96: =ROUND((((HJ96+HI96)*AU96)/100),0) -> 33526 | IK96: 0
A97: 17 | B97: 1 | E97: 30 | F97: 404-0005 | G97: Кирпич керамический одинарный, размером 250х120х65 мм, марка 100 | H97: 1000 шт. | I97: =ROUND(I96*-0.394,7) -> -14.35736 | J97: 0 | K97: =ROUND(I96*-0.394,7) -> -14.35736 | O97: =ROUND(CP97,2) -> -23871.98 | P97: =ROUND(CQ97*I97,2) -> -23871.98 | Q97: =ROUND(CR97*I97,2) -> 0 | R97: =ROUND(CS97*I97,2) -> 0 | S97: =ROUND(CT97*I97,2) -> 0 | T97: =ROUND(CU97*I97,2) -> 0 | U97: =CV97*I97 -> 0 | V97: =CW97*I97 -> 0 | W97: =ROUND(CX97*I97,2) -> 0 | X97: =ROUND(CY97,2) -> 0 | Y97: =ROUND(CZ97,2) -> 0 | AA97: 31028412 | AB97: =ROUND((AC97+AD97+AF97),6) -> 1662.7 | AC97: =ROUND((ES97),6) -> 1662.7 | AD97: =ROUND((((ET97)-(EU97))+AE97),6) -> 0 | AE97: =ROUND((EU97),6) -> 0 | AF97: =ROUND((EV97),6) -> 0 | AG97: =ROUND((AP97),6) -> 0 | AH97: =(EW97) -> 0 | AI97: =(EX97) -> 0 | AJ97: =(AS97) -> 0 | AK97: 1662.7 | AL97: 1662.7 | AM97: 0 | AN97: 0 | AO97: 0 | AP97: 0 | AQ97: 0 | AR97: 0 | AS97: 0 | AT97: 0 | AU97: 0 | AV97: 1 | AW97: 1 | AZ97: 1 | BA97: 1 | BB97: 1 | BC97: 1 | BH97: 3 | BI97: 1 | BJ97: ССЦ Тверской обл. (редакции 2014), пр. № 337/пр, сб.404, поз.0005 | BM97: 500001 | BN97: 0 | BO97: Приложение №2 к письму Минстроя России от03.06.2021 №23038-ИФ/09 | BP97: 1 | BQ97: 8 | BR97: 1 | BS97: 1 | BT97: 1 | BU97: 1 | BV97: 1 | BW97: 1 | BX97: 1 | BZ97: 0 | CA97: 0 | CE97: 0 | CF97: 0 | CG97: 0 | CM97: 0 | CO97: 0 | CP97: =(P97+Q97+S97) -> -23871.98 | CQ97: =AC97*BC97 -> 1662.7 | CR97: =AD97*BB97 -> 0 | CS97: =AE97 -> 0 | CT97: =AF97 -> 0 | CU97: =AG97 -> 0 | CV97: =AH97 -> 0 | CW97: =AI97 -> 0 | CX97: =AJ97 -> 0 | CY97: =(((S97+R97)*AT97)/100) -> 0 | CZ97: =(((S97+R97)*AU97)/100) -> 0 | DN97: 0 | DO97: 0 | DP97: 1 | DQ97: 1 | DU97: 1010 | DV97: 1000 шт. | DW97: 1000 шт. | DX97: 1000 | EE97: 30852824 | EF97: 8 | EG97: Материалы строительные | EH97: 0 | EJ97: 1 | EK97: 500001 | EL97: Материалы и конструкции ( строительные ) по ценникам и каталогом | EM97: ФССЦст | EQ97: 32768 | ER97: 1662.7 | ES97: 1662.7 | ET97: 0 | EU97: 0 | EV97: 0 | EW97: 0 | EX97: 0 | EY97: 0 | FQ97: 0 | FR97: =ROUND(IF(AND(BH97=3,BI97=3),P97,0),2) -> 0 | FS97: 0 | FX97: 0 | FY97: 0 | GD97: 1 | GF97: -1891761004 | GG97: 2 | GH97: 1 | GI97: 4 | GJ97: 0 | GK97: 0 | GL97: =ROUND(IF(AND(BH97=3,BI97=3,FS97<>0),P97,0),2) -> 0 | GM97: =ROUND(O97+X97+Y97,2)+GX97 -> -23871.98 | GN97: =IF(OR(BI97=0,BI97=1),ROUND(O97+X97+Y97,2),0) -> -23871.98 | GO97: =IF(BI97=2,ROUND(O97+X97+Y97,2),0) -> 0 | GP97: =IF(BI97=4,ROUND(O97+X97+Y97,2)+GX97,0) -> 0 | GR97: 0 | GS97: 0 | GT97: 0 | GV97: =ROUND((GT97),6) -> 0 | GW97: 1 | GX97: =ROUND(HC97*I97,2) -> 0 | HA97: 0 | HB97: 0 | HC97: =GV97*GW97 -> 0 | HI97: =ROUND(R97*BS97,0) -> 0 | HJ97: =ROUND(S97*BA97,0) -> 0 | HK97: =ROUND((((HJ97+HI97)*AT97)/100),0) -> 0 | HL97: =ROUND((((HJ97+HI97)*AU97)/100),0) -> 0 | IK97: 0
A98: 17 | B98: 1 | E98: 31 | F98: 402-0012 | G98: Раствор готовый кладочный цементно-известковый марки 25 | H98: м3 | I98: =ROUND(I96*-0.24,7) -> -8.7456 | J98: 0 | K98: =ROUND(I96*-0.24,7) -> -8.7456 | O98: =ROUND(CP98,2) -> -3497.72 | P98: =ROUND(CQ98*I98,2) -> -3497.72 | Q98: =ROUND(CR98*I98,2) -> 0 | R98: =ROUND(CS98*I98,2) -> 0 | S98: =ROUND(CT98*I98,2) -> 0 | T98: =ROUND(CU98*I98,2) -> 0 | U98: =CV98*I98 -> 0 | V98: =CW98*I98 -> 0 | W98: =ROUND(CX98*I98,2) -> 0 | X98: =ROUND(CY98,2) -> 0 | Y98: =ROUND(CZ98,2) -> 0 | AA98: 31028412 | AB98: =ROUND((AC98+AD98+AF98),6) -> 399.94 | AC98: =ROUND((ES98),6) -> 399.94 | AD98: =ROUND((((ET98)-(EU98))+AE98),6) -> 0 | AE98: =ROUND((EU98),6) -> 0 | AF98: =ROUND((EV98),6) -> 0 | AG98: =ROUND((AP98),6) -> 0 | AH98: =(EW98) -> 0 | AI98: =(EX98) -> 0 | AJ98: =(AS98) -> 0 | AK98: 399.94 | AL98: 399.94 | AM98: 0 | AN98: 0 | AO98: 0 | AP98: 0 | AQ98: 0 | AR98: 0 | AS98: 0 | AT98: 0 | AU98: 0 | AV98: 1 | AW98: 1 | AZ98: 1 | BA98: 1 | BB98: 1 | BC98: 1 | BH98: 3 | BI98: 1 | BJ98: ССЦ Тверской обл. (редакции 2014), пр. № 337/пр, сб.402, поз.0012 | BM98: 500001 | BN98: 0 | BO98: Приложение №2 к письму Минстроя России от03.06.2021 №23038-ИФ/09 | BP98: 1 | BQ98: 8 | BR98: 1 | BS98: 1 | BT98: 1 | BU98: 1 | BV98: 1 | BW98: 1 | BX98: 1 | BZ98: 0 | CA98: 0 | CE98: 0 | CF98: 0 | CG98: 0 | CM98: 0 | CO98: 0 | CP98: =(P98+Q98+S98) -> -3497.72 | CQ98: =AC98*BC98 -> 399.94 | CR98: =AD98*BB98 -> 0 | CS98: =AE98 -> 0 | CT98: =AF98 -> 0 | CU98: =AG98 -> 0 | CV98: =AH98 -> 0 | CW98: =AI98 -> 0 | CX98: =AJ98 -> 0 | CY98: =(((S98+R98)*AT98)/100) -> 0 | CZ98: =(((S98+R98)*AU98)/100) -> 0 | DN98: 0 | DO98: 0 | DP98: 1 | DQ98: 1 | DU98: 1007 | DV98: м3 | DW98: м3 | DX98: 1 | EE98: 30852824 | EF98: 8 | EG98: Материалы строительные | EH98: 0 | EJ98: 1 | EK98: 500001 | EL98: Материалы и конструкции ( строительные ) по ценникам и каталогом | EM98: ФССЦст | EQ98: 32768 | ER98: 399.94 | ES98: 399.94 | ET98: 0 | EU98: 0 | EV98: 0 | EW98: 0 | EX98: 0 | EY98: 0 | FQ98: 0 | FR98: =ROUND(IF(AND(BH98=3,BI98=3),P98,0),2) -> 0 | FS98: 0 | FX98: 0 | FY98: 0 | GD98: 1 | GF98: 1123371170 | GG98: 2 | GH98: 1 | GI98: 4 | GJ98: 0 | GK98: 0 | GL98: =ROUND(IF(AND(BH98=3,BI98=3,FS98<>0),P98,0),2) -> 0 | GM98: =ROUND(O98+X98+Y98,2)+GX98 -> -3497.72 | GN98: =IF(OR(BI98=0,BI98=1),ROUND(O98+X98+Y98,2),0) -> -3497.72 | GO98: =IF(BI98=2,ROUND(O98+X98+Y98,2),0) -> 0 | GP98: =IF(BI98=4,ROUND(O98+X98+Y98,2)+GX98,0) -> 0 | GR98: 0 | GS98: 0 | GT98: 0 | GV98: =ROUND((GT98),6) -> 0 | GW98: 1 | GX98: =ROUND(HC98*I98,2) -> 0 | HA98: 0 | HB98: 0 | HC98: =GV98*GW98 -> 0 | HI98: =ROUND(R98*BS98,0) -> 0 | HJ98: =ROUND(S98*BA98,0) -> 0 | HK98: =ROUND((((HJ98+HI98)*AT98)/100),0) -> 0 | HL98: =ROUND((((HJ98+HI98)*AU98)/100),0) -> 0 | IK98: 0
A99: 17 | B99: 1 | E99: 32 | F99: 402-0015 | G99: Раствор готовый кладочный цементно-известковый марки 100 | H99: м3 | I99: 8.7456 | J99: 0 | K99: 8.7456 | O99: =ROUND(CP99,2) -> 4230.77 | P99: =ROUND(CQ99*I99,2) -> 4230.77 | Q99: =ROUND(CR99*I99,2) -> 0 | R99: =ROUND(CS99*I99,2) -> 0 | S99: =ROUND(CT99*I99,2) -> 0 | T99: =ROUND(CU99*I99,2) -> 0 | U99: =CV99*I99 -> 0 | V99: =CW99*I99 -> 0 | W99: =ROUND(CX99*I99,2) -> 0 | X99: =ROUND(CY99,2) -> 0 | Y99: =ROUND(CZ99,2) -> 0 | AA99: 31028412 | AB99: =ROUND((AC99+AD99+AF99),6) -> 483.76 | AC99: =ROUND((ES99),6) -> 483.76 | AD99: =ROUND((((ET99)-(EU99))+AE99),6) -> 0 | AE99: =ROUND((EU99),6) -> 0 | AF99: =ROUND((EV99),6) -> 0 | AG99: =ROUND((AP99),6) -> 0 | AH99: =(EW99) -> 0 | AI99: =(EX99) -> 0 | AJ99: =(AS99) -> 0 | AK99: 483.76 | AL99: 483.76 | AM99: 0 | AN99: 0 | AO99: 0 | AP99: 0 | AQ99: 0 | AR99: 0 | AS99: 0 | AT99: 0 | AU99: 0 | AV99: 1 | AW99: 1 | AZ99: 1 | BA99: 1 | BB99: 1 | BC99: 1 | BH99: 3 | BI99: 1 | BJ99: ССЦ Тверской обл. (редакции 2014), пр. № 337/пр, сб.402, поз.0015 | BM99: 500001 | BN99: 0 | BO99: Приложение №2 к письму Минстроя России от03.06.2021 №23038-ИФ/09 | BP99: 1 | BQ99: 8 | BR99: 0 | BS99: 1 | BT99: 1 | BU99: 1 | BV99: 1 | BW99: 1 | BX99: 1 | BZ99: 0 | CA99: 0 | CE99: 0 | CF99: 0 | CG99: 0 | CM99: 0 | CO99: 0 | CP99: =(P99+Q99+S99) -> 4230.77 | CQ99: =AC99*BC99 -> 483.76 | CR99: =AD99*BB99 -> 0 | CS99: =AE99 -> 0 | CT99: =AF99 -> 0 | CU99: =AG99 -> 0 | CV99: =AH99 -> 0 | CW99: =AI99 -> 0 | CX99: =AJ99 -> 0 | CY99: =(((S99+R99)*AT99)/100) -> 0 | CZ99: =(((S99+R99)*AU99)/100) -> 0 | DN99: 0 | DO99: 0 | DP99: 1 | DQ99: 1 | DU99: 1007 | DV99: м3 | DW99: м3 | DX99: 1 | EE99: 30852824 | EF99: 8 | EG99: Материалы строительные | EH99: 0 | EJ99: 1 | EK99: 500001 | EL99: Материалы и конструкции ( строительные ) по ценникам и каталогом | EM99: ФССЦст | EQ99: 131072 | ER99: 483.76 | ES99: 483.76 | ET99: 0 | EU99: 0 | EV99: 0 | EW99: 0 | EX99: 0 | EY99: 0 | FQ99: 0 | FR99: =ROUND(IF(AND(BH99=3,BI99=3),P99,0),2) -> 0 | FS99: 0 | FX99: 0 | FY99: 0 | GD99: 1 | GF99: -216866240 | GG99: 2 | GH99: 1 | GI99: 4 | GJ99: 0 | GK99: 0 | GL99: =ROUND(IF(AND(BH99=3,BI99=3,FS99<>0),P99,0),2) -> 0 | GM99: =ROUND(O99+X99+Y99,2)+GX99 -> 4230.77 | GN99: =IF(OR(BI99=0,BI99=1),ROUND(O99+X99+Y99,2),0) -> 4230.77 | GO99: =IF(BI99=2,ROUND(O99+X99+Y99,2),0) -> 0 | GP99: =IF(BI99=4,ROUND(O99+X99+Y99,2)+GX99,0) -> 0 | GR99: 0 | GS99: 0 | GT99: 0 | GV99: =ROUND((GT99),6) -> 0 | GW99: 1 | GX99: =ROUND(HC99*I99,2) -> 0 | HA99: 0 | HB99: 0 | HC99: =GV99*GW99 -> 0 | HI99: =ROUND(R99*BS99,0) -> 0 | HJ99: =ROUND(S99*BA99,0) -> 0 | HK99: =ROUND((((HJ99+HI99)*AT99)/100),0) -> 0 | HL99: =ROUND((((HJ99+HI99)*AU99)/100),0) -> 0 | IK99: 0
A100: 17 | B100: 1 | E100: 33 | F100: 404-0007 | G100: Кирпич керамический одинарный, размером 250х120х65 мм, марка 150 | H100: 1000 шт. | I100: =ROUND((14357.36)/1000,7) -> 14.35736 | J100: 0 | K100: =ROUND((14357.36)/1000,7) -> 14.35736 | O100: =ROUND(CP100,2) -> 27458.88 | P100: =ROUND(CQ100*I100,2) -> 27458.88 | Q100: =ROUND(CR100*I100,2) -> 0 | R100: =ROUND(CS100*I100,2) -> 0 | S100: =ROUND(CT100*I100,2) -> 0 | T100: =ROUND(CU100*I100,2) -> 0 | U100: =CV100*I100 -> 0 | V100: =CW100*I100 -> 0 | W100: =ROUND(CX100*I100,2) -> 0 | X100: =ROUND(CY100,2) -> 0 | Y100: =ROUND(CZ100,2) -> 0 | AA100: 31028412 | AB100: =ROUND((AC100+AD100+AF100),6) -> 1912.53 | AC100: =ROUND((ES100),6) -> 1912.53 | AD100: =ROUND((((ET100)-(EU100))+AE100),6) -> 0 | AE100: =ROUND((EU100),6) -> 0 | AF100: =ROUND((EV100),6) -> 0 | AG100: =ROUND((AP100),6) -> 0 | AH100: =(EW100) -> 0 | AI100: =(EX100) -> 0 | AJ100: =(AS100) -> 0 | AK100: 1912.53 | AL100: 1912.53 | AM100: 0 | AN100: 0 | AO100: 0 | AP100: 0 | AQ100: 0 | AR100: 0 | AS100: 0 | AT100: 0 | AU100: 0 | AV100: 1 | AW100: 1 | AZ100: 1 | BA100: 1 | BB100: 1 | BC100: 1 | BH100: 3 | BI100: 1 | BJ100: ССЦ Тверской обл. (редакции 2014), пр. № 337/пр, сб.404, поз.0007 | BM100: 500001 | BN100: 0 | BO100: Приложение №2 к письму Минстроя России от03.06.2021 №23038-ИФ/09 | BP100: 1 | BQ100: 8 | BR100: 0 | BS100: 1 | BT100: 1 | BU100: 1 | BV100: 1 | BW100: 1 | BX100: 1 | BZ100: 0 | CA100: 0 | CE100: 0 | CF100: 0 | CG100: 0 | CM100: 0 | CO100: 0 | CP100: =(P100+Q100+S100) -> 27458.88 | CQ100: =AC100*BC100 -> 1912.53 | CR100: =AD100*BB100 -> 0 | CS100: =AE100 -> 0 | CT100: =AF100 -> 0 | CU100: =AG100 -> 0 | CV100: =AH100 -> 0 | CW100: =AI100 -> 0 | CX100: =AJ100 -> 0 | CY100: =(((S100+R100)*AT100)/100) -> 0 | CZ100: =(((S100+R100)*AU100)/100) -> 0 | DN100: 0 | DO100: 0 | DP100: 1 | DQ100: 1 | DU100: 1010 | DV100: 1000 шт. | DW100: 1000 шт. | DX100: 1000 | EE100: 30852824 | EF100: 8 | EG100: Материалы строительные | EH100: 0 | EJ100: 1 | EK100: 500001 | EL100: Материалы и конструкции ( строительные ) по ценникам и каталогом | EM100: ФССЦст | EQ100: 0 | ER100: 1912.53 | ES100: 1912.53 | ET100: 0 | EU100: 0 | EV100: 0 | EW100: 0 | EX100: 0 | EY100: 0 | FQ100: 0 | FR100: =ROUND(IF(AND(BH100=3,BI100=3),P100,0),2) -> 0 | FS100: 0 | FX100: 0 | FY100: 0 | GD100: 1 | GF100: -1674372488 | GG100: 2 | GH100: 1 | GI100: 4 | GJ100: 0 | GK100: 0 | GL100: =ROUND(IF(AND(BH100=3,BI100=3,FS100<>0),P100,0),2) -> 0 | GM100: =ROUND(O100+X100+Y100,2)+GX100 -> 27458.88 | GN100: =IF(OR(BI100=0,BI100=1),ROUND(O100+X100+Y100,2),0) -> 27458.88 | GO100: =IF(BI100=2,ROUND(O100+X100+Y100,2),0) -> 0 | GP100: =IF(BI100=4,ROUND(O100+X100+Y100,2)+GX100,0) -> 0 | GR100: 0 | GS100: 3 | GT100: 0 | GV100: =ROUND((GT100),6) -> 0 | GW100: 1 | GX100: =ROUND(HC100*I100,2) -> 0 | HA100: 0 | HB100: 0 | HC100: =GV100*GW100 -> 0 | HI100: =ROUND(R100*BS100,0) -> 0 | HJ100: =ROUND(S100*BA100,0) -> 0 | HK100: =ROUND((((HJ100+HI100)*AT100)/100),0) -> 0 | HL100: =ROUND((((HJ100+HI100)*AU100)/100),0) -> 0 | IK100: 0
A101: 17 | B101: 1 | C101: =ROW(SmtRes!A77) -> 77 | D101: =ROW(EtalonRes!A90) -> 90 | E101: 34 | F101: 53-18-1 | G101: Перекладка клинчатых кирпичных перемычек | H101: 1 м3 перемычек | I101: 9.9 | J101: 0 | K101: 9.9 | O101: =ROUND(CP101,2) -> 16535.71 | P101: =ROUND(CQ101*I101,2) -> 8903.66 | Q101: =ROUND(CR101*I101,2) -> 3479.6 | R101: =ROUND(CS101*I101,2) -> 465.87 | S101: =ROUND(CT101*I101,2) -> 4152.45 | T101: =ROUND(CU101*I101,2) -> 0 | U101: =CV101*I101 -> 446.9751 | V101: =CW101*I101 -> 44.97075 | W101: =ROUND(CX101*I101,2) -> 0 | X101: =ROUND(CY101,2) -> 4248.85 | Y101: =ROUND(CZ101,2) -> 2401.53 | AA101: 31028412 | AB101: =ROUND((AC101+AD101+AF101),6) -> 1670.274 | AC101: =ROUND((ES101),6) -> 899.36 | AD101: =ROUND(((((ET101*ROUND(1.15,7)))-((EU101*ROUND(1.15,7))))+AE101),6) -> 351.4745 | AE101: =ROUND(((EU101*ROUND(1.15,7))),6) -> 47.058 | AF101: =ROUND(((EV101*ROUND(1.15,7))),6) -> 419.4395 | AG101: =ROUND((AP101),6) -> 0 | AH101: =((EW101*ROUND(1.15,7))) -> 45.149 | AI101: =((EX101*ROUND(1.15,7))) -> 4.5425 | AJ101: =(AS101) -> 0 | AK101: 1569.72 | AL101: 899.36 | AM101: 305.63 | AN101: 40.92 | AO101: 364.73 | AP101: 0 | AQ101: 39.26 | AR101: 3.95 | AS101: 0 | AT101: 92 | AU101: 52 | AV101: 1 | AW101: 1 | AZ101: 1 | BA101: 24.22 | BB101: 1 | BC101: 1 | BH101: 0 | BI101: 1 | BJ101: ТЕР (ред.2014)Тверской обл.изм.2,пр. № 337/пр,сб.53,гл.,табл.18,поз.1 | BM101: 53001 | BN101: 0 | BO101: Приложение №2 к письму Минстроя России от03.06.2021 №23038-ИФ/09; Приложение №2 к письму Минстроя России от03.06.2021 №23038-ИФ/09; Приложение №2 к письму Минстроя России от03.06.2021 №23038-ИФ/09.; Приложение №2 к письму Минстроя России от03.06.2021 №23038-ИФ/09.; | BP101: 1 | BQ101: 6 | BR101: 0 | BS101: 24.22 | BT101: 1 | BU101: 1 | BV101: 1 | BW101: 1 | BX101: 1 | BZ101: 92 | CA101: 52 | CE101: 0 | CF101: 0 | CG101: 0 | CM101: 0 | CO101: 0 | CP101: =(P101+Q101+S101) -> 16535.71 | CQ101: =AC101*BC101 -> 899.36 | CR101: =AD101*BB101 -> 351.4745 | CS101: =AE101 -> 47.058 | CT101: =AF101 -> 419.4395 | CU101: =AG101 -> 0 | CV101: =AH101 -> 45.149 | CW101: =AI101 -> 4.5425 | CX101: =AJ101 -> 0 | CY101: =(((S101+R101)*AT101)/100) -> 4248.8544 | CZ101: =(((S101+R101)*AU101)/100) -> 2401.5264 | DE101: *1,15 | DF101: *1,15 | DG101: *1,15 | DI101: *1,15 | DJ101: *1,15 | DN101: 0 | DO101: 0 | DP101: 1 | DQ101: 1 | DU101: 1013 | DV101: 1 м3 перемычек | DW101: 1 м3 перемычек | DX101: 1 | EE101: 30853005 | EF101: 6 | EG101: Ремонтно-строительные работы | EH101: 0 | EJ101: 1 | EK101: 53001 | EL101: Стены | EM101: рФЕР-53 | EQ101: 131072 | ER101: 1569.72 | ES101: 899.36 | ET101: 305.63 | EU101: 40.92 | EV101: 364.73 | EW101: 39.26 | EX101: 3.95 | EY101: 0 | FQ101: 0 | FR101: =ROUND(IF(AND(BH101=3,BI101=3),P101,0),2) -> 0 | FS101: 0 | FX101: 92 | FY101: 52 | GD101: 1 | GF101: 95548696 | GG101: 2 | GH101: 1 | GI101: 4 | GJ101: 0 | GK101: 0 | GL101: =ROUND(IF(AND(BH101=3,BI101=3,FS101<>0),P101,0),2) -> 0 | GM101: =ROUND(O101+X101+Y101,2)+GX101 -> 23186.09 | GN101: =IF(OR(BI101=0,BI101=1),ROUND(O101+X101+Y101,2),0) -> 23186.09 | GO101: =IF(BI101=2,ROUND(O101+X101+Y101,2),0) -> 0 | GP101: =IF(BI101=4,ROUND(O101+X101+Y101,2)+GX101,0) -> 0 | GR101: 0 | GS101: 0 | GT101: 0 | GV101: =ROUND((GT101),6) -> 0 | GW101: 1 | GX101: =ROUND(HC101*I101,2) -> 0 | HA101: 0 | HB101: 0 | HC101: =GV101*GW101 -> 0 | HI101: =ROUND(R101*BS101,0) -> 11283 | HJ101: =ROUND(S101*BA101,0) -> 100572 | HK101: =ROUND((((HJ101+HI101)*AT101)/100),0) -> 102907 | HL101: =ROUND((((HJ101+HI101)*AU101)/100),0) -> 58165 | IK101: 0
A102: 17 | B102: 1 | E102: 35 | F102: 404-0005 | G102: Кирпич керамический одинарный, размером 250х120х65 мм, марка 100 | H102: 1000 шт. | I102: =ROUND(I101*-0.422,7) -> -4.1778 | J102: 0 | K102: =ROUND(I101*-0.422,7) -> -4.1778 | O102: =ROUND(CP102,2) -> -6946.43 | P102: =ROUND(CQ102*I102,2) -> -6946.43 | Q102: =ROUND(CR102*I102,2) -> 0 | R102: =ROUND(CS102*I102,2) -> 0 | S102: =ROUND(CT102*I102,2) -> 0 | T102: =ROUND(CU102*I102,2) -> 0 | U102: =CV102*I102 -> 0 | V102: =CW102*I102 -> 0 | W102: =ROUND(CX102*I102,2) -> 0 | X102: =ROUND(CY102,2) -> 0 | Y102: =ROUND(CZ102,2) -> 0 | AA102: 31028412 | AB102: =ROUND((AC102+AD102+AF102),6) -> 1662.7 | AC102: =ROUND((ES102),6) -> 1662.7 | AD102: =ROUND((((ET102)-(EU102))+AE102),6) -> 0 | AE102: =ROUND((EU102),6) -> 0 | AF102: =ROUND((EV102),6) -> 0 | AG102: =ROUND((AP102),6) -> 0 | AH102: =(EW102) -> 0 | AI102: =(EX102) -> 0 | AJ102: =(AS102) -> 0 | AK102: 1662.7 | AL102: 1662.7 | AM102: 0 | AN102: 0 | AO102: 0 | AP102: 0 | AQ102: 0 | AR102: 0 | AS102: 0 | AT102: 0 | AU102: 0 | AV102: 1 | AW102: 1 | AZ102: 1 | BA102: 1 | BB102: 1 | BC102: 1 | BH102: 3 | BI102: 1 | BJ102: ССЦ Тверской обл. (редакции 2014), пр. № 337/пр, сб.404, поз.0005 | BM102: 500001 | BN102: 0 | BO102: Приложение №2 к письму Минстроя России от03.06.2021 №23038-ИФ/09 | BP102: 1 | BQ102: 8 | BR102: 1 | BS102: 1 | BT102: 1 | BU102: 1 | BV102: 1 | BW102: 1 | BX102: 1 | BZ102: 0 | CA102: 0 | CE102: 0 | CF102: 0 | CG102: 0 | CM102: 0 | CO102: 0 | CP102: =(P102+Q102+S102) -> -6946.43 | CQ102: =AC102*BC102 -> 1662.7 | CR102: =AD102*BB102 -> 0 | CS102: =AE102 -> 0 | CT102: =AF102 -> 0 | CU102: =AG102 -> 0 | CV102: =AH102 -> 0 | CW102: =AI102 -> 0 | CX102: =AJ102 -> 0 | CY102: =(((S102+R102)*AT102)/100) -> 0 | CZ102: =(((S102+R102)*AU102)/100) -> 0 | DN102: 0 | DO102: 0 | DP102: 1 | DQ102: 1 | DU102: 1010 | DV102: 1000 шт. | DW102: 1000 шт. | DX102: 1000 | EE102: 30852824 | EF102: 8 | EG102: Материалы строительные | EH102: 0 | EJ102: 1 | EK102: 500001 | EL102: Материалы и конструкции ( строительные ) по ценникам и каталогом | EM102: ФССЦст | EQ102: 32768 | ER102: 1662.7 | ES102: 1662.7 | ET102: 0 | EU102: 0 | EV102: 0 | EW102: 0 | EX102: 0 | EY102: 0 | FQ102: 0 | FR102: =ROUND(IF(AND(BH102=3,BI102=3),P102,0),2) -> 0 | FS102: 0 | FX102: 0 | FY102: 0 | GD102: 1 | GF102: -1891761004 | GG102: 2 | GH102: 1 | GI102: 4 | GJ102: 0 | GK102: 0 | GL102: =ROUND(IF(AND(BH102=3,BI102=3,FS102<>0),P102,0),2) -> 0 | GM102: =ROUND(O102+X102+Y102,2)+GX102 -> -6946.43 | GN102: =IF(OR(BI102=0,BI102=1),ROUND(O102+X102+Y102,2),0) -> -6946.43 | GO102: =IF(BI102=2,ROUND(O102+X102+Y102,2),0) -> 0 | GP102: =IF(BI102=4,ROUND(O102+X102+Y102,2)+GX102,0) -> 0 | GR102: 0 | GS102: 0 | GT102: 0 | GV102: =ROUND((GT102),6) -> 0 | GW102: 1 | GX102: =ROUND(HC102*I102,2) -> 0 | HA102: 0 | HB102: 0 | HC102: =GV102*GW102 -> 0 | HI102: =ROUND(R102*BS102,0) -> 0 | HJ102: =ROUND(S102*BA102,0) -> 0 | HK102: =ROUND((((HJ102+HI102)*AT102)/100),0) -> 0 | HL102: =ROUND((((HJ102+HI102)*AU102)/100),0) -> 0 | IK102: 0
A103: 17 | B103: 1 | E103: 36 | F103: 402-0013 | G103: Раствор готовый кладочный цементно-известковый марки 50 | H103: м3 | I103: =ROUND(I101*-0.242,7) -> -2.3958 | J103: 0 | K103: =ROUND(I101*-0.242,7) -> -2.3958 | O103: =ROUND(CP103,2) -> -1025.81 | P103: =ROUND(CQ103*I103,2) -> -1025.81 | Q103: =ROUND(CR103*I103,2) -> 0 | R103: =ROUND(CS103*I103,2) -> 0 | S103: =ROUND(CT103*I103,2) -> 0 | T103: =ROUND(CU103*I103,2) -> 0 | U103: =CV103*I103 -> 0 | V103: =CW103*I103 -> 0 | W103: =ROUND(CX103*I103,2) -> 0 | X103: =ROUND(CY103,2) -> 0 | Y103: =ROUND(CZ103,2) -> 0 | AA103: 31028412 | AB103: =ROUND((AC103+AD103+AF103),6) -> 428.17 | AC103: =ROUND((ES103),6) -> 428.17 | AD103: =ROUND((((ET103)-(EU103))+AE103),6) -> 0 | AE103: =ROUND((EU103),6) -> 0 | AF103: =ROUND((EV103),6) -> 0 | AG103: =ROUND((AP103),6) -> 0 | AH103: =(EW103) -> 0 | AI103: =(EX103) -> 0 | AJ103: =(AS103) -> 0 | AK103: 428.17 | AL103: 428.17 | AM103: 0 | AN103: 0 | AO103: 0 | AP103: 0 | AQ103: 0 | AR103: 0 | AS103: 0 | AT103: 0 | AU103: 0 | AV103: 1 | AW103: 1 | AZ103: 1 | BA103: 1 | BB103: 1 | BC103: 1 | BH103: 3 | BI103: 1 | BJ103: ССЦ Тверской обл. (редакции 2014), пр. № 337/пр, сб.402, поз.0013 | BM103: 500001 | BN103: 0 | BO103: Приложение №2 к письму Минстроя России от03.06.2021 №23038-ИФ/09 | BP103: 1 | BQ103: 8 | BR103: 1 | BS103: 1 | BT103: 1 | BU103: 1 | BV103: 1 | BW103: 1 | BX103: 1 | BZ103: 0 | CA103: 0 | CE103: 0 | CF103: 0 | CG103: 0 | CM103: 0 | CO103: 0 | CP103: =(P103+Q103+S103) -> -1025.81 | CQ103: =AC103*BC103 -> 428.17 | CR103: =AD103*BB103 -> 0 | CS103: =AE103 -> 0 | CT103: =AF103 -> 0 | CU103: =AG103 -> 0 | CV103: =AH103 -> 0 | CW103: =AI103 -> 0 | CX103: =AJ103 -> 0 | CY103: =(((S103+R103)*AT103)/100) -> 0 | CZ103: =(((S103+R103)*AU103)/100) -> 0 | DN103: 0 | DO103: 0 | DP103: 1 | DQ103: 1 | DU103: 1007 | DV103: м3 | DW103: м3 | DX103: 1 | EE103: 30852824 | EF103: 8 | EG103: Материалы строительные | EH103: 0 | EJ103: 1 | EK103: 500001 | EL103: Материалы и конструкции ( строительные ) по ценникам и каталогом | EM103: ФССЦст | EQ103: 32768 | ER103: 428.17 | ES103: 428.17 | ET103: 0 | EU103: 0 | EV103: 0 | EW103: 0 | EX103: 0 | EY103: 0 | FQ103: 0 | FR103: =ROUND(IF(AND(BH103=3,BI103=3),P103,0),2) -> 0 | FS103: 0 | FX103: 0 | FY103: 0 | GD103: 1 | GF103: 2037766963 | GG103: 2 | GH103: 1 | GI103: 4 | GJ103: 0 | GK103: 0 | GL103: =ROUND(IF(AND(BH103=3,BI103=3,FS103<>0),P103,0),2) -> 0 | GM103: =ROUND(O103+X103+Y103,2)+GX103 -> -1025.81 | GN103: =IF(OR(BI103=0,BI103=1),ROUND(O103+X103+Y103,2),0) -> -1025.81 | GO103: =IF(BI103=2,ROUND(O103+X103+Y103,2),0) -> 0 | GP103: =IF(BI103=4,ROUND(O103+X103+Y103,2)+GX103,0) -> 0 | GR103: 0 | GS103: 0 | GT103: 0 | GV103: =ROUND((GT103),6) -> 0 | GW103: 1 | GX103: =ROUND(HC103*I103,2) -> 0 | HA103: 0 | HB103: 0 | HC103: =GV103*GW103 -> 0 | HI103: =ROUND(R103*BS103,0) -> 0 | HJ103: =ROUND(S103*BA103,0) -> 0 | HK103: =ROUND((((HJ103+HI103)*AT103)/100),0) -> 0 | HL103: =ROUND((((HJ103+HI103)*AU103)/100),0) -> 0 | IK103: 0
A104: 17 | B104: 1 | E104: 37 | F104: 402-0015 | G104: Раствор готовый кладочный цементно-известковый марки 100 | H104: м3 | I104: 2.3958 | J104: 0 | K104: 2.3958 | O104: =ROUND(CP104,2) -> 1158.99 | P104: =ROUND(CQ104*I104,2) -> 1158.99 | Q104: =ROUND(CR104*I104,2) -> 0 | R104: =ROUND(CS104*I104,2) -> 0 | S104: =ROUND(CT104*I104,2) -> 0 | T104: =ROUND(CU104*I104,2) -> 0 | U104: =CV104*I104 -> 0 | V104: =CW104*I104 -> 0 | W104: =ROUND(CX104*I104,2) -> 0 | X104: =ROUND(CY104,2) -> 0 | Y104: =ROUND(CZ104,2) -> 0 | AA104: 31028412 | AB104: =ROUND((AC104+AD104+AF104),6) -> 483.76 | AC104: =ROUND((ES104),6) -> 483.76 | AD104: =ROUND((((ET104)-(EU104))+AE104),6) -> 0 | AE104: =ROUND((EU104),6) -> 0 | AF104: =ROUND((EV104),6) -> 0 | AG104: =ROUND((AP104),6) -> 0 | AH104: =(EW104) -> 0 | AI104: =(EX104) -> 0 | AJ104: =(AS104) -> 0 | AK104: 483.76 | AL104: 483.76 | AM104: 0 | AN104: 0 | AO104: 0 | AP104: 0 | AQ104: 0 | AR104: 0 | AS104: 0 | AT104: 0 | AU104: 0 | AV104: 1 | AW104: 1 | AZ104: 1 | BA104: 1 | BB104: 1 | BC104: 1 | BH104: 3 | BI104: 1 | BJ104: ССЦ Тверской обл. (редакции 2014), пр. № 337/пр, сб.402, поз.0015 | BM104: 500001 | BN104: 0 | BO104: Приложение №2 к письму Минстроя России от03.06.2021 №23038-ИФ/09 | BP104: 1 | BQ104: 8 | BR104: 0 | BS104: 1 | BT104: 1 | BU104: 1 | BV104: 1 | BW104: 1 | BX104: 1 | BZ104: 0 | CA104: 0 | CE104: 0 | CF104: 0 | CG104: 0 | CM104: 0 | CO104: 0 | CP104: =(P104+Q104+S104) -> 1158.99 | CQ104: =AC104*BC104 -> 483.76 | CR104: =AD104*BB104 -> 0 | CS104: =AE104 -> 0 | CT104: =AF104 -> 0 | CU104: =AG104 -> 0 | CV104: =AH104 -> 0 | CW104: =AI104 -> 0 | CX104: =AJ104 -> 0 | CY104: =(((S104+R104)*AT104)/100) -> 0 | CZ104: =(((S104+R104)*AU104)/100) -> 0 | DN104: 0 | DO104: 0 | DP104: 1 | DQ104: 1 | DU104: 1007 | DV104: м3 | DW104: м3 | DX104: 1 | EE104: 30852824 | EF104: 8 | EG104: Материалы строительные | EH104: 0 | EJ104: 1 | EK104: 500001 | EL104: Материалы и конструкции ( строительные ) по ценникам и каталогом | EM104: ФССЦст | EQ104: 131072 | ER104: 483.76 | ES104: 483.76 | ET104: 0 | EU104: 0 | EV104: 0 | EW104: 0 | EX104: 0 | EY104: 0 | FQ104: 0 | FR104: =ROUND(IF(AND(BH104=3,BI104=3),P104,0),2) -> 0 | FS104: 0 | FX104: 0 | FY104: 0 | GD104: 1 | GF104: -216866240 | GG104: 2 | GH104: 1 | GI104: 4 | GJ104: 0 | GK104: 0 | GL104: =ROUND(IF(AND(BH104=3,BI104=3,FS104<>0),P104,0),2) -> 0 | GM104: =ROUND(O104+X104+Y104,2)+GX104 -> 1158.99 | GN104: =IF(OR(BI104=0,BI104=1),ROUND(O104+X104+Y104,2),0) -> 1158.99 | GO104: =IF(BI104=2,ROUND(O104+X104+Y104,2),0) -> 0 | GP104: =IF(BI104=4,ROUND(O104+X104+Y104,2)+GX104,0) -> 0 | GR104: 0 | GS104: 0 | GT104: 0 | GV104: =ROUND((GT104),6) -> 0 | GW104: 1 | GX104: =ROUND(HC104*I104,2) -> 0 | HA104: 0 | HB104: 0 | HC104: =GV104*GW104 -> 0 | HI104: =ROUND(R104*BS104,0) -> 0 | HJ104: =ROUND(S104*BA104,0) -> 0 | HK104: =ROUND((((HJ104+HI104)*AT104)/100),0) -> 0 | HL104: =ROUND((((HJ104+HI104)*AU104)/100),0) -> 0 | IK104: 0
A105: 17 | B105: 1 | E105: 38 | F105: 404-0007 | G105: Кирпич керамический одинарный, размером 250х120х65 мм, марка 150 | H105: 1000 шт. | I105: =ROUND((4177.8)/1000,7) -> 4.1778 | J105: 0 | K105: =ROUND((4177.8)/1000,7) -> 4.1778 | O105: =ROUND(CP105,2) -> 7990.17 | P105: =ROUND(CQ105*I105,2) -> 7990.17 | Q105: =ROUND(CR105*I105,2) -> 0 | R105: =ROUND(CS105*I105,2) -> 0 | S105: =ROUND(CT105*I105,2) -> 0 | T105: =ROUND(CU105*I105,2) -> 0 | U105: =CV105*I105 -> 0 | V105: =CW105*I105 -> 0 | W105: =ROUND(CX105*I105,2) -> 0 | X105: =ROUND(CY105,2) -> 0 | Y105: =ROUND(CZ105,2) -> 0 | AA105: 31028412 | AB105: =ROUND((AC105+AD105+AF105),6) -> 1912.53 | AC105: =ROUND((ES105),6) -> 1912.53 | AD105: =ROUND((((ET105)-(EU105))+AE105),6) -> 0 | AE105: =ROUND((EU105),6) -> 0 | AF105: =ROUND((EV105),6) -> 0 | AG105: =ROUND((AP105),6) -> 0 | AH105: =(EW105) -> 0 | AI105: =(EX105) -> 0 | AJ105: =(AS105) -> 0 | AK105: 1912.53 | AL105: 1912.53 | AM105: 0 | AN105: 0 | AO105: 0 | AP105: 0 | AQ105: 0 | AR105: 0 | AS105: 0 | AT105: 0 | AU105: 0 | AV105: 1 | AW105: 1 | AZ105: 1 | BA105: 1 | BB105: 1 | BC105: 1 | BH105: 3 | BI105: 1 | BJ105: ССЦ Тверской обл. (редакции 2014), пр. № 337/пр, сб.404, поз.0007 | BM105: 500001 | BN105: 0 | BO105: Приложение №2 к письму Минстроя России от03.06.2021 №23038-ИФ/09 | BP105: 1 | BQ105: 8 | BR105: 0 | BS105: 1 | BT105: 1 | BU105: 1 | BV105: 1 | BW105: 1 | BX105: 1 | BZ105: 0 | CA105: 0 | CE105: 0 | CF105: 0 | CG105: 0 | CM105: 0 | CO105: 0 | CP105: =(P105+Q105+S105) -> 7990.17 | CQ105: =AC105*BC105 -> 1912.53 | CR105: =AD105*BB105 -> 0 | CS105: =AE105 -> 0 | CT105: =AF105 -> 0 | CU105: =AG105 -> 0 | CV105: =AH105 -> 0 | CW105: =AI105 -> 0 | CX105: =AJ105 -> 0 | CY105: =(((S105+R105)*AT105)/100) -> 0 | CZ105: =(((S105+R105)*AU105)/100) -> 0 | DN105: 0 | DO105: 0 | DP105: 1 | DQ105: 1 | DU105: 1010 | DV105: 1000 шт. | DW105: 1000 шт. | DX105: 1000 | EE105: 30852824 | EF105: 8 | EG105: Материалы строительные | EH105: 0 | EJ105: 1 | EK105: 500001 | EL105: Материалы и конструкции ( строительные ) по ценникам и каталогом | EM105: ФССЦст | EQ105: 0 | ER105: 1912.53 | ES105: 1912.53 | ET105: 0 | EU105: 0 | EV105: 0 | EW105: 0 | EX105: 0 | EY105: 0 | FQ105: 0 | FR105: =ROUND(IF(AND(BH105=3,BI105=3),P105,0),2) -> 0 | FS105: 0 | FX105: 0 | FY105: 0 | GD105: 1 | GF105: -1674372488 | GG105: 2 | GH105: 1 | GI105: 4 | GJ105: 0 | GK105: 0 | GL105: =ROUND(IF(AND(BH105=3,BI105=3,FS105<>0),P105,0),2) -> 0 | GM105: =ROUND(O105+X105+Y105,2)+GX105 -> 7990.17 | GN105: =IF(OR(BI105=0,BI105=1),ROUND(O105+X105+Y105,2),0) -> 7990.17 | GO105: =IF(BI105=2,ROUND(O105+X105+Y105,2),0) -> 0 | GP105: =IF(BI105=4,ROUND(O105+X105+Y105,2)+GX105,0) -> 0 | GR105: 0 | GS105: 3 | GT105: 0 | GV105: =ROUND((GT105),6) -> 0 | GW105: 1 | GX105: =ROUND(HC105*I105,2) -> 0 | HA105: 0 | HB105: 0 | HC105: =GV105*GW105 -> 0 | HI105: =ROUND(R105*BS105,0) -> 0 | HJ105: =ROUND(S105*BA105,0) -> 0 | HK105: =ROUND((((HJ105+HI105)*AT105)/100),0) -> 0 | HL105: =ROUND((((HJ105+HI105)*AU105)/100),0) -> 0 | IK105: 0
A106: 17 | B106: 1 | C106: =ROW(SmtRes!A82) -> 82 | D106: =ROW(EtalonRes!A97) -> 97 | E106: 39 | F106: 53-15-2 | G106: Ремонт лицевой поверхности наружных кирпичных стен при глубине заделки в 1/2 кирпича площадью в одном месте более 1 м2 | H106: 100 м2 отремонтированной поверхности стен | I106: =ROUND(4/100,7) -> 0.04 | J106: 0 | K106: =ROUND(4/100,7) -> 0.04 | O106: =ROUND(CP106,2) -> 525.35 | P106: =ROUND(CQ106*I106,2) -> 387 | Q106: =ROUND(CR106*I106,2) -> 4.99 | R106: =ROUND(CS106*I106,2) -> 0.6 | S106: =ROUND(CT106*I106,2) -> 133.36 | T106: =ROUND(CU106*I106,2) -> 0 | U106: =CV106*I106 -> 16.629 | V106: =CW106*I106 -> 0.046 | W106: =ROUND(CX106*I106,2) -> 0 | X106: =ROUND(CY106,2) -> 123.24 | Y106: =ROUND(CZ106,2) -> 69.66 | AA106: 31028412 | AB106: =ROUND((AC106+AD106+AF106),6) -> 13133.922 | AC106: =ROUND((ES106),6) -> 9675.09 | AD106: =ROUND(((((ET106*ROUND(1.15,7)))-((EU106*ROUND(1.15,7))))+AE106),6) -> 124.7175 | AE106: =ROUND(((EU106*ROUND(1.15,7))),6) -> 14.9845 | AF106: =ROUND(((EV106*ROUND(1.15,7))),6) -> 3334.1145 | AG106: =ROUND((AP106),6) -> 0 | AH106: =((EW106*ROUND(1.15,7))) -> 415.725 | AI106: =((EX106*ROUND(1.15,7))) -> 1.15 | AJ106: =(AS106) -> 0 | AK106: 12682.77 | AL106: 9675.09 | AM106: 108.45 | AN106: 13.03 | AO106: 2899.23 | AP106: 0 | AQ106: 361.5 | AR106: 1 | AS106: 0 | AT106: 92 | AU106: 52 | AV106: 1 | AW106: 1 | AZ106: 1 | BA106: 24.22 | BB106: 1 | BC106: 1 | BH106: 0 | BI106: 1 | BJ106: ТЕР (ред.2014)Тверской обл.изм.2,пр. № 337/пр,сб.53,гл.,табл.15,поз.2 | BM106: 53001 | BN106: 0 | BO106: Приложение №2 к письму Минстроя России от03.06.2021 №23038-ИФ/09; Приложение №2 к письму Минстроя России от03.06.2021 №23038-ИФ/09; Приложение №2 к письму Минстроя России от03.06.2021 №23038-ИФ/09.; Приложение №2 к письму Минстроя России от03.06.2021 №23038-ИФ/09.; | BP106: 1 | BQ106: 6 | BR106: 0 | BS106: 24.22 | BT106: 1 | BU106: 1 | BV106: 1 | BW106: 1 | BX106: 1 | BZ106: 92 | CA106: 52 | CE106: 0 | CF106: 0 | CG106: 0 | CM106: 0 | CO106: 0 | CP106: =(P106+Q106+S106) -> 525.35 | CQ106: =AC106*BC106 -> 9675.09 | CR106: =AD106*BB106 -> 124.7175 | CS106: =AE106 -> 14.9845 | CT106: =AF106 -> 3334.1145 | CU106: =AG106 -> 0 | CV106: =AH106 -> 415.725 | CW106: =AI106 -> 1.15 | CX106: =AJ106 -> 0 | CY106: =(((S106+R106)*AT106)/100) -> 123.2432 | CZ106: =(((S106+R106)*AU106)/100) -> 69.6592 | DE106: *1,15 | DF106: *1,15 | DG106: *1,15 | DI106: *1,15 | DJ106: *1,15 | DN106: 0 | DO106: 0 | DP106: 1 | DQ106: 1 | DU106: 1013 | DV106: 100 м2 отремонтированной поверхности стен | DW106: 100 м2 отремонтированной поверхности стен | DX106: 1 | EE106: 30853005 | EF106: 6 | EG106: Ремонтно-строительные работы | EH106: 0 | EJ106: 1 | EK106: 53001 | EL106: Стены | EM106: рФЕР-53 | EQ106: 131072 | ER106: 12682.77 | ES106: 9675.09 | ET106: 108.45 | EU106: 13.03 | EV106: 2899.23 | EW106: 361.5 | EX106: 1 | EY106: 0 | FQ106: 0 | FR106: =ROUND(IF(AND(BH106=3,BI106=3),P106,0),2) -> 0 | FS106: 0 | FX106: 92 | FY106: 52 | GD106: 1 | GF106: -476273313 | GG106: 2 | GH106: 1 | GI106: 4 | GJ106: 0 | GK106: 0 | GL106: =ROUND(IF(AND(BH106=3,BI106=3,FS106<>0),P106,0),2) -> 0 | GM106: =ROUND(O106+X106+Y106,2)+GX106 -> 718.25 | GN106: =IF(OR(BI106=0,BI106=1),ROUND(O106+X106+Y106,2),0) -> 718.25 | GO106: =IF(BI106=2,ROUND(O106+X106+Y106,2),0) -> 0 | GP106: =IF(BI106=4,ROUND(O106+X106+Y106,2)+GX106,0) -> 0 | GR106: 0 | GS106: 0 | GT106: 0 | GV106: =ROUND((GT106),6) -> 0 | GW106: 1 | GX106: =ROUND(HC106*I106,2) -> 0 | HA106: 0 | HB106: 0 | HC106: =GV106*GW106 -> 0 | HI106: =ROUND(R106*BS106,0) -> 15 | HJ106: =ROUND(S106*BA106,0) -> 3230 | HK106: =ROUND((((HJ106+HI106)*AT106)/100),0) -> 2985 | HL106: =ROUND((((HJ106+HI106)*AU106)/100),0) -> 1687 | IK106: 0
A107: 17 | B107: 1 | E107: 40 | F107: 404-0005 | G107: Кирпич керамический одинарный, размером 250х120х65 мм, марка 100 | H107: 1000 шт. | I107: =ROUND(I106*-5.2,7) -> -0.208 | J107: 0 | K107: =ROUND(I106*-5.2,7) -> -0.208 | O107: =ROUND(CP107,2) -> -345.84 | P107: =ROUND(CQ107*I107,2) -> -345.84 | Q107: =ROUND(CR107*I107,2) -> 0 | R107: =ROUND(CS107*I107,2) -> 0 | S107: =ROUND(CT107*I107,2) -> 0 | T107: =ROUND(CU107*I107,2) -> 0 | U107: =CV107*I107 -> 0 | V107: =CW107*I107 -> 0 | W107: =ROUND(CX107*I107,2) -> 0 | X107: =ROUND(CY107,2) -> 0 | Y107: =ROUND(CZ107,2) -> 0 | AA107: 31028412 | AB107: =ROUND((AC107+AD107+AF107),6) -> 1662.7 | AC107: =ROUND((ES107),6) -> 1662.7 | AD107: =ROUND((((ET107)-(EU107))+AE107),6) -> 0 | AE107: =ROUND((EU107),6) -> 0 | AF107: =ROUND((EV107),6) -> 0 | AG107: =ROUND((AP107),6) -> 0 | AH107: =(EW107) -> 0 | AI107: =(EX107) -> 0 | AJ107: =(AS107) -> 0 | AK107: 1662.7 | AL107: 1662.7 | AM107: 0 | AN107: 0 | AO107: 0 | AP107: 0 | AQ107: 0 | AR107: 0 | AS107: 0 | AT107: 0 | AU107: 0 | AV107: 1 | AW107: 1 | AZ107: 1 | BA107: 1 | BB107: 1 | BC107: 1 | BH107: 3 | BI107: 1 | BJ107: ССЦ Тверской обл. (редакции 2014), пр. № 337/пр, сб.404, поз.0005 | BM107: 500001 | BN107: 0 | BO107: Приложение №2 к письму Минстроя России от03.06.2021 №23038-ИФ/09 | BP107: 1 | BQ107: 8 | BR107: 1 | BS107: 1 | BT107: 1 | BU107: 1 | BV107: 1 | BW107: 1 | BX107: 1 | BZ107: 0 | CA107: 0 | CE107: 0 | CF107: 0 | CG107: 0 | CM107: 0 | CO107: 0 | CP107: =(P107+Q107+S107) -> -345.84 | CQ107: =AC107*BC107 -> 1662.7 | CR107: =AD107*BB107 -> 0 | CS107: =AE107 -> 0 | CT107: =AF107 -> 0 | CU107: =AG107 -> 0 | CV107: =AH107 -> 0 | CW107: =AI107 -> 0 | CX107: =AJ107 -> 0 | CY107: =(((S107+R107)*AT107)/100) -> 0 | CZ107: =(((S107+R107)*AU107)/100) -> 0 | DN107: 0 | DO107: 0 | DP107: 1 | DQ107: 1 | DU107: 1010 | DV107: 1000 шт. | DW107: 1000 шт. | DX107: 1000 | EE107: 30852824 | EF107: 8 | EG107: Материалы строительные | EH107: 0 | EJ107: 1 | EK107: 500001 | EL107: Материалы и конструкции ( строительные ) по ценникам и каталогом | EM107: ФССЦст | EQ107: 32768 | ER107: 1662.7 | ES107: 1662.7 | ET107: 0 | EU107: 0 | EV107: 0 | EW107: 0 | EX107: 0 | EY107: 0 | FQ107: 0 | FR107: =ROUND(IF(AND(BH107=3,BI107=3),P107,0),2) -> 0 | FS107: 0 | FX107: 0 | FY107: 0 | GD107: 1 | GF107: -1891761004 | GG107: 2 | GH107: 1 | GI107: 4 | GJ107: 0 | GK107: 0 | GL107: =ROUND(IF(AND(BH107=3,BI107=3,FS107<>0),P107,0),2) -> 0 | GM107: =ROUND(O107+X107+Y107,2)+GX107 -> -345.84 | GN107: =IF(OR(BI107=0,BI107=1),ROUND(O107+X107+Y107,2),0) -> -345.84 | GO107: =IF(BI107=2,ROUND(O107+X107+Y107,2),0) -> 0 | GP107: =IF(BI107=4,ROUND(O107+X107+Y107,2)+GX107,0) -> 0 | GR107: 0 | GS107: 0 | GT107: 0 | GV107: =ROUND((GT107),6) -> 0 | GW107: 1 | GX107: =ROUND(HC107*I107,2) -> 0 | HA107: 0 | HB107: 0 | HC107: =GV107*GW107 -> 0 | HI107: =ROUND(R107*BS107,0) -> 0 | HJ107: =ROUND(S107*BA107,0) -> 0 | HK107: =ROUND((((HJ107+HI107)*AT107)/100),0) -> 0 | HL107: =ROUND((((HJ107+HI107)*AU107)/100),0) -> 0 | IK107: 0
A108: 17 | B108: 1 | E108: 41 | F108: 402-0013 | G108: Раствор готовый кладочный цементно-известковый марки 50 | H108: м3 | I108: =ROUND(I106*-2.4,7) -> -0.096 | J108: 0 | K108: =ROUND(I106*-2.4,7) -> -0.096 | O108: =ROUND(CP108,2) -> -41.1 | P108: =ROUND(CQ108*I108,2) -> -41.1 | Q108: =ROUND(CR108*I108,2) -> 0 | R108: =ROUND(CS108*I108,2) -> 0 | S108: =ROUND(CT108*I108,2) -> 0 | T108: =ROUND(CU108*I108,2) -> 0 | U108: =CV108*I108 -> 0 | V108: =CW108*I108 -> 0 | W108: =ROUND(CX108*I108,2) -> 0 | X108: =ROUND(CY108,2) -> 0 | Y108: =ROUND(CZ108,2) -> 0 | AA108: 31028412 | AB108: =ROUND((AC108+AD108+AF108),6) -> 428.17 | AC108: =ROUND((ES108),6) -> 428.17 | AD108: =ROUND((((ET108)-(EU108))+AE108),6) -> 0 | AE108: =ROUND((EU108),6) -> 0 | AF108: =ROUND((EV108),6) -> 0 | AG108: =ROUND((AP108),6) -> 0 | AH108: =(EW108) -> 0 | AI108: =(EX108) -> 0 | AJ108: =(AS108) -> 0 | AK108: 428.17 | AL108: 428.17 | AM108: 0 | AN108: 0 | AO108: 0 | AP108: 0 | AQ108: 0 | AR108: 0 | AS108: 0 | AT108: 0 | AU108: 0 | AV108: 1 | AW108: 1 | AZ108: 1 | BA108: 1 | BB108: 1 | BC108: 1 | BH108: 3 | BI108: 1 | BJ108: ССЦ Тверской обл. (редакции 2014), пр. № 337/пр, сб.402, поз.0013 | BM108: 500001 | BN108: 0 | BO108: Приложение №2 к письму Минстроя России от03.06.2021 №23038-ИФ/09 | BP108: 1 | BQ108: 8 | BR108: 1 | BS108: 1 | BT108: 1 | BU108: 1 | BV108: 1 | BW108: 1 | BX108: 1 | BZ108: 0 | CA108: 0 | CE108: 0 | CF108: 0 | CG108: 0 | CM108: 0 | CO108: 0 | CP108: =(P108+Q108+S108) -> -41.1 | CQ108: =AC108*BC108 -> 428.17 | CR108: =AD108*BB108 -> 0 | CS108: =AE108 -> 0 | CT108: =AF108 -> 0 | CU108: =AG108 -> 0 | CV108: =AH108 -> 0 | CW108: =AI108 -> 0 | CX108: =AJ108 -> 0 | CY108: =(((S108+R108)*AT108)/100) -> 0 | CZ108: =(((S108+R108)*AU108)/100) -> 0 | DN108: 0 | DO108: 0 | DP108: 1 | DQ108: 1 | DU108: 1007 | DV108: м3 | DW108: м3 | DX108: 1 | EE108: 30852824 | EF108: 8 | EG108: Материалы строительные | EH108: 0 | EJ108: 1 | EK108: 500001 | EL108: Материалы и конструкции ( строительные ) по ценникам и каталогом | EM108: ФССЦст | EQ108: 32768 | ER108: 428.17 | ES108: 428.17 | ET108: 0 | EU108: 0 | EV108: 0 | EW108: 0 | EX108: 0 | EY108: 0 | FQ108: 0 | FR108: =ROUND(IF(AND(BH108=3,BI108=3),P108,0),2) -> 0 | FS108: 0 | FX108: 0 | FY108: 0 | GD108: 1 | GF108: 2037766963 | GG108: 2 | GH108: 1 | GI108: 4 | GJ108: 0 | GK108: 0 | GL108: =ROUND(IF(AND(BH108=3,BI108=3,FS108<>0),P108,0),2) -> 0 | GM108: =ROUND(O108+X108+Y108,2)+GX108 -> -41.1 | GN108: =IF(OR(BI108=0,BI108=1),ROUND(O108+X108+Y108,2),0) -> -41.1 | GO108: =IF(BI108=2,ROUND(O108+X108+Y108,2),0) -> 0 | GP108: =IF(BI108=4,ROUND(O108+X108+Y108,2)+GX108,0) -> 0 | GR108: 0 | GS108: 0 | GT108: 0 | GV108: =ROUND((GT108),6) -> 0 | GW108: 1 | GX108: =ROUND(HC108*I108,2) -> 0 | HA108: 0 | HB108: 0 | HC108: =GV108*GW108 -> 0 | HI108: =ROUND(R108*BS108,0) -> 0 | HJ108: =ROUND(S108*BA108,0) -> 0 | HK108: =ROUND((((HJ108+HI108)*AT108)/100),0) -> 0 | HL108: =ROUND((((HJ108+HI108)*AU108)/100),0) -> 0 | IK108: 0
A109: 17 | B109: 1 | E109: 42 | F109: 402-0015 | G109: Раствор готовый кладочный цементно-известковый марки 100 | H109: м3 | I109: 0.096 | J109: 0 | K109: 0.096 | O109: =ROUND(CP109,2) -> 46.44 | P109: =ROUND(CQ109*I109,2) -> 46.44 | Q109: =ROUND(CR109*I109,2) -> 0 | R109: =ROUND(CS109*I109,2) -> 0 | S109: =ROUND(CT109*I109,2) -> 0 | T109: =ROUND(CU109*I109,2) -> 0 | U109: =CV109*I109 -> 0 | V109: =CW109*I109 -> 0 | W109: =ROUND(CX109*I109,2) -> 0 | X109: =ROUND(CY109,2) -> 0 | Y109: =ROUND(CZ109,2) -> 0 | AA109: 31028412 | AB109: =ROUND((AC109+AD109+AF109),6) -> 483.76 | AC109: =ROUND((ES109),6) -> 483.76 | AD109: =ROUND((((ET109)-(EU109))+AE109),6) -> 0 | AE109: =ROUND((EU109),6) -> 0 | AF109: =ROUND((EV109),6) -> 0 | AG109: =ROUND((AP109),6) -> 0 | AH109: =(EW109) -> 0 | AI109: =(EX109) -> 0 | AJ109: =(AS109) -> 0 | AK109: 483.76 | AL109: 483.76 | AM109: 0 | AN109: 0 | AO109: 0 | AP109: 0 | AQ109: 0 | AR109: 0 | AS109: 0 | AT109: 0 | AU109: 0 | AV109: 1 | AW109: 1 | AZ109: 1 | BA109: 1 | BB109: 1 | BC109: 1 | BH109: 3 | BI109: 1 | BJ109: ССЦ Тверской обл. (редакции 2014), пр. № 337/пр, сб.402, поз.0015 | BM109: 500001 | BN109: 0 | BO109: Приложение №2 к письму Минстроя России от03.06.2021 №23038-ИФ/09 | BP109: 1 | BQ109: 8 | BR109: 0 | BS109: 1 | BT109: 1 | BU109: 1 | BV109: 1 | BW109: 1 | BX109: 1 | BZ109: 0 | CA109: 0 | CE109: 0 | CF109: 0 | CG109: 0 | CM109: 0 | CO109: 0 | CP109: =(P109+Q109+S109) -> 46.44 | CQ109: =AC109*BC109 -> 483.76 | CR109: =AD109*BB109 -> 0 | CS109: =AE109 -> 0 | CT109: =AF109 -> 0 | CU109: =AG109 -> 0 | CV109: =AH109 -> 0 | CW109: =AI109 -> 0 | CX109: =AJ109 -> 0 | CY109: =(((S109+R109)*AT109)/100) -> 0 | CZ109: =(((S109+R109)*AU109)/100) -> 0 | DN109: 0 | DO109: 0 | DP109: 1 | DQ109: 1 | DU109: 1007 | DV109: м3 | DW109: м3 | DX109: 1 | EE109: 30852824 | EF109: 8 | EG109: Материалы строительные | EH109: 0 | EJ109: 1 | EK109: 500001 | EL109: Материалы и конструкции ( строительные ) по ценникам и каталогом | EM109: ФССЦст | EQ109: 131072 | ER109: 483.76 | ES109: 483.76 | ET109: 0 | EU109: 0 | EV109: 0 | EW109: 0 | EX109: 0 | EY109: 0 | FQ109: 0 | FR109: =ROUND(IF(AND(BH109=3,BI109=3),P109,0),2) -> 0 | FS109: 0 | FX109: 0 | FY109: 0 | GD109: 1 | GF109: -216866240 | GG109: 2 | GH109: 1 | GI109: 4 | GJ109: 0 | GK109: 0 | GL109: =ROUND(IF(AND(BH109=3,BI109=3,FS109<>0),P109,0),2) -> 0 | GM109: =ROUND(O109+X109+Y109,2)+GX109 -> 46.44 | GN109: =IF(OR(BI109=0,BI109=1),ROUND(O109+X109+Y109,2),0) -> 46.44 | GO109: =IF(BI109=2,ROUND(O109+X109+Y109,2),0) -> 0 | GP109: =IF(BI109=4,ROUND(O109+X109+Y109,2)+GX109,0) -> 0 | GR109: 0 | GS109: 0 | GT109: 0 | GV109: =ROUND((GT109),6) -> 0 | GW109: 1 | GX109: =ROUND(HC109*I109,2) -> 0 | HA109: 0 | HB109: 0 | HC109: =GV109*GW109 -> 0 | HI109: =ROUND(R109*BS109,0) -> 0 | HJ109: =ROUND(S109*BA109,0) -> 0 | HK109: =ROUND((((HJ109+HI109)*AT109)/100),0) -> 0 | HL109: =ROUND((((HJ109+HI109)*AU109)/100),0) -> 0 | IK109: 0
A110: 17 | B110: 1 | E110: 43 | F110: 404-0007 | G110: Кирпич керамический одинарный, размером 250х120х65 мм, марка 150 | H110: 1000 шт. | I110: =ROUND((208)/1000,7) -> 0.208 | J110: 0 | K110: =ROUND((208)/1000,7) -> 0.208 | O110: =ROUND(CP110,2) -> 397.81 | P110: =ROUND(CQ110*I110,2) -> 397.81 | Q110: =ROUND(CR110*I110,2) -> 0 | R110: =ROUND(CS110*I110,2) -> 0 | S110: =ROUND(CT110*I110,2) -> 0 | T110: =ROUND(CU110*I110,2) -> 0 | U110: =CV110*I110 -> 0 | V110: =CW110*I110 -> 0 | W110: =ROUND(CX110*I110,2) -> 0 | X110: =ROUND(CY110,2) -> 0 | Y110: =ROUND(CZ110,2) -> 0 | AA110: 31028412 | AB110: =ROUND((AC110+AD110+AF110),6) -> 1912.53 | AC110: =ROUND((ES110),6) -> 1912.53 | AD110: =ROUND((((ET110)-(EU110))+AE110),6) -> 0 | AE110: =ROUND((EU110),6) -> 0 | AF110: =ROUND((EV110),6) -> 0 | AG110: =ROUND((AP110),6) -> 0 | AH110: =(EW110) -> 0 | AI110: =(EX110) -> 0 | AJ110: =(AS110) -> 0 | AK110: 1912.53 | AL110: 1912.53 | AM110: 0 | AN110: 0 | AO110: 0 | AP110: 0 | AQ110: 0 | AR110: 0 | AS110: 0 | AT110: 0 | AU110: 0 | AV110: 1 | AW110: 1 | AZ110: 1 | BA110: 1 | BB110: 1 | BC110: 1 | BH110: 3 | BI110: 1 | BJ110: ССЦ Тверской обл. (редакции 2014), пр. № 337/пр, сб.404, поз.0007 | BM110: 500001 | BN110: 0 | BO110: Приложение №2 к письму Минстроя России от03.06.2021 №23038-ИФ/09 | BP110: 1 | BQ110: 8 | BR110: 0 | BS110: 1 | BT110: 1 | BU110: 1 | BV110: 1 | BW110: 1 | BX110: 1 | BZ110: 0 | CA110: 0 | CE110: 0 | CF110: 0 | CG110: 0 | CM110: 0 | CO110: 0 | CP110: =(P110+Q110+S110) -> 397.81 | CQ110: =AC110*BC110 -> 1912.53 | CR110: =AD110*BB110 -> 0 | CS110: =AE110 -> 0 | CT110: =AF110 -> 0 | CU110: =AG110 -> 0 | CV110: =AH110 -> 0 | CW110: =AI110 -> 0 | CX110: =AJ110 -> 0 | CY110: =(((S110+R110)*AT110)/100) -> 0 | CZ110: =(((S110+R110)*AU110)/100) -> 0 | DN110: 0 | DO110: 0 | DP110: 1 | DQ110: 1 | DU110: 1010 | DV110: 1000 шт. | DW110: 1000 шт. | DX110: 1000 | EE110: 30852824 | EF110: 8 | EG110: Материалы строительные | EH110: 0 | EJ110: 1 | EK110: 500001 | EL110: Материалы и конструкции ( строительные ) по ценникам и каталогом | EM110: ФССЦст | EQ110: 0 | ER110: 1912.53 | ES110: 1912.53 | ET110: 0 | EU110: 0 | EV110: 0 | EW110: 0 | EX110: 0 | EY110: 0 | FQ110: 0 | FR110: =ROUND(IF(AND(BH110=3,BI110=3),P110,0),2) -> 0 | FS110: 0 | FX110: 0 | FY110: 0 | GD110: 1 | GF110: -1674372488 | GG110: 2 | GH110: 1 | GI110: 4 | GJ110: 0 | GK110: 0 | GL110: =ROUND(IF(AND(BH110=3,BI110=3,FS110<>0),P110,0),2) -> 0 | GM110: =ROUND(O110+X110+Y110,2)+GX110 -> 397.81 | GN110: =IF(OR(BI110=0,BI110=1),ROUND(O110+X110+Y110,2),0) -> 397.81 | GO110: =IF(BI110=2,ROUND(O110+X110+Y110,2),0) -> 0 | GP110: =IF(BI110=4,ROUND(O110+X110+Y110,2)+GX110,0) -> 0 | GR110: 0 | GS110: 3 | GT110: 0 | GV110: =ROUND((GT110),6) -> 0 | GW110: 1 | GX110: =ROUND(HC110*I110,2) -> 0 | HA110: 0 | HB110: 0 | HC110: =GV110*GW110 -> 0 | HI110: =ROUND(R110*BS110,0) -> 0 | HJ110: =ROUND(S110*BA110,0) -> 0 | HK110: =ROUND((((HJ110+HI110)*AT110)/100),0) -> 0 | HL110: =ROUND((((HJ110+HI110)*AU110)/100),0) -> 0 | IK110: 0
A111: 17 | B111: 1 | C111: =ROW(SmtRes!A87) -> 87 | D111: =ROW(EtalonRes!A104) -> 104 | E111: 44 | F111: 53-15-4 | G111: Ремонт лицевой поверхности наружных кирпичных стен при глубине заделки в 1 кирпич площадью в одном месте более 1 м2 | H111: 100 м2 отремонтированной поверхности стен | I111: =ROUND(4/100,7) -> 0.04 | J111: 0 | K111: =ROUND(4/100,7) -> 0.04 | O111: =ROUND(CP111,2) -> 996.48 | P111: =ROUND(CQ111*I111,2) -> 786.48 | Q111: =ROUND(CR111*I111,2) -> 9.98 | R111: =ROUND(CS111*I111,2) -> 1.2 | S111: =ROUND(CT111*I111,2) -> 200.02 | T111: =ROUND(CU111*I111,2) -> 0 | U111: =CV111*I111 -> 25.3828 | V111: =CW111*I111 -> 0.092 | W111: =ROUND(CX111*I111,2) -> 0 | X111: =ROUND(CY111,2) -> 185.12 | Y111: =ROUND(CZ111,2) -> 104.63 | AA111: 31028412 | AB111: =ROUND((AC111+AD111+AF111),6) -> 24911.732 | AC111: =ROUND((ES111),6) -> 19661.89 | AD111: =ROUND(((((ET111*ROUND(1.15,7)))-((EU111*ROUND(1.15,7))))+AE111),6) -> 249.435 | AE111: =ROUND(((EU111*ROUND(1.15,7))),6) -> 29.969 | AF111: =ROUND(((EV111*ROUND(1.15,7))),6) -> 5000.407 | AG111: =ROUND((AP111),6) -> 0 | AH111: =((EW111*ROUND(1.15,7))) -> 634.57 | AI111: =((EX111*ROUND(1.15,7))) -> 2.3 | AJ111: =(AS111) -> 0 | AK111: 24226.97 | AL111: 19661.89 | AM111: 216.9 | AN111: 26.06 | AO111: 4348.18 | AP111: 0 | AQ111: 551.8 | AR111: 2 | AS111: 0 | AT111: 92 | AU111: 52 | AV111: 1 | AW111: 1 | AZ111: 1 | BA111: 24.22 | BB111: 1 | BC111: 1 | BH111: 0 | BI111: 1 | BJ111: ТЕР (ред.2014)Тверской обл.изм.2,пр. № 337/пр,сб.53,гл.,табл.15,поз.4 | BM111: 53001 | BN111: 0 | BO111: Приложение №2 к письму Минстроя России от03.06.2021 №23038-ИФ/09; Приложение №2 к письму Минстроя России от03.06.2021 №23038-ИФ/09; Приложение №2 к письму Минстроя России от03.06.2021 №23038-ИФ/09.; Приложение №2 к письму Минстроя России от03.06.2021 №23038-ИФ/09.; | BP111: 1 | BQ111: 6 | BR111: 0 | BS111: 24.22 | BT111: 1 | BU111: 1 | BV111: 1 | BW111: 1 | BX111: 1 | BZ111: 92 | CA111: 52 | CE111: 0 | CF111: 0 | CG111: 0 | CM111: 0 | CO111: 0 | CP111: =(P111+Q111+S111) -> 996.48 | CQ111: =AC111*BC111 -> 19661.89 | CR111: =AD111*BB111 -> 249.435 | CS111: =AE111 -> 29.969 | CT111: =AF111 -> 5000.407 | CU111: =AG111 -> 0 | CV111: =AH111 -> 634.57 | CW111: =AI111 -> 2.3 | CX111: =AJ111 -> 0 | CY111: =(((S111+R111)*AT111)/100) -> 185.1224 | CZ111: =(((S111+R111)*AU111)/100) -> 104.6344 | DE111: *1,15 | DF111: *1,15 | DG111: *1,15 | DI111: *1,15 | DJ111: *1,15 | DN111: 0 | DO111: 0 | DP111: 1 | DQ111: 1 | DU111: 1013 | DV111: 100 м2 отремонтированной поверхности стен | DW111: 100 м2 отремонтированной поверхности стен | DX111: 1 | EE111: 30853005 | EF111: 6 | EG111: Ремонтно-строительные работы | EH111: 0 | EJ111: 1 | EK111: 53001 | EL111: Стены | EM111: рФЕР-53 | EQ111: 131072 | ER111: 24226.97 | ES111: 19661.89 | ET111: 216.9 | EU111: 26.06 | EV111: 4348.18 | EW111: 551.8 | EX111: 2 | EY111: 0 | FQ111: 0 | FR111: =ROUND(IF(AND(BH111=3,BI111=3),P111,0),2) -> 0 | FS111: 0 | FX111: 92 | FY111: 52 | GD111: 1 | GF111: -671032630 | GG111: 2 | GH111: 1 | GI111: 4 | GJ111: 0 | GK111: 0 | GL111: =ROUND(IF(AND(BH111=3,BI111=3,FS111<>0),P111,0),2) -> 0 | GM111: =ROUND(O111+X111+Y111,2)+GX111 -> 1286.23 | GN111: =IF(OR(BI111=0,BI111=1),ROUND(O111+X111+Y111,2),0) -> 1286.23 | GO111: =IF(BI111=2,ROUND(O111+X111+Y111,2),0) -> 0 | GP111: =IF(BI111=4,ROUND(O111+X111+Y111,2)+GX111,0) -> 0 | GR111: 0 | GS111: 0 | GT111: 0 | GV111: =ROUND((GT111),6) -> 0 | GW111: 1 | GX111: =ROUND(HC111*I111,2) -> 0 | HA111: 0 | HB111: 0 | HC111: =GV111*GW111 -> 0 | HI111: =ROUND(R111*BS111,0) -> 29 | HJ111: =ROUND(S111*BA111,0) -> 4844 | HK111: =ROUND((((HJ111+HI111)*AT111)/100),0) -> 4483 | HL111: =ROUND((((HJ111+HI111)*AU111)/100),0) -> 2534 | IK111: 0
A112: 17 | B112: 1 | E112: 45 | F112: 404-0005 | G112: Кирпич керамический одинарный, размером 250х120х65 мм, марка 100 | H112: 1000 шт. | I112: =ROUND(I111*-10.33,7) -> -0.4132 | J112: 0 | K112: =ROUND(I111*-10.33,7) -> -0.4132 | O112: =ROUND(CP112,2) -> -687.03 | P112: =ROUND(CQ112*I112,2) -> -687.03 | Q112: =ROUND(CR112*I112,2) -> 0 | R112: =ROUND(CS112*I112,2) -> 0 | S112: =ROUND(CT112*I112,2) -> 0 | T112: =ROUND(CU112*I112,2) -> 0 | U112: =CV112*I112 -> 0 | V112: =CW112*I112 -> 0 | W112: =ROUND(CX112*I112,2) -> 0 | X112: =ROUND(CY112,2) -> 0 | Y112: =ROUND(CZ112,2) -> 0 | AA112: 31028412 | AB112: =ROUND((AC112+AD112+AF112),6) -> 1662.7 | AC112: =ROUND((ES112),6) -> 1662.7 | AD112: =ROUND((((ET112)-(EU112))+AE112),6) -> 0 | AE112: =ROUND((EU112),6) -> 0 | AF112: =ROUND((EV112),6) -> 0 | AG112: =ROUND((AP112),6) -> 0 | AH112: =(EW112) -> 0 | AI112: =(EX112) -> 0 | AJ112: =(AS112) -> 0 | AK112: 1662.7 | AL112: 1662.7 | AM112: 0 | AN112: 0 | AO112: 0 | AP112: 0 | AQ112: 0 | AR112: 0 | AS112: 0 | AT112: 0 | AU112: 0 | AV112: 1 | AW112: 1 | AZ112: 1 | BA112: 1 | BB112: 1 | BC112: 1 | BH112: 3 | BI112: 1 | BJ112: ССЦ Тверской обл. (редакции 2014), пр. № 337/пр, сб.404, поз.0005 | BM112: 500001 | BN112: 0 | BO112: Приложение №2 к письму Минстроя России от03.06.2021 №23038-ИФ/09 | BP112: 1 | BQ112: 8 | BR112: 1 | BS112: 1 | BT112: 1 | BU112: 1 | BV112: 1 | BW112: 1 | BX112: 1 | BZ112: 0 | CA112: 0 | CE112: 0 | CF112: 0 | CG112: 0 | CM112: 0 | CO112: 0 | CP112: =(P112+Q112+S112) -> -687.03 | CQ112: =AC112*BC112 -> 1662.7 | CR112: =AD112*BB112 -> 0 | CS112: =AE112 -> 0 | CT112: =AF112 -> 0 | CU112: =AG112 -> 0 | CV112: =AH112 -> 0 | CW112: =AI112 -> 0 | CX112: =AJ112 -> 0 | CY112: =(((S112+R112)*AT112)/100) -> 0 | CZ112: =(((S112+R112)*AU112)/100) -> 0 | DN112: 0 | DO112: 0 | DP112: 1 | DQ112: 1 | DU112: 1010 | DV112: 1000 шт. | DW112: 1000 шт. | DX112: 1000 | EE112: 30852824 | EF112: 8 | EG112: Материалы строительные | EH112: 0 | EJ112: 1 | EK112: 500001 | EL112: Материалы и конструкции ( строительные ) по ценникам и каталогом | EM112: ФССЦст | EQ112: 32768 | ER112: 1662.7 | ES112: 1662.7 | ET112: 0 | EU112: 0 | EV112: 0 | EW112: 0 | EX112: 0 | EY112: 0 | FQ112: 0 | FR112: =ROUND(IF(AND(BH112=3,BI112=3),P112,0),2) -> 0 | FS112: 0 | FX112: 0 | FY112: 0 | GD112: 1 | GF112: -1891761004 | GG112: 2 | GH112: 1 | GI112: 4 | GJ112: 0 | GK112: 0 | GL112: =ROUND(IF(AND(BH112=3,BI112=3,FS112<>0),P112,0),2) -> 0 | GM112: =ROUND(O112+X112+Y112,2)+GX112 -> -687.03 | GN112: =IF(OR(BI112=0,BI112=1),ROUND(O112+X112+Y112,2),0) -> -687.03 | GO112: =IF(BI112=2,ROUND(O112+X112+Y112,2),0) -> 0 | GP112: =IF(BI112=4,ROUND(O112+X112+Y112,2)+GX112,0) -> 0 | GR112: 0 | GS112: 0 | GT112: 0 | GV112: =ROUND((GT112),6) -> 0 | GW112: 1 | GX112: =ROUND(HC112*I112,2) -> 0 | HA112: 0 | HB112: 0 | HC112: =GV112*GW112 -> 0 | HI112: =ROUND(R112*BS112,0) -> 0 | HJ112: =ROUND(S112*BA112,0) -> 0 | HK112: =ROUND((((HJ112+HI112)*AT112)/100),0) -> 0 | HL112: =ROUND((((HJ112+HI112)*AU112)/100),0) -> 0 | IK112: 0
A113: 17 | B113: 1 | E113: 46 | F113: 402-0013 | G113: Раствор готовый кладочный цементно-известковый марки 50 | H113: м3 | I113: =ROUND(I111*-5.8,7) -> -0.232 | J113: 0 | K113: =ROUND(I111*-5.8,7) -> -0.232 | O113: =ROUND(CP113,2) -> -99.34 | P113: =ROUND(CQ113*I113,2) -> -99.34 | Q113: =ROUND(CR113*I113,2) -> 0 | R113: =ROUND(CS113*I113,2) -> 0 | S113: =ROUND(CT113*I113,2) -> 0 | T113: =ROUND(CU113*I113,2) -> 0 | U113: =CV113*I113 -> 0 | V113: =CW113*I113 -> 0 | W113: =ROUND(CX113*I113,2) -> 0 | X113: =ROUND(CY113,2) -> 0 | Y113: =ROUND(CZ113,2) -> 0 | AA113: 31028412 | AB113: =ROUND((AC113+AD113+AF113),6) -> 428.17 | AC113: =ROUND((ES113),6) -> 428.17 | AD113: =ROUND((((ET113)-(EU113))+AE113),6) -> 0 | AE113: =ROUND((EU113),6) -> 0 | AF113: =ROUND((EV113),6) -> 0 | AG113: =ROUND((AP113),6) -> 0 | AH113: =(EW113) -> 0 | AI113: =(EX113) -> 0 | AJ113: =(AS113) -> 0 | AK113: 428.17 | AL113: 428.17 | AM113: 0 | AN113: 0 | AO113: 0 | AP113: 0 | AQ113: 0 | AR113: 0 | AS113: 0 | AT113: 0 | AU113: 0 | AV113: 1 | AW113: 1 | AZ113: 1 | BA113: 1 | BB113: 1 | BC113: 1 | BH113: 3 | BI113: 1 | BJ113: ССЦ Тверской обл. (редакции 2014), пр. № 337/пр, сб.402, поз.0013 | BM113: 500001 | BN113: 0 | BO113: Приложение №2 к письму Минстроя России от03.06.2021 №23038-ИФ/09 | BP113: 1 | BQ113: 8 | BR113: 1 | BS113: 1 | BT113: 1 | BU113: 1 | BV113: 1 | BW113: 1 | BX113: 1 | BZ113: 0 | CA113: 0 | CE113: 0 | CF113: 0 | CG113: 0 | CM113: 0 | CO113: 0 | CP113: =(P113+Q113+S113) -> -99.34 | CQ113: =AC113*BC113 -> 428.17 | CR113: =AD113*BB113 -> 0 | CS113: =AE113 -> 0 | CT113: =AF113 -> 0 | CU113: =AG113 -> 0 | CV113: =AH113 -> 0 | CW113: =AI113 -> 0 | CX113: =AJ113 -> 0 | CY113: =(((S113+R113)*AT113)/100) -> 0 | CZ113: =(((S113+R113)*AU113)/100) -> 0 | DN113: 0 | DO113: 0 | DP113: 1 | DQ113: 1 | DU113: 1007 | DV113: м3 | DW113: м3 | DX113: 1 | EE113: 30852824 | EF113: 8 | EG113: Материалы строительные | EH113: 0 | EJ113: 1 | EK113: 500001 | EL113: Материалы и конструкции ( строительные ) по ценникам и каталогом | EM113: ФССЦст | EQ113: 32768 | ER113: 428.17 | ES113: 428.17 | ET113: 0 | EU113: 0 | EV113: 0 | EW113: 0 | EX113: 0 | EY113: 0 | FQ113: 0 | FR113: =ROUND(IF(AND(BH113=3,BI113=3),P113,0),2) -> 0 | FS113: 0 | FX113: 0 | FY113: 0 | GD113: 1 | GF113: 2037766963 | GG113: 2 | GH113: 1 | GI113: 4 | GJ113: 0 | GK113: 0 | GL113: =ROUND(IF(AND(BH113=3,BI113=3,FS113<>0),P113,0),2) -> 0 | GM113: =ROUND(O113+X113+Y113,2)+GX113 -> -99.34 | GN113: =IF(OR(BI113=0,BI113=1),ROUND(O113+X113+Y113,2),0) -> -99.34 | GO113: =IF(BI113=2,ROUND(O113+X113+Y113,2),0) -> 0 | GP113: =IF(BI113=4,ROUND(O113+X113+Y113,2)+GX113,0) -> 0 | GR113: 0 | GS113: 0 | GT113: 0 | GV113: =ROUND((GT113),6) -> 0 | GW113: 1 | GX113: =ROUND(HC113*I113,2) -> 0 | HA113: 0 | HB113: 0 | HC113: =GV113*GW113 -> 0 | HI113: =ROUND(R113*BS113,0) -> 0 | HJ113: =ROUND(S113*BA113,0) -> 0 | HK113: =ROUND((((HJ113+HI113)*AT113)/100),0) -> 0 | HL113: =ROUND((((HJ113+HI113)*AU113)/100),0) -> 0 | IK113: 0
A114: 17 | B114: 1 | E114: 47 | F114: 402-0015 | G114: Раствор готовый кладочный цементно-известковый марки 100 | H114: м3 | I114: 0.232 | J114: 0 | K114: 0.232 | O114: =ROUND(CP114,2) -> 112.23 | P114: =ROUND(CQ114*I114,2) -> 112.23 | Q114: =ROUND(CR114*I114,2) -> 0 | R114: =ROUND(CS114*I114,2) -> 0 | S114: =ROUND(CT114*I114,2) -> 0 | T114: =ROUND(CU114*I114,2) -> 0 | U114: =CV114*I114 -> 0 | V114: =CW114*I114 -> 0 | W114: =ROUND(CX114*I114,2) -> 0 | X114: =ROUND(CY114,2) -> 0 | Y114: =ROUND(CZ114,2) -> 0 | AA114: 31028412 | AB114: =ROUND((AC114+AD114+AF114),6) -> 483.76 | AC114: =ROUND((ES114),6) -> 483.76 | AD114: =ROUND((((ET114)-(EU114))+AE114),6) -> 0 | AE114: =ROUND((EU114),6) -> 0 | AF114: =ROUND((EV114),6) -> 0 | AG114: =ROUND((AP114),6) -> 0 | AH114: =(EW114) -> 0 | AI114: =(EX114) -> 0 | AJ114: =(AS114) -> 0 | AK114: 483.76 | AL114: 483.76 | AM114: 0 | AN114: 0 | AO114: 0 | AP114: 0 | AQ114: 0 | AR114: 0 | AS114: 0 | AT114: 0 | AU114: 0 | AV114: 1 | AW114: 1 | AZ114: 1 | BA114: 1 | BB114: 1 | BC114: 1 | BH114: 3 | BI114: 1 | BJ114: ССЦ Тверской обл. (редакции 2014), пр. № 337/пр, сб.402, поз.0015 | BM114: 500001 | BN114: 0 | BO114: Приложение №2 к письму Минстроя России от03.06.2021 №23038-ИФ/09 | BP114: 1 | BQ114: 8 | BR114: 0 | BS114: 1 | BT114: 1 | BU114: 1 | BV114: 1 | BW114: 1 | BX114: 1 | BZ114: 0 | CA114: 0 | CE114: 0 | CF114: 0 | CG114: 0 | CM114: 0 | CO114: 0 | CP114: =(P114+Q114+S114) -> 112.23 | CQ114: =AC114*BC114 -> 483.76 | CR114: =AD114*BB114 -> 0 | CS114: =AE114 -> 0 | CT114: =AF114 -> 0 | CU114: =AG114 -> 0 | CV114: =AH114 -> 0 | CW114: =AI114 -> 0 | CX114: =AJ114 -> 0 | CY114: =(((S114+R114)*AT114)/100) -> 0 | CZ114: =(((S114+R114)*AU114)/100) -> 0 | DN114: 0 | DO114: 0 | DP114: 1 | DQ114: 1 | DU114: 1007 | DV114: м3 | DW114: м3 | DX114: 1 | EE114: 30852824 | EF114: 8 | EG114: Материалы строительные | EH114: 0 | EJ114: 1 | EK114: 500001 | EL114: Материалы и конструкции ( строительные ) по ценникам и каталогом | EM114: ФССЦст | EQ114: 131072 | ER114: 483.76 | ES114: 483.76 | ET114: 0 | EU114: 0 | EV114: 0 | EW114: 0 | EX114: 0 | EY114: 0 | FQ114: 0 | FR114: =ROUND(IF(AND(BH114=3,BI114=3),P114,0),2) -> 0 | FS114: 0 | FX114: 0 | FY114: 0 | GD114: 1 | GF114: -216866240 | GG114: 2 | GH114: 1 | GI114: 4 | GJ114: 0 | GK114: 0 | GL114: =ROUND(IF(AND(BH114=3,BI114=3,FS114<>0),P114,0),2) -> 0 | GM114: =ROUND(O114+X114+Y114,2)+GX114 -> 112.23 | GN114: =IF(OR(BI114=0,BI114=1),ROUND(O114+X114+Y114,2),0) -> 112.23 | GO114: =IF(BI114=2,ROUND(O114+X114+Y114,2),0) -> 0 | GP114: =IF(BI114=4,ROUND(O114+X114+Y114,2)+GX114,0) -> 0 | GR114: 0 | GS114: 0 | GT114: 0 | GV114: =ROUND((GT114),6) -> 0 | GW114: 1 | GX114: =ROUND(HC114*I114,2) -> 0 | HA114: 0 | HB114: 0 | HC114: =GV114*GW114 -> 0 | HI114: =ROUND(R114*BS114,0) -> 0 | HJ114: =ROUND(S114*BA114,0) -> 0 | HK114: =ROUND((((HJ114+HI114)*AT114)/100),0) -> 0 | HL114: =ROUND((((HJ114+HI114)*AU114)/100),0) -> 0 | IK114: 0
A115: 17 | B115: 1 | E115: 48 | F115: 404-0007 | G115: Кирпич керамический одинарный, размером 250х120х65 мм, марка 150 | H115: 1000 шт. | I115: =ROUND((413.2)/1000,7) -> 0.4132 | J115: 0 | K115: =ROUND((413.2)/1000,7) -> 0.4132 | O115: =ROUND(CP115,2) -> 790.26 | P115: =ROUND(CQ115*I115,2) -> 790.26 | Q115: =ROUND(CR115*I115,2) -> 0 | R115: =ROUND(CS115*I115,2) -> 0 | S115: =ROUND(CT115*I115,2) -> 0 | T115: =ROUND(CU115*I115,2) -> 0 | U115: =CV115*I115 -> 0 | V115: =CW115*I115 -> 0 | W115: =ROUND(CX115*I115,2) -> 0 | X115: =ROUND(CY115,2) -> 0 | Y115: =ROUND(CZ115,2) -> 0 | AA115: 31028412 | AB115: =ROUND((AC115+AD115+AF115),6) -> 1912.53 | AC115: =ROUND((ES115),6) -> 1912.53 | AD115: =ROUND((((ET115)-(EU115))+AE115),6) -> 0 | AE115: =ROUND((EU115),6) -> 0 | AF115: =ROUND((EV115),6) -> 0 | AG115: =ROUND((AP115),6) -> 0 | AH115: =(EW115) -> 0 | AI115: =(EX115) -> 0 | AJ115: =(AS115) -> 0 | AK115: 1912.53 | AL115: 1912.53 | AM115: 0 | AN115: 0 | AO115: 0 | AP115: 0 | AQ115: 0 | AR115: 0 | AS115: 0 | AT115: 0 | AU115: 0 | AV115: 1 | AW115: 1 | AZ115: 1 | BA115: 1 | BB115: 1 | BC115: 1 | BH115: 3 | BI115: 1 | BJ115: ССЦ Тверской обл. (редакции 2014), пр. № 337/пр, сб.404, поз.0007 | BM115: 500001 | BN115: 0 | BO115: Приложение №2 к письму Минстроя России от03.06.2021 №23038-ИФ/09 | BP115: 1 | BQ115: 8 | BR115: 0 | BS115: 1 | BT115: 1 | BU115: 1 | BV115: 1 | BW115: 1 | BX115: 1 | BZ115: 0 | CA115: 0 | CE115: 0 | CF115: 0 | CG115: 0 | CM115: 0 | CO115: 0 | CP115: =(P115+Q115+S115) -> 790.26 | CQ115: =AC115*BC115 -> 1912.53 | CR115: =AD115*BB115 -> 0 | CS115: =AE115 -> 0 | CT115: =AF115 -> 0 | CU115: =AG115 -> 0 | CV115: =AH115 -> 0 | CW115: =AI115 -> 0 | CX115: =AJ115 -> 0 | CY115: =(((S115+R115)*AT115)/100) -> 0 | CZ115: =(((S115+R115)*AU115)/100) -> 0 | DN115: 0 | DO115: 0 | DP115: 1 | DQ115: 1 | DU115: 1010 | DV115: 1000 шт. | DW115: 1000 шт. | DX115: 1000 | EE115: 30852824 | EF115: 8 | EG115: Материалы строительные | EH115: 0 | EJ115: 1 | EK115: 500001 | EL115: Материалы и конструкции ( строительные ) по ценникам и каталогом | EM115: ФССЦст | EQ115: 0 | ER115: 1912.53 | ES115: 1912.53 | ET115: 0 | EU115: 0 | EV115: 0 | EW115: 0 | EX115: 0 | EY115: 0 | FQ115: 0 | FR115: =ROUND(IF(AND(BH115=3,BI115=3),P115,0),2) -> 0 | FS115: 0 | FX115: 0 | FY115: 0 | GD115: 1 | GF115: -1674372488 | GG115: 2 | GH115: 1 | GI115: 4 | GJ115: 0 | GK115: 0 | GL115: =ROUND(IF(AND(BH115=3,BI115=3,FS115<>0),P115,0),2) -> 0 | GM115: =ROUND(O115+X115+Y115,2)+GX115 -> 790.26 | GN115: =IF(OR(BI115=0,BI115=1),ROUND(O115+X115+Y115,2),0) -> 790.26 | GO115: =IF(BI115=2,ROUND(O115+X115+Y115,2),0) -> 0 | GP115: =IF(BI115=4,ROUND(O115+X115+Y115,2)+GX115,0) -> 0 | GR115: 0 | GS115: 3 | GT115: 0 | GV115: =ROUND((GT115),6) -> 0 | GW115: 1 | GX115: =ROUND(HC115*I115,2) -> 0 | HA115: 0 | HB115: 0 | HC115: =GV115*GW115 -> 0 | HI115: =ROUND(R115*BS115,0) -> 0 | HJ115: =ROUND(S115*BA115,0) -> 0 | HK115: =ROUND((((HJ115+HI115)*AT115)/100),0) -> 0 | HL115: =ROUND((((HJ115+HI115)*AU115)/100),0) -> 0 | IK115: 0
A116: 17 | B116: 1 | C116: =ROW(SmtRes!A93) -> 93 | D116: =ROW(EtalonRes!A110) -> 110 | E116: 49 | F116: 15-02-001-1 | G116: Улучшенная штукатурка фасадов цементно-известковым раствором по камню стен / Докомпановка и домастиковка кирпичной кладки | H116: 100 м2 оштукатуриваемой поверхности | I116: =ROUND(2.7/100,7) -> 0.027 | J116: 0 | K116: =ROUND(2.7/100,7) -> 0.027 | O116: =ROUND(CP116,2) -> 54.97 | P116: =ROUND(CQ116*I116,2) -> 29.11 | Q116: =ROUND(CR116*I116,2) -> 2.35 | R116: =ROUND(CS116*I116,2) -> 0.93 | S116: =ROUND(CT116*I116,2) -> 23.51 | T116: =ROUND(CU116*I116,2) -> 0 | U116: =CV116*I116 -> 2.5309476 | V116: =CW116*I116 -> 0.10789875 | W116: =ROUND(CX116*I116,2) -> 0 | X116: =ROUND(CY116,2) -> 22 | Y116: =ROUND(CZ116,2) -> 10.18 | AA116: 31028412 | AB116: =ROUND((AC116+AD116+AF116),6) -> 2036.2486 | AC116: =ROUND((ES116),6) -> 1078.21 | AD116: =ROUND(((((ET116*ROUND((1.25*1.15),7)))-((EU116*ROUND((1.25*1.15),7))))+AE116),6) -> 87.19875 | AE116: =ROUND(((EU116*ROUND((1.25*1.15),7))),6) -> 34.370625 | AF116: =ROUND(((EV116*ROUND((1.15*1.15),7))),6) -> 870.8398 | AG116: =ROUND((AP116),6) -> 0 | AH116: =((EW116*ROUND((1.15*1.15),7))) -> 93.7388 | AI116: =((EX116*ROUND((1.25*1.15),7))) -> 3.99625 | AJ116: =(AS116) -> 0 | AK116: 1797.35 | AL116: 1078.21 | AM116: 60.66 | AN116: 23.91 | AO116: 658.48 | AP116: 0 | AQ116: 70.88 | AR116: 2.78 | AS116: 0 | AT116: 90 | AU116: 41.65 | AV116: 1 | AW116: 1 | AZ116: 1 | BA116: 24.22 | BB116: 1 | BC116: 1 | BH116: 0 | BI116: 1 | BJ116: ТЕР (ред.2014)Тверской обл.изм.2,пр. № 337/пр,сб.15,гл.02,табл.001,поз.1 | BM116: 15001 | BN116: 0 | BO116: Приложение №2 к письму Минстроя России от03.06.2021 №23038-ИФ/09; Приложение №2 к письму Минстроя России от03.06.2021 №23038-ИФ/09; Приложение №2 к письму Минстроя России от03.06.2021 №23038-ИФ/09.; Приложение №2 к письму Минстроя России от03.06.2021 №23038-ИФ/09.; | BP116: 1 | BQ116: 2 | BR116: 0 | BS116: 24.22 | BT116: 1 | BU116: 1 | BV116: 1 | BW116: 1 | BX116: 1 | BZ116: 100 | CA116: 49 | CE116: 0 | CF116: 0 | CG116: 0 | CM116: 0 | CO116: 0 | CP116: =(P116+Q116+S116) -> 54.97 | CQ116: =AC116*BC116 -> 1078.21 | CR116: =AD116*BB116 -> 87.19875 | CS116: =AE116 -> 34.370625 | CT116: =AF116 -> 870.8398 | CU116: =AG116 -> 0 | CV116: =AH116 -> 93.7388 | CW116: =AI116 -> 3.99625 | CX116: =AJ116 -> 0 | CY116: =(((S116+R116)*AT116)/100) -> 21.996 | CZ116: =(((S116+R116)*AU116)/100) -> 10.17926 | DE116: *1,25*1,15 | DF116: *1,25*1,15 | DG116: *1,15*1,15 | DI116: *1,15*1,15 | DJ116: *1,25*1,15 | DN116: 0 | DO116: 0 | DP116: 1 | DQ116: 1 | DU116: 1013 | DV116: 100 м2 оштукатуриваемой поверхности | DW116: 100 м2 оштукатуриваемой поверхности | DX116: 1 | EE116: 30852936 | EF116: 2 | EG116: Общестроительные работы | EH116: 0 | EJ116: 1 | EK116: 15001 | EL116: Отделочные работы | EM116: ФЕР-15 | EQ116: 0 | ER116: 1797.35 | ES116: 1078.21 | ET116: 60.66 | EU116: 23.91 | EV116: 658.48 | EW116: 70.88 | EX116: 2.78 | EY116: 0 | FQ116: 0 | FR116: =ROUND(IF(AND(BH116=3,BI116=3),P116,0),2) -> 0 | FS116: 0 | FT116: *0,9 | FU116: *0,85 | FX116: 90 | FY116: 41.65 | GD116: 1 | GF116: 1945612035 | GG116: 2 | GH116: 1 | GI116: 4 | GJ116: 0 | GK116: 0 | GL116: =ROUND(IF(AND(BH116=3,BI116=3,FS116<>0),P116,0),2) -> 0 | GM116: =ROUND(O116+X116+Y116,2)+GX116 -> 87.15 | GN116: =IF(OR(BI116=0,BI116=1),ROUND(O116+X116+Y116,2),0) -> 87.15 | GO116: =IF(BI116=2,ROUND(O116+X116+Y116,2),0) -> 0 | GP116: =IF(BI116=4,ROUND(O116+X116+Y116,2)+GX116,0) -> 0 | GR116: 0 | GS116: 3 | GT116: 0 | GV116: =ROUND((GT116),6) -> 0 | GW116: 1 | GX116: =ROUND(HC116*I116,2) -> 0 | HA116: 0 | HB116: 0 | HC116: =GV116*GW116 -> 0 | HI116: =ROUND(R116*BS116,0) -> 23 | HJ116: =ROUND(S116*BA116,0) -> 569 | HK116: =ROUND((((HJ116+HI116)*AT116)/100),0) -> 533 | HL116: =ROUND((((HJ116+HI116)*AU116)/100),0) -> 247 | IK116: 0
A117: 19 | B117: 1 | G117: Восстановление оконных проемов | AA117: 1 | IK117: 0
A118: 17 | B118: 1 | C118: =ROW(SmtRes!A97) -> 97 | D118: =ROW(EtalonRes!A116) -> 116 | E118: 50 | F118: 53-20-3 | G118: Кладка отдельных участков из кирпича наружных сложных стен | H118: 100 м3 кладки | I118: =ROUND(1.95/100,7) -> 0.0195 | J118: 0 | K118: =ROUND(1.95/100,7) -> 0.0195 | O118: =ROUND(CP118,2) -> 1719.66 | P118: =ROUND(CQ118*I118,2) -> 1499.17 | Q118: =ROUND(CR118*I118,2) -> 75.15 | R118: =ROUND(CS118*I118,2) -> 11.4 | S118: =ROUND(CT118*I118,2) -> 145.34 | T118: =ROUND(CU118*I118,2) -> 0 | U118: =CV118*I118 -> 15.83205 | V118: =CW118*I118 -> 0.874575 | W118: =ROUND(CX118*I118,2) -> 0 | X118: =ROUND(CY118,2) -> 144.2 | Y118: =ROUND(CZ118,2) -> 81.5 | AA118: 31028412 | AB118: =ROUND((AC118+AD118+AF118),6) -> 88187.693 | AC118: =ROUND((ES118),6) -> 76880.49 | AD118: =ROUND(((((ET118*ROUND(1.15,7)))-((EU118*ROUND(1.15,7))))+AE118),6) -> 3853.9605 | AE118: =ROUND(((EU118*ROUND(1.15,7))),6) -> 584.3955 | AF118: =ROUND(((EV118*ROUND(1.15,7))),6) -> 7453.242 | AG118: =ROUND((AP118),6) -> 0 | AH118: =((EW118*ROUND(1.15,7))) -> 811.9 | AI118: =((EX118*ROUND(1.15,7))) -> 44.85 | AJ118: =(AS118) -> 0 | AK118: 86712.84 | AL118: 76880.49 | AM118: 3351.27 | AN118: 508.17 | AO118: 6481.08 | AP118: 0 | AQ118: 706 | AR118: 39 | AS118: 0 | AT118: 92 | AU118: 52 | AV118: 1 | AW118: 1 | AZ118: 1 | BA118: 24.22 | BB118: 1 | BC118: 1 | BH118: 0 | BI118: 1 | BJ118: ТЕР (ред.2014)Тверской обл.изм.2,пр. № 337/пр,сб.53,гл.,табл.20,поз.3 | BM118: 53001 | BN118: 0 | BO118: Приложение №2 к письму Минстроя России от03.06.2021 №23038-ИФ/09; Приложение №2 к письму Минстроя России от03.06.2021 №23038-ИФ/09; Приложение №2 к письму Минстроя России от03.06.2021 №23038-ИФ/09.; Приложение №2 к письму Минстроя России от03.06.2021 №23038-ИФ/09.; | BP118: 1 | BQ118: 6 | BR118: 0 | BS118: 24.22 | BT118: 1 | BU118: 1 | BV118: 1 | BW118: 1 | BX118: 1 | BZ118: 92 | CA118: 52 | CE118: 0 | CF118: 0 | CG118: 0 | CM118: 0 | CO118: 0 | CP118: =(P118+Q118+S118) -> 1719.66 | CQ118: =AC118*BC118 -> 76880.49 | CR118: =AD118*BB118 -> 3853.9605 | CS118: =AE118 -> 584.3955 | CT118: =AF118 -> 7453.242 | CU118: =AG118 -> 0 | CV118: =AH118 -> 811.9 | CW118: =AI118 -> 44.85 | CX118: =AJ118 -> 0 | CY118: =(((S118+R118)*AT118)/100) -> 144.2008 | CZ118: =(((S118+R118)*AU118)/100) -> 81.5048 | DE118: *1,15 | DF118: *1,15 | DG118: *1,15 | DI118: *1,15 | DJ118: *1,15 | DN118: 0 | DO118: 0 | DP118: 1 | DQ118: 1 | DU118: 1013 | DV118: 100 м3 кладки | DW118: 100 м3 кладки | DX118: 1 | EE118: 30853005 | EF118: 6 | EG118: Ремонтно-строительные работы | EH118: 0 | EJ118: 1 | EK118: 53001 | EL118: Стены | EM118: рФЕР-53 | EQ118: 131072 | ER118: 86712.84 | ES118: 76880.49 | ET118: 3351.27 | EU118: 508.17 | EV118: 6481.08 | EW118: 706 | EX118: 39 | EY118: 0 | FQ118: 0 | FR118: =ROUND(IF(AND(BH118=3,BI118=3),P118,0),2) -> 0 | FS118: 0 | FX118: 92 | FY118: 52 | GD118: 1 | GF118: 75782376 | GG118: 2 | GH118: 1 | GI118: 4 | GJ118: 0 | GK118: 0 | GL118: =ROUND(IF(AND(BH118=3,BI118=3,FS118<>0),P118,0),2) -> 0 | GM118: =ROUND(O118+X118+Y118,2)+GX118 -> 1945.36 | GN118: =IF(OR(BI118=0,BI118=1),ROUND(O118+X118+Y118,2),0) -> 1945.36 | GO118: =IF(BI118=2,ROUND(O118+X118+Y118,2),0) -> 0 | GP118: =IF(BI118=4,ROUND(O118+X118+Y118,2)+GX118,0) -> 0 | GR118: 0 | GS118: 0 | GT118: 0 | GV118: =ROUND((GT118),6) -> 0 | GW118: 1 | GX118: =ROUND(HC118*I118,2) -> 0 | HA118: 0 | HB118: 0 | HC118: =GV118*GW118 -> 0 | HI118: =ROUND(R118*BS118,0) -> 276 | HJ118: =ROUND(S118*BA118,0) -> 3520 | HK118: =ROUND((((HJ118+HI118)*AT118)/100),0) -> 3492 | HL118: =ROUND((((HJ118+HI118)*AU118)/100),0) -> 1974 | IK118: 0
A119: 17 | B119: 1 | E119: 51 | F119: 404-0005 | G119: Кирпич керамический одинарный, размером 250х120х65 мм, марка 100 | H119: 1000 шт. | I119: =ROUND(I118*-40,7) -> -0.78 | J119: 0 | K119: =ROUND(I118*-40,7) -> -0.78 | O119: =ROUND(CP119,2) -> -1296.91 | P119: =ROUND(CQ119*I119,2) -> -1296.91 | Q119: =ROUND(CR119*I119,2) -> 0 | R119: =ROUND(CS119*I119,2) -> 0 | S119: =ROUND(CT119*I119,2) -> 0 | T119: =ROUND(CU119*I119,2) -> 0 | U119: =CV119*I119 -> 0 | V119: =CW119*I119 -> 0 | W119: =ROUND(CX119*I119,2) -> 0 | X119: =ROUND(CY119,2) -> 0 | Y119: =ROUND(CZ119,2) -> 0 | AA119: 31028412 | AB119: =ROUND((AC119+AD119+AF119),6) -> 1662.7 | AC119: =ROUND((ES119),6) -> 1662.7 | AD119: =ROUND((((ET119)-(EU119))+AE119),6) -> 0 | AE119: =ROUND((EU119),6) -> 0 | AF119: =ROUND((EV119),6) -> 0 | AG119: =ROUND((AP119),6) -> 0 | AH119: =(EW119) -> 0 | AI119: =(EX119) -> 0 | AJ119: =(AS119) -> 0 | AK119: 1662.7 | AL119: 1662.7 | AM119: 0 | AN119: 0 | AO119: 0 | AP119: 0 | AQ119: 0 | AR119: 0 | AS119: 0 | AT119: 0 | AU119: 0 | AV119: 1 | AW119: 1 | AZ119: 1 | BA119: 1 | BB119: 1 | BC119: 1 | BH119: 3 | BI119: 1 | BJ119: ССЦ Тверской обл. (редакции 2014), пр. № 337/пр, сб.404, поз.0005 | BM119: 500001 | BN119: 0 | BO119: Приложение №2 к письму Минстроя России от03.06.2021 №23038-ИФ/09 | BP119: 1 | BQ119: 8 | BR119: 1 | BS119: 1 | BT119: 1 | BU119: 1 | BV119: 1 | BW119: 1 | BX119: 1 | BZ119: 0 | CA119: 0 | CE119: 0 | CF119: 0 | CG119: 0 | CM119: 0 | CO119: 0 | CP119: =(P119+Q119+S119) -> -1296.91 | CQ119: =AC119*BC119 -> 1662.7 | CR119: =AD119*BB119 -> 0 | CS119: =AE119 -> 0 | CT119: =AF119 -> 0 | CU119: =AG119 -> 0 | CV119: =AH119 -> 0 | CW119: =AI119 -> 0 | CX119: =AJ119 -> 0 | CY119: =(((S119+R119)*AT119)/100) -> 0 | CZ119: =(((S119+R119)*AU119)/100) -> 0 | DN119: 0 | DO119: 0 | DP119: 1 | DQ119: 1 | DU119: 1010 | DV119: 1000 шт. | DW119: 1000 шт. | DX119: 1000 | EE119: 30852824 | EF119: 8 | EG119: Материалы строительные | EH119: 0 | EJ119: 1 | EK119: 500001 | EL119: Материалы и конструкции ( строительные ) по ценникам и каталогом | EM119: ФССЦст | EQ119: 32768 | ER119: 1662.7 | ES119: 1662.7 | ET119: 0 | EU119: 0 | EV119: 0 | EW119: 0 | EX119: 0 | EY119: 0 | FQ119: 0 | FR119: =ROUND(IF(AND(BH119=3,BI119=3),P119,0),2) -> 0 | FS119: 0 | FX119: 0 | FY119: 0 | GD119: 1 | GF119: -1891761004 | GG119: 2 | GH119: 1 | GI119: 4 | GJ119: 0 | GK119: 0 | GL119: =ROUND(IF(AND(BH119=3,BI119=3,FS119<>0),P119,0),2) -> 0 | GM119: =ROUND(O119+X119+Y119,2)+GX119 -> -1296.91 | GN119: =IF(OR(BI119=0,BI119=1),ROUND(O119+X119+Y119,2),0) -> -1296.91 | GO119: =IF(BI119=2,ROUND(O119+X119+Y119,2),0) -> 0 | GP119: =IF(BI119=4,ROUND(O119+X119+Y119,2)+GX119,0) -> 0 | GR119: 0 | GS119: 0 | GT119: 0 | GV119: =ROUND((GT119),6) -> 0 | GW119: 1 | GX119: =ROUND(HC119*I119,2) -> 0 | HA119: 0 | HB119: 0 | HC119: =GV119*GW119 -> 0 | HI119: =ROUND(R119*BS119,0) -> 0 | HJ119: =ROUND(S119*BA119,0) -> 0 | HK119: =ROUND((((HJ119+HI119)*AT119)/100),0) -> 0 | HL119: =ROUND((((HJ119+HI119)*AU119)/100),0) -> 0 | IK119: 0
A120: 17 | B120: 1 | E120: 52 | F120: 402-0013 | G120: Раствор готовый кладочный цементно-известковый марки 50 | H120: м3 | I120: =ROUND(I118*-24.2,7) -> -0.4719 | J120: 0 | K120: =ROUND(I118*-24.2,7) -> -0.4719 | O120: =ROUND(CP120,2) -> -202.05 | P120: =ROUND(CQ120*I120,2) -> -202.05 | Q120: =ROUND(CR120*I120,2) -> 0 | R120: =ROUND(CS120*I120,2) -> 0 | S120: =ROUND(CT120*I120,2) -> 0 | T120: =ROUND(CU120*I120,2) -> 0 | U120: =CV120*I120 -> 0 | V120: =CW120*I120 -> 0 | W120: =ROUND(CX120*I120,2) -> 0 | X120: =ROUND(CY120,2) -> 0 | Y120: =ROUND(CZ120,2) -> 0 | AA120: 31028412 | AB120: =ROUND((AC120+AD120+AF120),6) -> 428.17 | AC120: =ROUND((ES120),6) -> 428.17 | AD120: =ROUND((((ET120)-(EU120))+AE120),6) -> 0 | AE120: =ROUND((EU120),6) -> 0 | AF120: =ROUND((EV120),6) -> 0 | AG120: =ROUND((AP120),6) -> 0 | AH120: =(EW120) -> 0 | AI120: =(EX120) -> 0 | AJ120: =(AS120) -> 0 | AK120: 428.17 | AL120: 428.17 | AM120: 0 | AN120: 0 | AO120: 0 | AP120: 0 | AQ120: 0 | AR120: 0 | AS120: 0 | AT120: 0 | AU120: 0 | AV120: 1 | AW120: 1 | AZ120: 1 | BA120: 1 | BB120: 1 | BC120: 1 | BH120: 3 | BI120: 1 | BJ120: ССЦ Тверской обл. (редакции 2014), пр. № 337/пр, сб.402, поз.0013 | BM120: 500001 | BN120: 0 | BO120: Приложение №2 к письму Минстроя России от03.06.2021 №23038-ИФ/09 | BP120: 1 | BQ120: 8 | BR120: 1 | BS120: 1 | BT120: 1 | BU120: 1 | BV120: 1 | BW120: 1 | BX120: 1 | BZ120: 0 | CA120: 0 | CE120: 0 | CF120: 0 | CG120: 0 | CM120: 0 | CO120: 0 | CP120: =(P120+Q120+S120) -> -202.05 | CQ120: =AC120*BC120 -> 428.17 | CR120: =AD120*BB120 -> 0 | CS120: =AE120 -> 0 | CT120: =AF120 -> 0 | CU120: =AG120 -> 0 | CV120: =AH120 -> 0 | CW120: =AI120 -> 0 | CX120: =AJ120 -> 0 | CY120: =(((S120+R120)*AT120)/100) -> 0 | CZ120: =(((S120+R120)*AU120)/100) -> 0 | DN120: 0 | DO120: 0 | DP120: 1 | DQ120: 1 | DU120: 1007 | DV120: м3 | DW120: м3 | DX120: 1 | EE120: 30852824 | EF120: 8 | EG120: Материалы строительные | EH120: 0 | EJ120: 1 | EK120: 500001 | EL120: Материалы и конструкции ( строительные ) по ценникам и каталогом | EM120: ФССЦст | EQ120: 32768 | ER120: 428.17 | ES120: 428.17 | ET120: 0 | EU120: 0 | EV120: 0 | EW120: 0 | EX120: 0 | EY120: 0 | FQ120: 0 | FR120: =ROUND(IF(AND(BH120=3,BI120=3),P120,0),2) -> 0 | FS120: 0 | FX120: 0 | FY120: 0 | GD120: 1 | GF120: 2037766963 | GG120: 2 | GH120: 1 | GI120: 4 | GJ120: 0 | GK120: 0 | GL120: =ROUND(IF(AND(BH120=3,BI120=3,FS120<>0),P120,0),2) -> 0 | GM120: =ROUND(O120+X120+Y120,2)+GX120 -> -202.05 | GN120: =IF(OR(BI120=0,BI120=1),ROUND(O120+X120+Y120,2),0) -> -202.05 | GO120: =IF(BI120=2,ROUND(O120+X120+Y120,2),0) -> 0 | GP120: =IF(BI120=4,ROUND(O120+X120+Y120,2)+GX120,0) -> 0 | GR120: 0 | GS120: 0 | GT120: 0 | GV120: =ROUND((GT120),6) -> 0 | GW120: 1 | GX120: =ROUND(HC120*I120,2) -> 0 | HA120: 0 | HB120: 0 | HC120: =GV120*GW120 -> 0 | HI120: =ROUND(R120*BS120,0) -> 0 | HJ120: =ROUND(S120*BA120,0) -> 0 | HK120: =ROUND((((HJ120+HI120)*AT120)/100),0) -> 0 | HL120: =ROUND((((HJ120+HI120)*AU120)/100),0) -> 0 | IK120: 0
A121: 17 | B121: 1 | E121: 53 | F121: 402-0015 | G121: Раствор готовый кладочный цементно-известковый марки 100 | H121: м3 | I121: 0.4719 | J121: 0 | K121: 0.4719 | O121: =ROUND(CP121,2) -> 228.29 | P121: =ROUND(CQ121*I121,2) -> 228.29 | Q121: =ROUND(CR121*I121,2) -> 0 | R121: =ROUND(CS121*I121,2) -> 0 | S121: =ROUND(CT121*I121,2) -> 0 | T121: =ROUND(CU121*I121,2) -> 0 | U121: =CV121*I121 -> 0 | V121: =CW121*I121 -> 0 | W121: =ROUND(CX121*I121,2) -> 0 | X121: =ROUND(CY121,2) -> 0 | Y121: =ROUND(CZ121,2) -> 0 | AA121: 31028412 | AB121: =ROUND((AC121+AD121+AF121),6) -> 483.76 | AC121: =ROUND((ES121),6) -> 483.76 | AD121: =ROUND((((ET121)-(EU121))+AE121),6) -> 0 | AE121: =ROUND((EU121),6) -> 0 | AF121: =ROUND((EV121),6) -> 0 | AG121: =ROUND((AP121),6) -> 0 | AH121: =(EW121) -> 0 | AI121: =(EX121) -> 0 | AJ121: =(AS121) -> 0 | AK121: 483.76 | AL121: 483.76 | AM121: 0 | AN121: 0 | AO121: 0 | AP121: 0 | AQ121: 0 | AR121: 0 | AS121: 0 | AT121: 0 | AU121: 0 | AV121: 1 | AW121: 1 | AZ121: 1 | BA121: 1 | BB121: 1 | BC121: 1 | BH121: 3 | BI121: 1 | BJ121: ССЦ Тверской обл. (редакции 2014), пр. № 337/пр, сб.402, поз.0015 | BM121: 500001 | BN121: 0 | BO121: Приложение №2 к письму Минстроя России от03.06.2021 №23038-ИФ/09 | BP121: 1 | BQ121: 8 | BR121: 0 | BS121: 1 | BT121: 1 | BU121: 1 | BV121: 1 | BW121: 1 | BX121: 1 | BZ121: 0 | CA121: 0 | CE121: 0 | CF121: 0 | CG121: 0 | CM121: 0 | CO121: 0 | CP121: =(P121+Q121+S121) -> 228.29 | CQ121: =AC121*BC121 -> 483.76 | CR121: =AD121*BB121 -> 0 | CS121: =AE121 -> 0 | CT121: =AF121 -> 0 | CU121: =AG121 -> 0 | CV121: =AH121 -> 0 | CW121: =AI121 -> 0 | CX121: =AJ121 -> 0 | CY121: =(((S121+R121)*AT121)/100) -> 0 | CZ121: =(((S121+R121)*AU121)/100) -> 0 | DN121: 0 | DO121: 0 | DP121: 1 | DQ121: 1 | DU121: 1007 | DV121: м3 | DW121: м3 | DX121: 1 | EE121: 30852824 | EF121: 8 | EG121: Материалы строительные | EH121: 0 | EJ121: 1 | EK121: 500001 | EL121: Материалы и конструкции ( строительные ) по ценникам и каталогом | EM121: ФССЦст | EQ121: 131072 | ER121: 483.76 | ES121: 483.76 | ET121: 0 | EU121: 0 | EV121: 0 | EW121: 0 | EX121: 0 | EY121: 0 | FQ121: 0 | FR121: =ROUND(IF(AND(BH121=3,BI121=3),P121,0),2) -> 0 | FS121: 0 | FX121: 0 | FY121: 0 | GD121: 1 | GF121: -216866240 | GG121: 2 | GH121: 1 | GI121: 4 | GJ121: 0 | GK121: 0 | GL121: =ROUND(IF(AND(BH121=3,BI121=3,FS121<>0),P121,0),2) -> 0 | GM121: =ROUND(O121+X121+Y121,2)+GX121 -> 228.29 | GN121: =IF(OR(BI121=0,BI121=1),ROUND(O121+X121+Y121,2),0) -> 228.29 | GO121: =IF(BI121=2,ROUND(O121+X121+Y121,2),0) -> 0 | GP121: =IF(BI121=4,ROUND(O121+X121+Y121,2)+GX121,0) -> 0 | GR121: 0 | GS121: 0 | GT121: 0 | GV121: =ROUND((GT121),6) -> 0 | GW121: 1 | GX121: =ROUND(HC121*I121,2) -> 0 | HA121: 0 | HB121: 0 | HC121: =GV121*GW121 -> 0 | HI121: =ROUND(R121*BS121,0) -> 0 | HJ121: =ROUND(S121*BA121,0) -> 0 | HK121: =ROUND((((HJ121+HI121)*AT121)/100),0) -> 0 | HL121: =ROUND((((HJ121+HI121)*AU121)/100),0) -> 0 | IK121: 0
A122: 17 | B122: 1 | E122: 54 | F122: 404-0007 | G122: Кирпич керамический одинарный, размером 250х120х65 мм, марка 150 | H122: 1000 шт. | I122: =ROUND((780)/1000,7) -> 0.78 | J122: 0 | K122: =ROUND((780)/1000,7) -> 0.78 | O122: =ROUND(CP122,2) -> 1491.77 | P122: =ROUND(CQ122*I122,2) -> 1491.77 | Q122: =ROUND(CR122*I122,2) -> 0 | R122: =ROUND(CS122*I122,2) -> 0 | S122: =ROUND(CT122*I122,2) -> 0 | T122: =ROUND(CU122*I122,2) -> 0 | U122: =CV122*I122 -> 0 | V122: =CW122*I122 -> 0 | W122: =ROUND(CX122*I122,2) -> 0 | X122: =ROUND(CY122,2) -> 0 | Y122: =ROUND(CZ122,2) -> 0 | AA122: 31028412 | AB122: =ROUND((AC122+AD122+AF122),6) -> 1912.53 | AC122: =ROUND((ES122),6) -> 1912.53 | AD122: =ROUND((((ET122)-(EU122))+AE122),6) -> 0 | AE122: =ROUND((EU122),6) -> 0 | AF122: =ROUND((EV122),6) -> 0 | AG122: =ROUND((AP122),6) -> 0 | AH122: =(EW122) -> 0 | AI122: =(EX122) -> 0 | AJ122: =(AS122) -> 0 | AK122: 1912.53 | AL122: 1912.53 | AM122: 0 | AN122: 0 | AO122: 0 | AP122: 0 | AQ122: 0 | AR122: 0 | AS122: 0 | AT122: 0 | AU122: 0 | AV122: 1 | AW122: 1 | AZ122: 1 | BA122: 1 | BB122: 1 | BC122: 1 | BH122: 3 | BI122: 1 | BJ122: ССЦ Тверской обл. (редакции 2014), пр. № 337/пр, сб.404, поз.0007 | BM122: 500001 | BN122: 0 | BO122: Приложение №2 к письму Минстроя России от03.06.2021 №23038-ИФ/09 | BP122: 1 | BQ122: 8 | BR122: 0 | BS122: 1 | BT122: 1 | BU122: 1 | BV122: 1 | BW122: 1 | BX122: 1 | BZ122: 0 | CA122: 0 | CE122: 0 | CF122: 0 | CG122: 0 | CM122: 0 | CO122: 0 | CP122: =(P122+Q122+S122) -> 1491.77 | CQ122: =AC122*BC122 -> 1912.53 | CR122: =AD122*BB122 -> 0 | CS122: =AE122 -> 0 | CT122: =AF122 -> 0 | CU122: =AG122 -> 0 | CV122: =AH122 -> 0 | CW122: =AI122 -> 0 | CX122: =AJ122 -> 0 | CY122: =(((S122+R122)*AT122)/100) -> 0 | CZ122: =(((S122+R122)*AU122)/100) -> 0 | DN122: 0 | DO122: 0 | DP122: 1 | DQ122: 1 | DU122: 1010 | DV122: 1000 шт. | DW122: 1000 шт. | DX122: 1000 | EE122: 30852824 | EF122: 8 | EG122: Материалы строительные | EH122: 0 | EJ122: 1 | EK122: 500001 | EL122: Материалы и конструкции ( строительные ) по ценникам и каталогом | EM122: ФССЦст | EQ122: 0 | ER122: 1912.53 | ES122: 1912.53 | ET122: 0 | EU122: 0 | EV122: 0 | EW122: 0 | EX122: 0 | EY122: 0 | FQ122: 0 | FR122: =ROUND(IF(AND(BH122=3,BI122=3),P122,0),2) -> 0 | FS122: 0 | FX122: 0 | FY122: 0 | GD122: 1 | GF122: -1674372488 | GG122: 2 | GH122: 1 | GI122: 4 | GJ122: 0 | GK122: 0 | GL122: =ROUND(IF(AND(BH122=3,BI122=3,FS122<>0),P122,0),2) -> 0 | GM122: =ROUND(O122+X122+Y122,2)+GX122 -> 1491.77 | GN122: =IF(OR(BI122=0,BI122=1),ROUND(O122+X122+Y122,2),0) -> 1491.77 | GO122: =IF(BI122=2,ROUND(O122+X122+Y122,2),0) -> 0 | GP122: =IF(BI122=4,ROUND(O122+X122+Y122,2)+GX122,0) -> 0 | GR122: 0 | GS122: 3 | GT122: 0 | GV122: =ROUND((GT122),6) -> 0 | GW122: 1 | GX122: =ROUND(HC122*I122,2) -> 0 | HA122: 0 | HB122: 0 | HC122: =GV122*GW122 -> 0 | HI122: =ROUND(R122*BS122,0) -> 0 | HJ122: =ROUND(S122*BA122,0) -> 0 | HK122: =ROUND((((HJ122+HI122)*AT122)/100),0) -> 0 | HL122: =ROUND((((HJ122+HI122)*AU122)/100),0) -> 0 | IK122: 0
